Workbook
Name Reglon_renta: [1]Lists!$AQ$3:$AQ$58
Name renglon_renta1: [2]Lists!$AQ$3:$AQ$58

Sheet BP
A1: 1 | B1: A C T I V O | C1: 8.1519093e+09 | D1: 5.8207812e+09 | E1: 5.881238e+09 | F1: 8.0914525e+09
A2: 11 | B2: ACTIVO DISPONIBLE | C2: 261599303 | D2: 9.8670434e+08 | E2: 8.1868039e+08 | F2: 4.2962325e+08
A3: 1105 | B3: CAJA | C3: 942660 | D3: 0 | E3: 0 | F3: 942660
A4: 110505 | B4: CAJA GENERAL | C4: 70200 | D4: 0 | E4: 0 | F4: 70200
A5: 110510 | B5: CAJA MENOR-CAMINOS | C5: 872460 | D5: 0 | E5: 0 | F5: 872460
A6: 1110 | B6: BANCOS | C6: 250458650 | D6: 983415000 | E6: 8.1587851e+08 | F6: 4.1799514e+08
A7: 111005 | B7: BANCOS MONEDA NACIONAL | C7: 250458650 | D7: 983415000 | E7: 8.1587851e+08 | F7: 4.1799514e+08
A8: 1120 | B8: CUENTAS DE AHORRO | C8: 10197993 | D8: 3289338 | E8: 2801878.9 | F8: 10685452
A9: 112010 | B9: CORPORAC.DE AHORRO Y VIVIE | C9: 10197993 | D9: 3289338 | E9: 2801878.9 | F9: 10685452
A10: 12 | B10: INVERSIONES | C10: 390118676 | D10: 175000000 | E10: 0 | F10: 565118676
A11: 1205 | B11: CONSTRUCCION | C11: 90118676 | D11: 0 | E11: 0 | F11: 90118676
A12: 120555 | B12: PROYECTOS CONSTRUCCION | C12: 90118676 | D12: 0 | E12: 0 | F12: 90118676
A13: 1210 | B13: INVERSIONES EN ASOCIADAS | C13: 300000000 | D13: 125000000 | F13: 425000000
A14: 13 | B14: DEUDORES | C14: 3.4908256e+09 | D14: 593526148 | E14: 507522966 | F14: 3.5768288e+09
A15: 1305 | B15: CLIENTES | C15: 3.6629415e+08 | D15: 0 | E15: 72439489 | F15: 2.9385466e+08
A16: 130505 | B16: CLIENTES NACIONALES | C16: 3.6629415e+08 | D16: 0 | E16: 72439489 | F16: 2.9385466e+08
A17: 1330 | B17: ANTICIPOS Y AVANCES | C17: 8.1710351e+08 | D17: 583667089 | E17: 435083477 | F17: 9.6568712e+08
A18: 133005 | B18: ANTIC.Y AVANCES A PROVEEDO | C18: 543774055 | D18: 475718335 | E18: 247621368 | F18: 771871022
A19: 133010 | B19: ANTIC.Y AVANCES A CONTRATI | C19: 37831198 | D19: 74448428 | E19: 78282973 | F19: 33996653
A20: 133095 | B20: OTROS ANTICIPOS | C20: 2.3549826e+08 | D20: 33500326 | E20: 109179136 | F20: 1.5981945e+08
A21: 1340 | B21: PROMESAS DE COMPRA VENTA | C21: 330000000 | D21: 0 | E21: 0 | F21: 330000000
A22: 1355 | B22: ANTIC.DE IMPTOS.Y CONT.SAL | C22: 1.7202914e+08 | D22: 3051243 | E22: 0 | F22: 1.7508039e+08
A23: 135505 | B23: ANTIC.IMPTO.RENTA Y COMPLE | C23: 36830000 | D23: 0 | E23: 0 | F23: 36830000
A24: 135518 | B24: ICA RETENIDO | C24: 3960564 | D24: 0 | E24: 0 | F24: 3960564
A25: 135535 | B25: DEVOL IVA MATERAL INT SOCI | C25: 1.3123858e+08 | D25: 3051243 | E25: 0 | F25: 1.3428982e+08
... A187: 539595 | B187: OTROS | C187: 2671 | D187: 367.13 | E187: 21 | F187: 3017.13

Sheet Balance de prueba
A1: Cuenta | B1: Concepto | C1: Saldo anterior | D1: Debito | E1: Crédito | F1: Saldo final
F2: 0

Sheet 210
B5: No. Identificación | E5: Primer nombre | I5: Segundo nombre
B7: Clave de ingreso | I7: Clave de firma
B8: Patrimonio | C8: Patrimonio bruto | E8: 28 | F8: 0 | G8: Renta presuntiva | J8: 68 | K8: 0
C9: Deudas | E9: 29 | F9: 0 | G9: Cedula de pensiones | H9: Ingresos brutos por rentas de pensiones del país y del exterior | J9: 69 | K9: 0
C10: Total Patrimonio líquido (28 - 29) | E10: 30 | F10: =F8-F9 -> 0 | H10: Ingresos no constitutivos de renta | J10: 70 | K10: 0
B11: Cédula general | C11: Rentas de trabajo | D11: Ingresos brutos por rentas de trabajo (art. 103 del ET) | E11: 31 | F11: 0 | H11: Renta líquida (69 - 70) | J11: 71 | K11: =K9-K10 -> 0
D12: Ingresos no constitutivos de renta | E12: 32 | F12: 0 | H12: Rentas exentas de pensiones | J12: 72 | K12: 0
D13: costos y gastos procedentes (trabajadores independientes) | E13: 33 | F13: 0 | H13: Renta líquida cedular de pensiones (71 - 72) | J13: 73 | K13: =K11-K12 -> 0
D14: Renta líquida (31 - 32 - 33) | E14: 34 | F14: =F11-F12-F13 -> 0 | G14: Cédula de dividendos y participaciones | H14: Dividendos y participaciones 2016 y anteriores y otros | J14: 74 | K14: 0
D15: Rentas exentas y deducciones imputables a las rentas de trabajo | E15: 35 | F15: 0 | H15: Ingresos no constitutivos de renta | J15: 75 | K15: 0
D16: Rentas exentas y deducciones imputables (limitadas) | E16: 36 | F16: 0 | H16: Renta líquida ordinaria año 2016 y anteriores (74 - 75) | J16: 76 | K16: =K14-K15 -> 0
D17: Renta líquida de trabajo (34 - 36) | E17: 37 | F17: =F14-F16 -> 0 | H17: 1a. Subcédula año 2017 y siguientes numeral 3 art. 49 del E.T. | J17: 77 | K17: 0
C18: Rentas de capital | D18: Ingresos brutos por rentas de capital | E18: 38 | F18: 0 | H18: 2a. Subcédula año 2017 y siguientes parágrafo 2 art. 49 del E.T. | J18: 78 | K18: 0
D19: Ingresos no constitutivos de renta | E19: 39 | F19: 0 | H19: Renta líquida pasiva dividendos - ECE y/o recibidos del exterior | J19: 79 | K19: 0
D20: costos y gastos procedentes | E20: 40 | F20: 0 | H20: Rentas exentas de la casilla 79 | J20: 80 | K20: 0
D21: Renta líquida (38 - 39 - 40) | E21: 41 | F21: =IF(F18-F19-F20>0,F18-F19-F20,0) -> 0 | G21: Ganancias ocasionales | H21: Ingresos por ganancias ocasionales del país y del exterior | J21: 81 | K21: 0
D22: Rentas líquidas pasivas de capital-ECE | E22: 42 | F22: 0 | H22: Costos por ganancias ocasionales | J22: 82 | K22: 0
D23: Rentas exentas y deducciones imputables a las rentas de capital | E23: 43 | F23: 0 | H23: Ganancias ocasionales no gravadas y exentas | J23: 83 | K23: 0
D24: Rentas exentas y deducciones imputables (limitadas) | E24: 44 | F24: 0 | H24: Ganancias ocasionales gravables (81 - 82 - 83) | J24: 84 | K24: =IF(K21-K22-K23>0,K21-K22-K23,0) -> 0
D25: Renta líquida ordinaria del ejercicio (38 + 42 - 39 - 40 - 44) | E25: 45 | F25: =IF(F18+F22-F19-F20-F24>0,F18+F22-F19-F20-F24,0) -> 0 | G25: Liquidación privada | H25: Impuesto sobre las rentas liquidas gravables | I25: General y de pensiones (base casillas 67 + 73) | J25: 85 | K25: 0
D26: Pérdida líquida del ejercicio (39 + 40 - 38 - 42) | E26: 46 | F26: =IF(F19+F20-F18-F22>0,F19+F20-F18-F22,0) -> 0 | I26: o Renta presuntiva y de pensiones (base casillas 68 + 73) | J26: 86 | K26: 0
D27: Compensación de pérdidas rentas de capital | E27: 47 | F27: 0 | I27: Por dividendos y participaciones año 2016 (base casilla 76) | J27: 87 | K27: 0
D28: Renta líquida de capital (45 - 47) | E28: 48 | F28: =IF(F25>0,F25-F27,0) -> 0 | I28: Por dividendos y participaciones año 2017 y siguientes, 1a. Subcédula (base casilla 77) | J28: 88 | K28: 0
C29: Rentas no laborales | D29: Ingresos brutos rentas no laborales | E29: 49 | F29: 0 | I29: Por dividendos y participaciones año 2017 y siguientes, 2a. Subcédula y otros (base casilla 78 + 79 + 80) | J29: 89 | K29: 0
D30: Devoluciones, rebajas y descuentos | E30: 50 | F30: 0 | I30: Total impuesto sobre las rentas líquidas gravables (sume 85 a 89) | J30: 90 | K30: =SUM(K25:K29) -> 0
D31: Ingresos no constitutivos de renta | E31: 51 | F31: 0 | H31: Descuentos | I31: Impuestos pagados en el exterior | J31: 91 | K31: 0
D32: costos y gastos procedentes | E32: 52 | F32: 0 | I32: Donaciones | J32: 92 | K32: 0
D33: Renta líquida (49 - 50 - 51 - 52) | E33: 53 | F33: =IF(F29-F30-F31-F32>0,F29-F30-F31-F32,0) -> 0 | I33: Otros | J33: 93 | K33: 0
D34: Rentas líquidas pasivas no laboral - ECE | E34: 54 | F34: 0 | I34: Total descuentos tributarios (sume 91 a 93) | J34: 94 | K34: =SUM(K31:K33) -> 0
D35: Rentas exentas y deducciones imputables a las rentas no laboral | E35: 55 | F35: 0 | H35: Impuesto neto de renta (90 - 94) | J35: 95 | K35: =K30-K34 -> 0
D36: Rentas exentas y deducciones imputables (limitadas) | E36: 56 | F36: 0 | H36: Impuesto de ganancias ocasionales | J36: 96 | K36: 0
D37: Renta líquida ordinaria del ejercicio (49 - 50 - 51 - 52 - 56) | E37: 57 | F37: =IF(F29-F30-F31-F32-F36>0,F29-F30-F31-F32-F36,0) -> 0 | H37: Descuento por impuestos pagados en el exterior por ganancias ocasionales | J37: 97 | K37: 0
D38: Pérdida líquida del ejercicio (50 + 51 + 52 - 49 - 54) | E38: 58 | F38: =IF(F30+F31+F32-F29-F34>0,F30+F31+F32-F29-F34,0) -> 0 | H38: Total impuesto a cargo (95 + 96 - 97) | J38: 98 | K38: =K35+K36-K37 -> 0
D39: Compensación por pérdidas rentas no laborales | E39: 59 | F39: 0 | H39: Anticipo renta liquidado año gravable anterior | J39: 99 | K39: 0
D40: Renta líquida no laboral (57-59) | E40: 60 | F40: =IF(F37>0,F37-F39,0) -> 0 | H40: Saldo a favor del año gravable anterior sin solicitud de devolución y/o compensación | J40: 100 | K40: 0
C41: Renta líquida cedular | E41: 61 | F41: =IF(F20+F32<F18+F29,F14+F21+F22+F33+F34-F27-F39,IF(F26+F38>1,F14+F28+F33,IF(F26>1,F14+F28+F29+F34-F31-F30-F32-F39,IF(F38>1,F14+F18+F22+F40-F19-F20-F27,IF(F13+F20+F32>F11+F18+F29,F14+F18+F21+F29+F34-F19-F20-F27-F30-F31-F32-F39,0))))) -> 0 | H41: Retenciones año gravable a declarar | J41: 101 | K41: 0
C42: Rentas exentas y deduciones imputables limitadas (36 + 44 + 56) | E42: 62 | F42: =F16+F24+F36 -> 0 | H42: Anticipo renta para el año gravable siguiente | J42: 102 | K42: 0
C43: Renta líquida ordinaria cédula general | E43: 63 | F43: =F41-F42 -> 0 | H43: Saldo a pagar por impuesto (98 + 102 - 99 - 100 - 101) | J43: 103 | K43: =IF(K38+K42-K39-K40-K41>0,K38+K42-K39-K40-K41,0) -> 0
C44: Compensación por pérdidas año gravable 2016 y anteriores | E44: 64 | F44: =F27+F39 -> 0 | H44: Sanciones | J44: 104
C45: Compensación por exceso de renta presuntiva | E45: 65 | F45: 0 | H45: Saldo a pagar (98 + 102 + 104 - 99 - 100 - 101) | J45: 105 | K45: =IF(K38+K42+K44-K39-K40-K41>0,K38+K42+K44-K39-K40-K41,0) -> 0
C46: Rentas gravables | E46: 66 | F46: 0 | H46: Saldo a favor (99 + 100 + 101 - 98 - 102 - 104) | J46: 106 | K46: =IF(K39+K40+K41-K38-K42-K44>0,K39+K40+K41-K38-K42-K44,0) -> 0
C47: Renta líquida gravable cédula general (63 + 66 - 64 - 65) | E47: 67 | F47: =IF(F43+F46-F44-F45>0,F43+F46-F44-F45,0) -> 0
O50: Concepto | P50: Reng | Q50: Valor
O51: Ingresos brutos por rentas de trabajo | P51: 31 | Q51: =F11 -> 0
O52: Ingresos brutos por rentas de capital | P52: 38 | Q52: =F18 -> 0
O53: Ingresos brutos por rentas no laborales | P53: 49 | Q53: =F29 -> 0
O54: Total ingresos brutos | Q54: =SUM(Q51:Q53) -> 0
O55: (-) I.N.C.R.N.G.O. | P55: 32 | Q55: =F12 -> 0
O56: (-) I.N.C.R.N.G.O. | P56: 39 | Q56: =F19 -> 0
O57: (-) I.N.C.R.N.G.O. | P57: 51 | Q57: =F31 -> 0
O58: (-) Devoluciones, rebajas, descuentos | P58: 50 | Q58: =F30 -> 0
O59: (-) Rentas exentas no limitadas | Q59: =[3]Sheet1!I26+'[3]R.trabajo'!G59+'[3]R.trabajo'!G60+'[3]R.trabajo'!G61 -> 10800000
O60: (=) Base límite del 40% | Q60: =Q54-Q55-Q56-Q57-Q58-Q59 -> -10800000
O61: (A) Monto de las rentas exenta y deducciones limitadas - 40% | Q61: =Q60*0.4 -> -4320000
O62: (B) Maximo 5.040 UVT | Q62: =ROUND('[3]R.trabajo'!H70*5040,-3) -> 172721000
O63: (menor entre A y B) Rentas exentas y deducciones limitadas | Q63: =MIN(Q62,Q61) -> -4320000
O64: (+) Renta exentas no limitadas | Q64: =Q59 -> 10800000
O65: (=) Rentas exentas y deducciones limitadas definitivas | Q65: =SUM(Q63:Q64) -> 6480000
O66: Rentas exentas y deducciones - Rentas de trabajo | P66: 35 | Q66: =F15 -> 0
O67: Rentas exentas y deducciones - Rentas de trabajo (limitadas) | P67: 36 | Q67: =MIN(Q66,Q65) -> 0
O68: Rentas exentas por distribuir | Q68: =Q65-Q67 -> 6480000
O69: Rentas exentas y deducciones - Rentas de capital | P69: 43 | Q69: =F23 -> 0
O70: Rentas exentas y deducciones - Rentas de capital (limitadas) | P70: 44 | Q70: =ROUND(IF(Q68>Q69,Q69,Q68),-3) -> 0
O71: Rentas exentas por distribuir | Q71: =Q68-Q70 -> 6480000
O72: Rentas exentas y deducciones - Rentas no laborales | P72: 55 | Q72: =F35 -> 0
O73: Rentas exentas y deducciones - Rentas no laborales (limitadas) | P73: 56 | Q73: =ROUND(IF(Q71>Q72,Q72,Q71),-3) -> 0

Sheet H1 (Caratula)
J2: MODELO REPORTE DE CONCILIACION FISCAL ANEXO FORMULARIO 210 | AD2: Privada | AM2: 2517
B5: 1. Año | E5: | | |
B6: Modelo de referencia para la captura de datos, el cual no incluye generación de la declaración de renta y complementario ni su liquidación.
B12: Datos del declarante | D12: 5. Número de Identificación Tributaria (NIT) | T12: 6.DV. | W12: 7. Primer apellido | Z12: 8. Segundo apellido | AF12: 9. Primer nombre | AO12: 10. Otros nombres
D14: 24. No. Declaración de renta asociada: | W14: Si es una corrección Indique: 26. Cód. 27. No. Formulario anterior | AQ14: 12. Cód. Dirección seccional
B15: Datos informativos (SI / NO)
B16: 30. Sucesión ilíquida
B17: 31. Programa de reorganización empresarial durante el año gravable
B18: 32. Costo de los inventarios establecidos por el sistema de juego de inventarios
B19: 33. Costo de los inventarios establecido simultáneamente por el juego de inventarios y por el sistema de inventario permanente
B20: 34. Moneda funcional diferente al peso colombiano
B22: 89. No. Identificación Signatario | W22: 90. DV
B23: 981. Cód. Representación | V23: 997. Fecha efectiva de la transacción | AD23: 996. Espacio para el numero interno de la DIAN
B24: Firma del Declarante o de quien lo representa
B27: 982. Código contador o Revisor Fiscal
B28: Firma Contador o Revisor Fiscal 994. Con salvedades
B31: 983, No. Tarjeta profesional
C68: }

Sheet H2 (ESF - Patrimonio)
L1: Estado de Situación Financiera - Patrimonio
A8: Diligencie su cuenta contable | G8: NUM | H8: CONCEPTO | M8: VALOR CONTABLE | N8: EFECTO DE CONVERSION (Por Moneda Funcional Diferente al Peso Colombiano) | O8: MENOR VALOR FISCAL (por reconocimiento, exenciones, etc.) | P8: MAYOR VALOR FISCAL (por reconocimiento, exenciones, etc.) | Q8: VALOR FISCAL
G10: 1 | H10: ACTIVOS
G11: =G10+1 -> 2 | I11: Efectivo y equivalentes al efectivo | M11: =SUM(M12:M16) -> 0 | N11: =SUM(N12:N16) -> 0 | O11: =SUM(O12:O16) -> 0 | P11: =SUM(P12:P16) -> 0 | Q11: =SUM(Q12:Q16) -> 0
G12: =G11+1 -> 3 | J12: Efectivo | M12: =IFERROR(VLOOKUP(E12,'Balance de prueba'!$A$2:$F$500,6,0),0)+IFERROR(VLOOKUP(D12,'Balance de prueba'!$A$2:$F$500,6,0),0)+IFERROR(VLOOKUP(C12,'Balance de prueba'!$A$2:$F$500,6,0),0)+IFERROR(VLOOKUP(B12,'Balance de prueba'!$A$2:$F$500,6,0),0)+IFERROR(VLOOKUP(A12,'Balance de prueba'!$A$2:$F$500,6,0),0)+IFERROR(VLOOKUP(F12,'Balance de prueba'!$A$2:$F$500,6,0),0) -> 0 | Q12: =M12+N12-O12+P12 -> 0
G13: =G12+1 -> 4 | J13: Equivalentes al efectivo | L13: Aportes voluntarios fondos de pensión e invalidez | M13: =IFERROR(VLOOKUP(E13,'Balance de prueba'!$A$2:$F$500,6,0),0)+IFERROR(VLOOKUP(D13,'Balance de prueba'!$A$2:$F$500,6,0),0)+IFERROR(VLOOKUP(C13,'Balance de prueba'!$A$2:$F$500,6,0),0)+IFERROR(VLOOKUP(B13,'Balance de prueba'!$A$2:$F$500,6,0),0)+IFERROR(VLOOKUP(A13,'Balance de prueba'!$A$2:$F$500,6,0),0)+IFERROR(VLOOKUP(F13,'Balance de prueba'!$A$2:$F$500,6,0),0) -> 0 | Q13: =M13+N13-O13+P13 -> 0
G14: =G13+1 -> 5 | L14: Cuentas AFC | M14: =IFERROR(VLOOKUP(E14,'Balance de prueba'!$A$2:$F$500,6,0),0)+IFERROR(VLOOKUP(D14,'Balance de prueba'!$A$2:$F$500,6,0),0)+IFERROR(VLOOKUP(C14,'Balance de prueba'!$A$2:$F$500,6,0),0)+IFERROR(VLOOKUP(B14,'Balance de prueba'!$A$2:$F$500,6,0),0)+IFERROR(VLOOKUP(A14,'Balance de prueba'!$A$2:$F$500,6,0),0)+IFERROR(VLOOKUP(F14,'Balance de prueba'!$A$2:$F$500,6,0),0) -> 0 | Q14: =M14+N14-O14+P14 -> 0
G15: =G14+1 -> 6 | L15: Cesantías a cargo del fondo de cesantías | M15: =IFERROR(VLOOKUP(E15,'Balance de prueba'!$A$2:$F$500,6,0),0)+IFERROR(VLOOKUP(D15,'Balance de prueba'!$A$2:$F$500,6,0),0)+IFERROR(VLOOKUP(C15,'Balance de prueba'!$A$2:$F$500,6,0),0)+IFERROR(VLOOKUP(B15,'Balance de prueba'!$A$2:$F$500,6,0),0)+IFERROR(VLOOKUP(A15,'Balance de prueba'!$A$2:$F$500,6,0),0)+IFERROR(VLOOKUP(F15,'Balance de prueba'!$A$2:$F$500,6,0),0) -> 0 | Q15: =M15+N15-O15+P15 -> 0
G16: =G15+1 -> 7 | L16: Otros equivalentes a efectivo | M16: =IFERROR(VLOOKUP(E16,'Balance de prueba'!$A$2:$F$500,6,0),0)+IFERROR(VLOOKUP(D16,'Balance de prueba'!$A$2:$F$500,6,0),0)+IFERROR(VLOOKUP(C16,'Balance de prueba'!$A$2:$F$500,6,0),0)+IFERROR(VLOOKUP(B16,'Balance de prueba'!$A$2:$F$500,6,0),0)+IFERROR(VLOOKUP(A16,'Balance de prueba'!$A$2:$F$500,6,0),0)+IFERROR(VLOOKUP(F16,'Balance de prueba'!$A$2:$F$500,6,0),0) -> 0 | Q16: =M16+N16-O16+P16 -> 0
G17: =G16+1 -> 8 | I17: Inversiones e instrumentos financieros derivados | M17: =M18-M32 -> 0 | N17: =N18-N32 -> 0 | O17: =O18-O32 -> 0 | P17: =P18-P32 -> 0 | Q17: =Q18-Q32 -> 0
G18: =G17+1 -> 9 | J18: Inversiones e instrumentos financieros derivados | M18: =SUM(M19:M31) -> 0 | N18: =SUM(N19:N31) -> 0 | O18: =SUM(O19:O31) -> 0 | P18: =SUM(P19:P31) -> 0 | Q18: =SUM(Q19:Q31) -> 0
G19: =G18+1 -> 10 | K19: Derechos de recompra de inversiones | M19: =IFERROR(VLOOKUP(E19,'Balance de prueba'!$A$2:$F$500,6,0),0)+IFERROR(VLOOKUP(D19,'Balance de prueba'!$A$2:$F$500,6,0),0)+IFERROR(VLOOKUP(C19,'Balance de prueba'!$A$2:$F$500,6,0),0)+IFERROR(VLOOKUP(B19,'Balance de prueba'!$A$2:$F$500,6,0),0)+IFERROR(VLOOKUP(A19,'Balance de prueba'!$A$2:$F$500,6,0),0)+IFERROR(VLOOKUP(F19,'Balance de prueba'!$A$2:$F$500,6,0),0) -> 0 | Q19: =M19+N19-O19+P19 -> 0
G20: =G19+1 -> 11 | K20: Inversiones en sociedades, asociadas y negocios conjuntos | L20: Valor razonable con cambios en resultados | M20: =IFERROR(VLOOKUP(E20,'Balance de prueba'!$A$2:$F$500,6,0),0)+IFERROR(VLOOKUP(D20,'Balance de prueba'!$A$2:$F$500,6,0),0)+IFERROR(VLOOKUP(C20,'Balance de prueba'!$A$2:$F$500,6,0),0)+IFERROR(VLOOKUP(B20,'Balance de prueba'!$A$2:$F$500,6,0),0)+IFERROR(VLOOKUP(A20,'Balance de prueba'!$A$2:$F$500,6,0),0)+IFERROR(VLOOKUP(F20,'Balance de prueba'!$A$2:$F$500,6,0),0) -> 0 | Q20: =M20+N20-O20+P20 -> 0
G21: =G20+1 -> 12 | L21: Valor razonable con cambios en el ORI | M21: =IFERROR(VLOOKUP(E21,'Balance de prueba'!$A$2:$F$500,6,0),0)+IFERROR(VLOOKUP(D21,'Balance de prueba'!$A$2:$F$500,6,0),0)+IFERROR(VLOOKUP(C21,'Balance de prueba'!$A$2:$F$500,6,0),0)+IFERROR(VLOOKUP(B21,'Balance de prueba'!$A$2:$F$500,6,0),0)+IFERROR(VLOOKUP(A21,'Balance de prueba'!$A$2:$F$500,6,0),0)+IFERROR(VLOOKUP(F21,'Balance de prueba'!$A$2:$F$500,6,0),0) -> 0 | Q21: =M21+N21-O21+P21 -> 0
G22: =G21+1 -> 13 | L22: Método de la participación | M22: =IFERROR(VLOOKUP(E22,'Balance de prueba'!$A$2:$F$500,6,0),0)+IFERROR(VLOOKUP(D22,'Balance de prueba'!$A$2:$F$500,6,0),0)+IFERROR(VLOOKUP(C22,'Balance de prueba'!$A$2:$F$500,6,0),0)+IFERROR(VLOOKUP(B22,'Balance de prueba'!$A$2:$F$500,6,0),0)+IFERROR(VLOOKUP(A22,'Balance de prueba'!$A$2:$F$500,6,0),0)+IFERROR(VLOOKUP(F22,'Balance de prueba'!$A$2:$F$500,6,0),0) -> 0 | Q22: =M22+N22-O22+P22 -> 0
G23: =G22+1 -> 14 | L23: al costo | M23: =IFERROR(VLOOKUP(E23,'Balance de prueba'!$A$2:$F$500,6,0),0)+IFERROR(VLOOKUP(D23,'Balance de prueba'!$A$2:$F$500,6,0),0)+IFERROR(VLOOKUP(C23,'Balance de prueba'!$A$2:$F$500,6,0),0)+IFERROR(VLOOKUP(B23,'Balance de prueba'!$A$2:$F$500,6,0),0)+IFERROR(VLOOKUP(A23,'Balance de prueba'!$A$2:$F$500,6,0),0)+IFERROR(VLOOKUP(F23,'Balance de prueba'!$A$2:$F$500,6,0),0) -> 0 | Q23: =M23+N23-O23+P23 -> 0
G24: =G23+1 -> 15 | K24: Instrumentos de deuda a costo amortizado | M24: =IFERROR(VLOOKUP(E24,'Balance de prueba'!$A$2:$F$500,6,0),0)+IFERROR(VLOOKUP(D24,'Balance de prueba'!$A$2:$F$500,6,0),0)+IFERROR(VLOOKUP(C24,'Balance de prueba'!$A$2:$F$500,6,0),0)+IFERROR(VLOOKUP(B24,'Balance de prueba'!$A$2:$F$500,6,0),0)+IFERROR(VLOOKUP(A24,'Balance de prueba'!$A$2:$F$500,6,0),0)+IFERROR(VLOOKUP(F24,'Balance de prueba'!$A$2:$F$500,6,0),0) -> 0 | Q24: =M24+N24-O24+P24 -> 0
G25: =G24+1 -> 16 | K25: Instrumentos de deuda o patrimonio al costo | M25: =IFERROR(VLOOKUP(E25,'Balance de prueba'!$A$2:$F$500,6,0),0)+IFERROR(VLOOKUP(D25,'Balance de prueba'!$A$2:$F$500,6,0),0)+IFERROR(VLOOKUP(C25,'Balance de prueba'!$A$2:$F$500,6,0),0)+IFERROR(VLOOKUP(B25,'Balance de prueba'!$A$2:$F$500,6,0),0)+IFERROR(VLOOKUP(A25,'Balance de prueba'!$A$2:$F$500,6,0),0)+IFERROR(VLOOKUP(F25,'Balance de prueba'!$A$2:$F$500,6,0),0) -> 0 | Q25: =M25+N25-O25+P25 -> 0
G26: =G25+1 -> 17 | K26: Instrumentos de deuda o patrimonio al valor razonable con cambios en resultados | M26: =IFERROR(VLOOKUP(E26,'Balance de prueba'!$A$2:$F$500,6,0),0)+IFERROR(VLOOKUP(D26,'Balance de prueba'!$A$2:$F$500,6,0),0)+IFERROR(VLOOKUP(C26,'Balance de prueba'!$A$2:$F$500,6,0),0)+IFERROR(VLOOKUP(B26,'Balance de prueba'!$A$2:$F$500,6,0),0)+IFERROR(VLOOKUP(A26,'Balance de prueba'!$A$2:$F$500,6,0),0)+IFERROR(VLOOKUP(F26,'Balance de prueba'!$A$2:$F$500,6,0),0) -> 0 | Q26: =M26+N26-O26+P26 -> 0
G27: =G26+1 -> 18 | K27: Instrumentos de deuda o patrimonio al valor razonable con cambios en el ORI | M27: =IFERROR(VLOOKUP(E27,'Balance de prueba'!$A$2:$F$500,6,0),0)+IFERROR(VLOOKUP(D27,'Balance de prueba'!$A$2:$F$500,6,0),0)+IFERROR(VLOOKUP(C27,'Balance de prueba'!$A$2:$F$500,6,0),0)+IFERROR(VLOOKUP(B27,'Balance de prueba'!$A$2:$F$500,6,0),0)+IFERROR(VLOOKUP(A27,'Balance de prueba'!$A$2:$F$500,6,0),0)+IFERROR(VLOOKUP(F27,'Balance de prueba'!$A$2:$F$500,6,0),0) -> 0 | Q27: =M27+N27-O27+P27 -> 0
G28: =G27+1 -> 19 | K28: Instrumentos financieros derivados con fines de negociación | M28: =IFERROR(VLOOKUP(E28,'Balance de prueba'!$A$2:$F$500,6,0),0)+IFERROR(VLOOKUP(D28,'Balance de prueba'!$A$2:$F$500,6,0),0)+IFERROR(VLOOKUP(C28,'Balance de prueba'!$A$2:$F$500,6,0),0)+IFERROR(VLOOKUP(B28,'Balance de prueba'!$A$2:$F$500,6,0),0)+IFERROR(VLOOKUP(A28,'Balance de prueba'!$A$2:$F$500,6,0),0)+IFERROR(VLOOKUP(F28,'Balance de prueba'!$A$2:$F$500,6,0),0) -> 0 | Q28: =M28+N28-O28+P28 -> 0
G29: =G28+1 -> 20 | K29: Instrumentos financieros derivados con fines de cobertura | M29: =IFERROR(VLOOKUP(E29,'Balance de prueba'!$A$2:$F$500,6,0),0)+IFERROR(VLOOKUP(D29,'Balance de prueba'!$A$2:$F$500,6,0),0)+IFERROR(VLOOKUP(C29,'Balance de prueba'!$A$2:$F$500,6,0),0)+IFERROR(VLOOKUP(B29,'Balance de prueba'!$A$2:$F$500,6,0),0)+IFERROR(VLOOKUP(A29,'Balance de prueba'!$A$2:$F$500,6,0),0)+IFERROR(VLOOKUP(F29,'Balance de prueba'!$A$2:$F$500,6,0),0) -> 0 | Q29: =M29+N29-O29+P29 -> 0
G30: =G29+1 -> 21 | K30: Derechos fiduciarios | M30: =IFERROR(VLOOKUP(E30,'Balance de prueba'!$A$2:$F$500,6,0),0)+IFERROR(VLOOKUP(D30,'Balance de prueba'!$A$2:$F$500,6,0),0)+IFERROR(VLOOKUP(C30,'Balance de prueba'!$A$2:$F$500,6,0),0)+IFERROR(VLOOKUP(B30,'Balance de prueba'!$A$2:$F$500,6,0),0)+IFERROR(VLOOKUP(A30,'Balance de prueba'!$A$2:$F$500,6,0),0)+IFERROR(VLOOKUP(F30,'Balance de prueba'!$A$2:$F$500,6,0),0) -> 0 | Q30: =M30+N30-O30+P30 -> 0
G31: =G30+1 -> 22 | K31: Otros | M31: =IFERROR(VLOOKUP(E31,'Balance de prueba'!$A$2:$F$500,6,0),0)+IFERROR(VLOOKUP(D31,'Balance de prueba'!$A$2:$F$500,6,0),0)+IFERROR(VLOOKUP(C31,'Balance de prueba'!$A$2:$F$500,6,0),0)+IFERROR(VLOOKUP(B31,'Balance de prueba'!$A$2:$F$500,6,0),0)+IFERROR(VLOOKUP(A31,'Balance de prueba'!$A$2:$F$500,6,0),0)+IFERROR(VLOOKUP(F31,'Balance de prueba'!$A$2:$F$500,6,0),0) -> 0 | Q31: =M31+N31-O31+P31 -> 0
G32: =G31+1 -> 23 | J32: Deterioro acumulado de inversiones | M32: =SUM(M33:M39) -> 0 | N32: =SUM(N33:N39) -> 0 | O32: =SUM(O33:O39) -> 0 | P32: =SUM(P33:P39) -> 0 | Q32: =SUM(Q33:Q39) -> 0
G33: =G32+1 -> 24 | K33: Derechos de recompra de inversiones | M33: =IFERROR(VLOOKUP(E33,'Balance de prueba'!$A$2:$F$500,6,0),0)+IFERROR(VLOOKUP(D33,'Balance de prueba'!$A$2:$F$500,6,0),0)+IFERROR(VLOOKUP(C33,'Balance de prueba'!$A$2:$F$500,6,0),0)+IFERROR(VLOOKUP(B33,'Balance de prueba'!$A$2:$F$500,6,0),0)+IFERROR(VLOOKUP(A33,'Balance de prueba'!$A$2:$F$500,6,0),0)+IFERROR(VLOOKUP(F33,'Balance de prueba'!$A$2:$F$500,6,0),0) -> 0 | Q33: =M33+N33-O33+P33 -> 0
G34: =G33+1 -> 25 | K34: Inversiones en sociedades, asociadas y negocios conjuntos | L34: Método de la participación | M34: =IFERROR(VLOOKUP(E34,'Balance de prueba'!$A$2:$F$500,6,0),0)+IFERROR(VLOOKUP(D34,'Balance de prueba'!$A$2:$F$500,6,0),0)+IFERROR(VLOOKUP(C34,'Balance de prueba'!$A$2:$F$500,6,0),0)+IFERROR(VLOOKUP(B34,'Balance de prueba'!$A$2:$F$500,6,0),0)+IFERROR(VLOOKUP(A34,'Balance de prueba'!$A$2:$F$500,6,0),0)+IFERROR(VLOOKUP(F34,'Balance de prueba'!$A$2:$F$500,6,0),0) -> 0 | Q34: =M34+N34-O34+P34 -> 0
G35: =G34+1 -> 26 | L35: Costo | M35: =IFERROR(VLOOKUP(E35,'Balance de prueba'!$A$2:$F$500,6,0),0)+IFERROR(VLOOKUP(D35,'Balance de prueba'!$A$2:$F$500,6,0),0)+IFERROR(VLOOKUP(C35,'Balance de prueba'!$A$2:$F$500,6,0),0)+IFERROR(VLOOKUP(B35,'Balance de prueba'!$A$2:$F$500,6,0),0)+IFERROR(VLOOKUP(A35,'Balance de prueba'!$A$2:$F$500,6,0),0)+IFERROR(VLOOKUP(F35,'Balance de prueba'!$A$2:$F$500,6,0),0) -> 0 | Q35: =M35+N35-O35+P35 -> 0
G36: =G35+1 -> 27 | K36: instrumentos de deuda a costo amortizado | M36: =IFERROR(VLOOKUP(E36,'Balance de prueba'!$A$2:$F$500,6,0),0)+IFERROR(VLOOKUP(D36,'Balance de prueba'!$A$2:$F$500,6,0),0)+IFERROR(VLOOKUP(C36,'Balance de prueba'!$A$2:$F$500,6,0),0)+IFERROR(VLOOKUP(B36,'Balance de prueba'!$A$2:$F$500,6,0),0)+IFERROR(VLOOKUP(A36,'Balance de prueba'!$A$2:$F$500,6,0),0)+IFERROR(VLOOKUP(F36,'Balance de prueba'!$A$2:$F$500,6,0),0) -> 0 | Q36: =M36+N36-O36+P36 -> 0
G37: =G36+1 -> 28 | K37: Instrumentos de deuda o patrimonio al costo | M37: =IFERROR(VLOOKUP(E37,'Balance de prueba'!$A$2:$F$500,6,0),0)+IFERROR(VLOOKUP(D37,'Balance de prueba'!$A$2:$F$500,6,0),0)+IFERROR(VLOOKUP(C37,'Balance de prueba'!$A$2:$F$500,6,0),0)+IFERROR(VLOOKUP(B37,'Balance de prueba'!$A$2:$F$500,6,0),0)+IFERROR(VLOOKUP(A37,'Balance de prueba'!$A$2:$F$500,6,0),0)+IFERROR(VLOOKUP(F37,'Balance de prueba'!$A$2:$F$500,6,0),0) -> 0 | Q37: =M37+N37-O37+P37 -> 0
G38: =G37+1 -> 29 | K38: Derechos fiduciarios | M38: =IFERROR(VLOOKUP(E38,'Balance de prueba'!$A$2:$F$500,6,0),0)+IFERROR(VLOOKUP(D38,'Balance de prueba'!$A$2:$F$500,6,0),0)+IFERROR(VLOOKUP(C38,'Balance de prueba'!$A$2:$F$500,6,0),0)+IFERROR(VLOOKUP(B38,'Balance de prueba'!$A$2:$F$500,6,0),0)+IFERROR(VLOOKUP(A38,'Balance de prueba'!$A$2:$F$500,6,0),0)+IFERROR(VLOOKUP(F38,'Balance de prueba'!$A$2:$F$500,6,0),0) -> 0 | Q38: =M38+N38-O38+P38 -> 0
G39: =G38+1 -> 30 | K39: Otros | M39: =IFERROR(VLOOKUP(E39,'Balance de prueba'!$A$2:$F$500,6,0),0)+IFERROR(VLOOKUP(D39,'Balance de prueba'!$A$2:$F$500,6,0),0)+IFERROR(VLOOKUP(C39,'Balance de prueba'!$A$2:$F$500,6,0),0)+IFERROR(VLOOKUP(B39,'Balance de prueba'!$A$2:$F$500,6,0),0)+IFERROR(VLOOKUP(A39,'Balance de prueba'!$A$2:$F$500,6,0),0)+IFERROR(VLOOKUP(F39,'Balance de prueba'!$A$2:$F$500,6,0),0) -> 0 | Q39: =M39+N39-O39+P39 -> 0
G40: =G39+1 -> 31 | I40: Cuentas comerciales por cobrar y otras cuentas por cobrar | M40: =M41-M52 -> 0 | N40: =N41-N52 -> 0 | O40: =O41-O52 -> 0 | P40: =P41-P52 -> 0 | Q40: =Q41-Q52 -> 0
G41: =G40+1 -> 32 | J41: Cuentas y documentos por cobrar | M41: =SUM(M42:M51) -> 0 | N41: =SUM(N42:N51) -> 0 | O41: =SUM(O42:O51) -> 0 | P41: =SUM(P42:P51) -> 0 | Q41: =SUM(Q42:Q51) -> 0
G42: =G41+1 -> 33 | K42: Cuentas comerciales por cobrar | M42: =IFERROR(VLOOKUP(E42,'Balance de prueba'!$A$2:$F$500,6,0),0)+IFERROR(VLOOKUP(D42,'Balance de prueba'!$A$2:$F$500,6,0),0)+IFERROR(VLOOKUP(C42,'Balance de prueba'!$A$2:$F$500,6,0),0)+IFERROR(VLOOKUP(B42,'Balance de prueba'!$A$2:$F$500,6,0),0)+IFERROR(VLOOKUP(A42,'Balance de prueba'!$A$2:$F$500,6,0),0)+IFERROR(VLOOKUP(F42,'Balance de prueba'!$A$2:$F$500,6,0),0) -> 0 | Q42: =M42+N42-O42+P42 -> 0
G43: =G42+1 -> 34 | K43: Cuentas por cobrar en acuerdos de concesión (modelo del activo financiero) | M43: =IFERROR(VLOOKUP(E43,'Balance de prueba'!$A$2:$F$500,6,0),0)+IFERROR(VLOOKUP(D43,'Balance de prueba'!$A$2:$F$500,6,0),0)+IFERROR(VLOOKUP(C43,'Balance de prueba'!$A$2:$F$500,6,0),0)+IFERROR(VLOOKUP(B43,'Balance de prueba'!$A$2:$F$500,6,0),0)+IFERROR(VLOOKUP(A43,'Balance de prueba'!$A$2:$F$500,6,0),0)+IFERROR(VLOOKUP(F43,'Balance de prueba'!$A$2:$F$500,6,0),0) -> 0 | Q43: =M43+N43-O43+P43 -> 0
G44: =G43+1 -> 35 | K44: Arrendamiento financiero o leasing financiero | M44: =IFERROR(VLOOKUP(E44,'Balance de prueba'!$A$2:$F$500,6,0),0)+IFERROR(VLOOKUP(D44,'Balance de prueba'!$A$2:$F$500,6,0),0)+IFERROR(VLOOKUP(C44,'Balance de prueba'!$A$2:$F$500,6,0),0)+IFERROR(VLOOKUP(B44,'Balance de prueba'!$A$2:$F$500,6,0),0)+IFERROR(VLOOKUP(A44,'Balance de prueba'!$A$2:$F$500,6,0),0)+IFERROR(VLOOKUP(F44,'Balance de prueba'!$A$2:$F$500,6,0),0) -> 0 | Q44: =M44+N44-O44+P44 -> 0
G45: =G44+1 -> 36 | K45: Dividendos y participaciones | M45: =IFERROR(VLOOKUP(E45,'Balance de prueba'!$A$2:$F$500,6,0),0)+IFERROR(VLOOKUP(D45,'Balance de prueba'!$A$2:$F$500,6,0),0)+IFERROR(VLOOKUP(C45,'Balance de prueba'!$A$2:$F$500,6,0),0)+IFERROR(VLOOKUP(B45,'Balance de prueba'!$A$2:$F$500,6,0),0)+IFERROR(VLOOKUP(A45,'Balance de prueba'!$A$2:$F$500,6,0),0)+IFERROR(VLOOKUP(F45,'Balance de prueba'!$A$2:$F$500,6,0),0) -> 0 | Q45: =M45+N45-O45+P45 -> 0
G46: =G45+1 -> 37 | K46: Cuentas por cobrar a entidades de las cuales es socio, accionista o partícipe | M46: =IFERROR(VLOOKUP(E46,'Balance de prueba'!$A$2:$F$500,6,0),0)+IFERROR(VLOOKUP(D46,'Balance de prueba'!$A$2:$F$500,6,0),0)+IFERROR(VLOOKUP(C46,'Balance de prueba'!$A$2:$F$500,6,0),0)+IFERROR(VLOOKUP(B46,'Balance de prueba'!$A$2:$F$500,6,0),0)+IFERROR(VLOOKUP(A46,'Balance de prueba'!$A$2:$F$500,6,0),0)+IFERROR(VLOOKUP(F46,'Balance de prueba'!$A$2:$F$500,6,0),0) -> 0 | Q46: =M46+N46-O46+P46 -> 0
G47: =G46+1 -> 38 | K47: Cuentas y documentos por cobrar a otras partes relacionadas y asociadas | M47: =IFERROR(VLOOKUP(E47,'Balance de prueba'!$A$2:$F$500,6,0),0)+IFERROR(VLOOKUP(D47,'Balance de prueba'!$A$2:$F$500,6,0),0)+IFERROR(VLOOKUP(C47,'Balance de prueba'!$A$2:$F$500,6,0),0)+IFERROR(VLOOKUP(B47,'Balance de prueba'!$A$2:$F$500,6,0),0)+IFERROR(VLOOKUP(A47,'Balance de prueba'!$A$2:$F$500,6,0),0)+IFERROR(VLOOKUP(F47,'Balance de prueba'!$A$2:$F$500,6,0),0) -> 0 | Q47: =M47+N47-O47+P47 -> 0
G48: =G47+1 -> 39 | K48: Cartera de difícil cobro | M48: =IFERROR(VLOOKUP(E48,'Balance de prueba'!$A$2:$F$500,6,0),0)+IFERROR(VLOOKUP(D48,'Balance de prueba'!$A$2:$F$500,6,0),0)+IFERROR(VLOOKUP(C48,'Balance de prueba'!$A$2:$F$500,6,0),0)+IFERROR(VLOOKUP(B48,'Balance de prueba'!$A$2:$F$500,6,0),0)+IFERROR(VLOOKUP(A48,'Balance de prueba'!$A$2:$F$500,6,0),0)+IFERROR(VLOOKUP(F48,'Balance de prueba'!$A$2:$F$500,6,0),0) -> 0 | Q48: =M48+N48-O48+P48 -> 0
G49: =G48+1 -> 40 | K49: Reclamaciones por cobrar | M49: =IFERROR(VLOOKUP(E49,'Balance de prueba'!$A$2:$F$500,6,0),0)+IFERROR(VLOOKUP(D49,'Balance de prueba'!$A$2:$F$500,6,0),0)+IFERROR(VLOOKUP(C49,'Balance de prueba'!$A$2:$F$500,6,0),0)+IFERROR(VLOOKUP(B49,'Balance de prueba'!$A$2:$F$500,6,0),0)+IFERROR(VLOOKUP(A49,'Balance de prueba'!$A$2:$F$500,6,0),0)+IFERROR(VLOOKUP(F49,'Balance de prueba'!$A$2:$F$500,6,0),0) -> 0 | Q49: =M49+N49-O49+P49 -> 0
G50: =G49+1 -> 41 | K50: Anticipos de pagos | M50: =IFERROR(VLOOKUP(E50,'Balance de prueba'!$A$2:$F$500,6,0),0)+IFERROR(VLOOKUP(D50,'Balance de prueba'!$A$2:$F$500,6,0),0)+IFERROR(VLOOKUP(C50,'Balance de prueba'!$A$2:$F$500,6,0),0)+IFERROR(VLOOKUP(B50,'Balance de prueba'!$A$2:$F$500,6,0),0)+IFERROR(VLOOKUP(A50,'Balance de prueba'!$A$2:$F$500,6,0),0)+IFERROR(VLOOKUP(F50,'Balance de prueba'!$A$2:$F$500,6,0),0) -> 0 | Q50: =M50+N50-O50+P50 -> 0
G51: =G50+1 -> 42 | K51: Otras cuentas y documentos por cobrar | M51: =IFERROR(VLOOKUP(E51,'Balance de prueba'!$A$2:$F$500,6,0),0)+IFERROR(VLOOKUP(D51,'Balance de prueba'!$A$2:$F$500,6,0),0)+IFERROR(VLOOKUP(C51,'Balance de prueba'!$A$2:$F$500,6,0),0)+IFERROR(VLOOKUP(B51,'Balance de prueba'!$A$2:$F$500,6,0),0)+IFERROR(VLOOKUP(A51,'Balance de prueba'!$A$2:$F$500,6,0),0)+IFERROR(VLOOKUP(F51,'Balance de prueba'!$A$2:$F$500,6,0),0) -> 0 | Q51: =M51+N51-O51+P51 -> 0
G52: =G51+1 -> 43 | J52: Deterioro acumulado del valor cuentas y documentos por cobrar | M52: =SUM(M53:M59) -> 0 | N52: =SUM(N53:N59) -> 0 | O52: =SUM(O53:O59) -> 0 | P52: =SUM(P53:P59) -> 0 | Q52: =SUM(Q53:Q59) -> 0
G53: =G52+1 -> 44 | K53: Cuentas comerciales por cobrar | M53: =IFERROR(VLOOKUP(E53,'Balance de prueba'!$A$2:$F$500,6,0),0)+IFERROR(VLOOKUP(D53,'Balance de prueba'!$A$2:$F$500,6,0),0)+IFERROR(VLOOKUP(C53,'Balance de prueba'!$A$2:$F$500,6,0),0)+IFERROR(VLOOKUP(B53,'Balance de prueba'!$A$2:$F$500,6,0),0)+IFERROR(VLOOKUP(A53,'Balance de prueba'!$A$2:$F$500,6,0),0)+IFERROR(VLOOKUP(F53,'Balance de prueba'!$A$2:$F$500,6,0),0) -> 0 | Q53: =M53+N53-O53+P53 -> 0
G54: =G53+1 -> 45 | K54: Cuentas por cobrar en acuerdos de concesión (modelo del activo financiero) | M54: =IFERROR(VLOOKUP(E54,'Balance de prueba'!$A$2:$F$500,6,0),0)+IFERROR(VLOOKUP(D54,'Balance de prueba'!$A$2:$F$500,6,0),0)+IFERROR(VLOOKUP(C54,'Balance de prueba'!$A$2:$F$500,6,0),0)+IFERROR(VLOOKUP(B54,'Balance de prueba'!$A$2:$F$500,6,0),0)+IFERROR(VLOOKUP(A54,'Balance de prueba'!$A$2:$F$500,6,0),0)+IFERROR(VLOOKUP(F54,'Balance de prueba'!$A$2:$F$500,6,0),0) -> 0 | Q54: =M54+N54-O54+P54 -> 0
G55: =G54+1 -> 46 | K55: Arrendamiento financiero o leasing financiero | M55: =IFERROR(VLOOKUP(E55,'Balance de prueba'!$A$2:$F$500,6,0),0)+IFERROR(VLOOKUP(D55,'Balance de prueba'!$A$2:$F$500,6,0),0)+IFERROR(VLOOKUP(C55,'Balance de prueba'!$A$2:$F$500,6,0),0)+IFERROR(VLOOKUP(B55,'Balance de prueba'!$A$2:$F$500,6,0),0)+IFERROR(VLOOKUP(A55,'Balance de prueba'!$A$2:$F$500,6,0),0)+IFERROR(VLOOKUP(F55,'Balance de prueba'!$A$2:$F$500,6,0),0) -> 0 | Q55: =M55+N55-O55+P55 -> 0
G56: =G55+1 -> 47 | K56: Dividendos y participaciones | M56: =IFERROR(VLOOKUP(E56,'Balance de prueba'!$A$2:$F$500,6,0),0)+IFERROR(VLOOKUP(D56,'Balance de prueba'!$A$2:$F$500,6,0),0)+IFERROR(VLOOKUP(C56,'Balance de prueba'!$A$2:$F$500,6,0),0)+IFERROR(VLOOKUP(B56,'Balance de prueba'!$A$2:$F$500,6,0),0)+IFERROR(VLOOKUP(A56,'Balance de prueba'!$A$2:$F$500,6,0),0)+IFERROR(VLOOKUP(F56,'Balance de prueba'!$A$2:$F$500,6,0),0) -> 0 | Q56: =M56+N56-O56+P56 -> 0
G57: =G56+1 -> 48 | K57: Cuentas por cobrar a entidades de las cuales es socio, accionista o partícipe | M57: =IFERROR(VLOOKUP(E57,'Balance de prueba'!$A$2:$F$500,6,0),0)+IFERROR(VLOOKUP(D57,'Balance de prueba'!$A$2:$F$500,6,0),0)+IFERROR(VLOOKUP(C57,'Balance de prueba'!$A$2:$F$500,6,0),0)+IFERROR(VLOOKUP(B57,'Balance de prueba'!$A$2:$F$500,6,0),0)+IFERROR(VLOOKUP(A57,'Balance de prueba'!$A$2:$F$500,6,0),0)+IFERROR(VLOOKUP(F57,'Balance de prueba'!$A$2:$F$500,6,0),0) -> 0 | Q57: =M57+N57-O57+P57 -> 0
G58: =G57+1 -> 49 | K58: Cuentas por cobrar a otras partes relacionadas y asociadas | M58: =IFERROR(VLOOKUP(E58,'Balance de prueba'!$A$2:$F$500,6,0),0)+IFERROR(VLOOKUP(D58,'Balance de prueba'!$A$2:$F$500,6,0),0)+IFERROR(VLOOKUP(C58,'Balance de prueba'!$A$2:$F$500,6,0),0)+IFERROR(VLOOKUP(B58,'Balance de prueba'!$A$2:$F$500,6,0),0)+IFERROR(VLOOKUP(A58,'Balance de prueba'!$A$2:$F$500,6,0),0)+IFERROR(VLOOKUP(F58,'Balance de prueba'!$A$2:$F$500,6,0),0) -> 0 | Q58: =M58+N58-O58+P58 -> 0
G59: =G58+1 -> 50 | K59: Otras cuentas por cobrar | M59: =IFERROR(VLOOKUP(E59,'Balance de prueba'!$A$2:$F$500,6,0),0)+IFERROR(VLOOKUP(D59,'Balance de prueba'!$A$2:$F$500,6,0),0)+IFERROR(VLOOKUP(C59,'Balance de prueba'!$A$2:$F$500,6,0),0)+IFERROR(VLOOKUP(B59,'Balance de prueba'!$A$2:$F$500,6,0),0)+IFERROR(VLOOKUP(A59,'Balance de prueba'!$A$2:$F$500,6,0),0)+IFERROR(VLOOKUP(F59,'Balance de prueba'!$A$2:$F$500,6,0),0) -> 0 | Q59: =M59+N59-O59+P59 -> 0
G60: =G59+1 -> 51 | I60: Inventarios | M60: =SUM(M61:M70)-M71 -> 0 | N60: =SUM(N61:N70)-N71 -> 0 | O60: =SUM(O61:O70)-O71 -> 0 | P60: =SUM(P61:P70)-P71 -> 0 | Q60: =SUM(Q61:Q70)-Q71 -> 0
G61: =G60+1 -> 52 | J61: Para la venta, no producidos por la empresa | M61: =IFERROR(VLOOKUP(E61,'Balance de prueba'!$A$2:$F$500,6,0),0)+IFERROR(VLOOKUP(D61,'Balance de prueba'!$A$2:$F$500,6,0),0)+IFERROR(VLOOKUP(C61,'Balance de prueba'!$A$2:$F$500,6,0),0)+IFERROR(VLOOKUP(B61,'Balance de prueba'!$A$2:$F$500,6,0),0)+IFERROR(VLOOKUP(A61,'Balance de prueba'!$A$2:$F$500,6,0),0)+IFERROR(VLOOKUP(F61,'Balance de prueba'!$A$2:$F$500,6,0),0) -> 0 | Q61: =M61+N61-O61+P61 -> 0
G62: =G61+1 -> 53 | J62: En tránsito | M62: =IFERROR(VLOOKUP(E62,'Balance de prueba'!$A$2:$F$500,6,0),0)+IFERROR(VLOOKUP(D62,'Balance de prueba'!$A$2:$F$500,6,0),0)+IFERROR(VLOOKUP(C62,'Balance de prueba'!$A$2:$F$500,6,0),0)+IFERROR(VLOOKUP(B62,'Balance de prueba'!$A$2:$F$500,6,0),0)+IFERROR(VLOOKUP(A62,'Balance de prueba'!$A$2:$F$500,6,0),0)+IFERROR(VLOOKUP(F62,'Balance de prueba'!$A$2:$F$500,6,0),0) -> 0 | Q62: =M62+N62-O62+P62 -> 0
G63: =G62+1 -> 54 | J63: Materias primas, suministros y materiales | M63: =IFERROR(VLOOKUP(E63,'Balance de prueba'!$A$2:$F$500,6,0),0)+IFERROR(VLOOKUP(D63,'Balance de prueba'!$A$2:$F$500,6,0),0)+IFERROR(VLOOKUP(C63,'Balance de prueba'!$A$2:$F$500,6,0),0)+IFERROR(VLOOKUP(B63,'Balance de prueba'!$A$2:$F$500,6,0),0)+IFERROR(VLOOKUP(A63,'Balance de prueba'!$A$2:$F$500,6,0),0)+IFERROR(VLOOKUP(F63,'Balance de prueba'!$A$2:$F$500,6,0),0) -> 0 | Q63: =M63+N63-O63+P63 -> 0
G64: =G63+1 -> 55 | J64: En proceso (diferentes de obras o inmuebles en construcción para la venta) | M64: =IFERROR(VLOOKUP(E64,'Balance de prueba'!$A$2:$F$500,6,0),0)+IFERROR(VLOOKUP(D64,'Balance de prueba'!$A$2:$F$500,6,0),0)+IFERROR(VLOOKUP(C64,'Balance de prueba'!$A$2:$F$500,6,0),0)+IFERROR(VLOOKUP(B64,'Balance de prueba'!$A$2:$F$500,6,0),0)+IFERROR(VLOOKUP(A64,'Balance de prueba'!$A$2:$F$500,6,0),0)+IFERROR(VLOOKUP(F64,'Balance de prueba'!$A$2:$F$500,6,0),0) -> 0 | Q64: =M64+N64-O64+P64 -> 0
G65: =G64+1 -> 56 | J65: Costos prestadores de servicios | M65: =IFERROR(VLOOKUP(E65,'Balance de prueba'!$A$2:$F$500,6,0),0)+IFERROR(VLOOKUP(D65,'Balance de prueba'!$A$2:$F$500,6,0),0)+IFERROR(VLOOKUP(C65,'Balance de prueba'!$A$2:$F$500,6,0),0)+IFERROR(VLOOKUP(B65,'Balance de prueba'!$A$2:$F$500,6,0),0)+IFERROR(VLOOKUP(A65,'Balance de prueba'!$A$2:$F$500,6,0),0)+IFERROR(VLOOKUP(F65,'Balance de prueba'!$A$2:$F$500,6,0),0) -> 0 | Q65: =M65+N65-O65+P65 -> 0
G66: =G65+1 -> 57 | J66: Producto terminado (diferentes de obras o inmuebles terminados para la venta) | M66: =IFERROR(VLOOKUP(E66,'Balance de prueba'!$A$2:$F$500,6,0),0)+IFERROR(VLOOKUP(D66,'Balance de prueba'!$A$2:$F$500,6,0),0)+IFERROR(VLOOKUP(C66,'Balance de prueba'!$A$2:$F$500,6,0),0)+IFERROR(VLOOKUP(B66,'Balance de prueba'!$A$2:$F$500,6,0),0)+IFERROR(VLOOKUP(A66,'Balance de prueba'!$A$2:$F$500,6,0),0)+IFERROR(VLOOKUP(F66,'Balance de prueba'!$A$2:$F$500,6,0),0) -> 0 | Q66: =M66+N66-O66+P66 -> 0
G67: =G66+1 -> 58 | J67: Obras o inmuebles en construcción para la venta | M67: =IFERROR(VLOOKUP(E67,'Balance de prueba'!$A$2:$F$500,6,0),0)+IFERROR(VLOOKUP(D67,'Balance de prueba'!$A$2:$F$500,6,0),0)+IFERROR(VLOOKUP(C67,'Balance de prueba'!$A$2:$F$500,6,0),0)+IFERROR(VLOOKUP(B67,'Balance de prueba'!$A$2:$F$500,6,0),0)+IFERROR(VLOOKUP(A67,'Balance de prueba'!$A$2:$F$500,6,0),0)+IFERROR(VLOOKUP(F67,'Balance de prueba'!$A$2:$F$500,6,0),0) -> 0 | Q67: =M67+N67-O67+P67 -> 0
G68: =G67+1 -> 59 | J68: Obras o inmuebles terminados para la venta | M68: =IFERROR(VLOOKUP(E68,'Balance de prueba'!$A$2:$F$500,6,0),0)+IFERROR(VLOOKUP(D68,'Balance de prueba'!$A$2:$F$500,6,0),0)+IFERROR(VLOOKUP(C68,'Balance de prueba'!$A$2:$F$500,6,0),0)+IFERROR(VLOOKUP(B68,'Balance de prueba'!$A$2:$F$500,6,0),0)+IFERROR(VLOOKUP(A68,'Balance de prueba'!$A$2:$F$500,6,0),0)+IFERROR(VLOOKUP(F68,'Balance de prueba'!$A$2:$F$500,6,0),0) -> 0 | Q68: =M68+N68-O68+P68 -> 0
G69: =G68+1 -> 60 | J69: Piezas de repuesto y equipo auxiliar clasificados como inventarios | M69: =IFERROR(VLOOKUP(E69,'Balance de prueba'!$A$2:$F$500,6,0),0)+IFERROR(VLOOKUP(D69,'Balance de prueba'!$A$2:$F$500,6,0),0)+IFERROR(VLOOKUP(C69,'Balance de prueba'!$A$2:$F$500,6,0),0)+IFERROR(VLOOKUP(B69,'Balance de prueba'!$A$2:$F$500,6,0),0)+IFERROR(VLOOKUP(A69,'Balance de prueba'!$A$2:$F$500,6,0),0)+IFERROR(VLOOKUP(F69,'Balance de prueba'!$A$2:$F$500,6,0),0) -> 0 | Q69: =M69+N69-O69+P69 -> 0
G70: =G69+1 -> 61 | J70: Inventario que surge de la actividad de extracción | M70: =IFERROR(VLOOKUP(E70,'Balance de prueba'!$A$2:$F$500,6,0),0)+IFERROR(VLOOKUP(D70,'Balance de prueba'!$A$2:$F$500,6,0),0)+IFERROR(VLOOKUP(C70,'Balance de prueba'!$A$2:$F$500,6,0),0)+IFERROR(VLOOKUP(B70,'Balance de prueba'!$A$2:$F$500,6,0),0)+IFERROR(VLOOKUP(A70,'Balance de prueba'!$A$2:$F$500,6,0),0)+IFERROR(VLOOKUP(F70,'Balance de prueba'!$A$2:$F$500,6,0),0) -> 0 | Q70: =M70+N70-O70+P70 -> 0
G71: =G70+1 -> 62 | J71: Deterioro acumulado del valor de inventarios | M71: =IFERROR(VLOOKUP(E71,'Balance de prueba'!$A$2:$F$500,6,0),0)+IFERROR(VLOOKUP(D71,'Balance de prueba'!$A$2:$F$500,6,0),0)+IFERROR(VLOOKUP(C71,'Balance de prueba'!$A$2:$F$500,6,0),0)+IFERROR(VLOOKUP(B71,'Balance de prueba'!$A$2:$F$500,6,0),0)+IFERROR(VLOOKUP(A71,'Balance de prueba'!$A$2:$F$500,6,0),0)+IFERROR(VLOOKUP(F71,'Balance de prueba'!$A$2:$F$500,6,0),0) -> 0 | Q71: =M71+N71-O71+P71 -> 0
G72: =G71+1 -> 63 | I72: Gastos pagados por anticipado | M72: =SUM(M73:M76) -> 0 | N72: =SUM(N73:N76) -> 0 | O72: =SUM(O73:O76) -> 0 | P72: =SUM(P73:P76) -> 0 | Q72: =SUM(Q73:Q76) -> 0
G73: =G72+1 -> 64 | J73: Publicidad | M73: =IFERROR(VLOOKUP(E73,'Balance de prueba'!$A$2:$F$500,6,0),0)+IFERROR(VLOOKUP(D73,'Balance de prueba'!$A$2:$F$500,6,0),0)+IFERROR(VLOOKUP(C73,'Balance de prueba'!$A$2:$F$500,6,0),0)+IFERROR(VLOOKUP(B73,'Balance de prueba'!$A$2:$F$500,6,0),0)+IFERROR(VLOOKUP(A73,'Balance de prueba'!$A$2:$F$500,6,0),0)+IFERROR(VLOOKUP(F73,'Balance de prueba'!$A$2:$F$500,6,0),0) -> 0 | Q73: =M73+N73-O73+P73 -> 0
G74: =G73+1 -> 65 | J74: Primas de seguros | M74: =IFERROR(VLOOKUP(E74,'Balance de prueba'!$A$2:$F$500,6,0),0)+IFERROR(VLOOKUP(D74,'Balance de prueba'!$A$2:$F$500,6,0),0)+IFERROR(VLOOKUP(C74,'Balance de prueba'!$A$2:$F$500,6,0),0)+IFERROR(VLOOKUP(B74,'Balance de prueba'!$A$2:$F$500,6,0),0)+IFERROR(VLOOKUP(A74,'Balance de prueba'!$A$2:$F$500,6,0),0)+IFERROR(VLOOKUP(F74,'Balance de prueba'!$A$2:$F$500,6,0),0) -> 0 | Q74: =M74+N74-O74+P74 -> 0
G75: =G74+1 -> 66 | J75: Arrendamientos | M75: =IFERROR(VLOOKUP(E75,'Balance de prueba'!$A$2:$F$500,6,0),0)+IFERROR(VLOOKUP(D75,'Balance de prueba'!$A$2:$F$500,6,0),0)+IFERROR(VLOOKUP(C75,'Balance de prueba'!$A$2:$F$500,6,0),0)+IFERROR(VLOOKUP(B75,'Balance de prueba'!$A$2:$F$500,6,0),0)+IFERROR(VLOOKUP(A75,'Balance de prueba'!$A$2:$F$500,6,0),0)+IFERROR(VLOOKUP(F75,'Balance de prueba'!$A$2:$F$500,6,0),0) -> 0 | Q75: =M75+N75-O75+P75 -> 0
G76: =G75+1 -> 67 | J76: Otros | M76: =IFERROR(VLOOKUP(E76,'Balance de prueba'!$A$2:$F$500,6,0),0)+IFERROR(VLOOKUP(D76,'Balance de prueba'!$A$2:$F$500,6,0),0)+IFERROR(VLOOKUP(C76,'Balance de prueba'!$A$2:$F$500,6,0),0)+IFERROR(VLOOKUP(B76,'Balance de prueba'!$A$2:$F$500,6,0),0)+IFERROR(VLOOKUP(A76,'Balance de prueba'!$A$2:$F$500,6,0),0)+IFERROR(VLOOKUP(F76,'Balance de prueba'!$A$2:$F$500,6,0),0) -> 0 | Q76: =M76+N76-O76+P76 -> 0
G77: =G76+1 -> 68 | I77: Activos por impuestos corrientes | M77: =M78+M79+M80+M81 -> 0 | N77: =N78+N79+N80+N81 -> 0 | O77: =O78+O79+O80+O81 -> 0 | P77: =P78+P79+P80+P81 -> 0 | Q77: =Q78+Q79+Q80+Q81 -> 0
G78: =G77+1 -> 69 | J78: Saldos a favor por el impuesto de renta | M78: =IFERROR(VLOOKUP(E78,'Balance de prueba'!$A$2:$F$500,6,0),0)+IFERROR(VLOOKUP(D78,'Balance de prueba'!$A$2:$F$500,6,0),0)+IFERROR(VLOOKUP(C78,'Balance de prueba'!$A$2:$F$500,6,0),0)+IFERROR(VLOOKUP(B78,'Balance de prueba'!$A$2:$F$500,6,0),0)+IFERROR(VLOOKUP(A78,'Balance de prueba'!$A$2:$F$500,6,0),0)+IFERROR(VLOOKUP(F78,'Balance de prueba'!$A$2:$F$500,6,0),0) -> 0 | Q78: =M78+N78-O78+P78 -> 0
G79: =G78+1 -> 70 | J79: Saldos a favor - otros impuestos y gravámenes | M79: =IFERROR(VLOOKUP(E79,'Balance de prueba'!$A$2:$F$500,6,0),0)+IFERROR(VLOOKUP(D79,'Balance de prueba'!$A$2:$F$500,6,0),0)+IFERROR(VLOOKUP(C79,'Balance de prueba'!$A$2:$F$500,6,0),0)+IFERROR(VLOOKUP(B79,'Balance de prueba'!$A$2:$F$500,6,0),0)+IFERROR(VLOOKUP(A79,'Balance de prueba'!$A$2:$F$500,6,0),0)+IFERROR(VLOOKUP(F79,'Balance de prueba'!$A$2:$F$500,6,0),0) -> 0 | Q79: =M79+N79-O79+P79 -> 0
G80: =G79+1 -> 71 | J80: Descuentos tributarios | M80: =IFERROR(VLOOKUP(E80,'Balance de prueba'!$A$2:$F$500,6,0),0)+IFERROR(VLOOKUP(D80,'Balance de prueba'!$A$2:$F$500,6,0),0)+IFERROR(VLOOKUP(C80,'Balance de prueba'!$A$2:$F$500,6,0),0)+IFERROR(VLOOKUP(B80,'Balance de prueba'!$A$2:$F$500,6,0),0)+IFERROR(VLOOKUP(A80,'Balance de prueba'!$A$2:$F$500,6,0),0)+IFERROR(VLOOKUP(F80,'Balance de prueba'!$A$2:$F$500,6,0),0) -> 0 | Q80: =M80+N80-O80+P80 -> 0
G81: =G80+1 -> 72 | J81: Anticipos y otros | M81: =IFERROR(VLOOKUP(E81,'Balance de prueba'!$A$2:$F$500,6,0),0)+IFERROR(VLOOKUP(D81,'Balance de prueba'!$A$2:$F$500,6,0),0)+IFERROR(VLOOKUP(C81,'Balance de prueba'!$A$2:$F$500,6,0),0)+IFERROR(VLOOKUP(B81,'Balance de prueba'!$A$2:$F$500,6,0),0)+IFERROR(VLOOKUP(A81,'Balance de prueba'!$A$2:$F$500,6,0),0)+IFERROR(VLOOKUP(F81,'Balance de prueba'!$A$2:$F$500,6,0),0) -> 0 | Q81: =M81+N81-O81+P81 -> 0
G82: =G81+1 -> 73 | I82: Activos por impuestos diferidos | M82: =IFERROR(VLOOKUP(E82,'Balance de prueba'!$A$2:$F$500,6,0),0)+IFERROR(VLOOKUP(D82,'Balance de prueba'!$A$2:$F$500,6,0),0)+IFERROR(VLOOKUP(C82,'Balance de prueba'!$A$2:$F$500,6,0),0)+IFERROR(VLOOKUP(B82,'Balance de prueba'!$A$2:$F$500,6,0),0)+IFERROR(VLOOKUP(A82,'Balance de prueba'!$A$2:$F$500,6,0),0)+IFERROR(VLOOKUP(F82,'Balance de prueba'!$A$2:$F$500,6,0),0) -> 0 | Q82: =M82+N82-O82+P82 -> 0
G83: =G82+1 -> 74 | I83: Propiedades, planta y equipo | M83: =SUM(M84:M90)-M91-M92 -> 0 | N83: =SUM(N84:N90)-N91-N92 -> 0 | O83: =SUM(O84:O90)-O91-O92 -> 0 | P83: =SUM(P84:P90)-P91-P92 -> 0 | Q83: =SUM(Q84:Q90)-Q91-Q92 -> 0
G84: =G83+1 -> 75 | J84: Terrenos | M84: =IFERROR(VLOOKUP(E84,'Balance de prueba'!$A$2:$F$500,6,0),0)+IFERROR(VLOOKUP(D84,'Balance de prueba'!$A$2:$F$500,6,0),0)+IFERROR(VLOOKUP(C84,'Balance de prueba'!$A$2:$F$500,6,0),0)+IFERROR(VLOOKUP(B84,'Balance de prueba'!$A$2:$F$500,6,0),0)+IFERROR(VLOOKUP(A84,'Balance de prueba'!$A$2:$F$500,6,0),0)+IFERROR(VLOOKUP(F84,'Balance de prueba'!$A$2:$F$500,6,0),0) -> 0 | Q84: =M84+N84-O84+P84 -> 0
G85: =G84+1 -> 76 | J85: Construcciones en proceso | M85: =IFERROR(VLOOKUP(E85,'Balance de prueba'!$A$2:$F$500,6,0),0)+IFERROR(VLOOKUP(D85,'Balance de prueba'!$A$2:$F$500,6,0),0)+IFERROR(VLOOKUP(C85,'Balance de prueba'!$A$2:$F$500,6,0),0)+IFERROR(VLOOKUP(B85,'Balance de prueba'!$A$2:$F$500,6,0),0)+IFERROR(VLOOKUP(A85,'Balance de prueba'!$A$2:$F$500,6,0),0)+IFERROR(VLOOKUP(F85,'Balance de prueba'!$A$2:$F$500,6,0),0) -> 0 | Q85: =M85+N85-O85+P85 -> 0
G86: =G85+1 -> 77 | J86: Edificios | L86: Costo | M86: =IFERROR(VLOOKUP(E86,'Balance de prueba'!$A$2:$F$500,6,0),0)+IFERROR(VLOOKUP(D86,'Balance de prueba'!$A$2:$F$500,6,0),0)+IFERROR(VLOOKUP(C86,'Balance de prueba'!$A$2:$F$500,6,0),0)+IFERROR(VLOOKUP(B86,'Balance de prueba'!$A$2:$F$500,6,0),0)+IFERROR(VLOOKUP(A86,'Balance de prueba'!$A$2:$F$500,6,0),0)+IFERROR(VLOOKUP(F86,'Balance de prueba'!$A$2:$F$500,6,0),0) -> 0 | Q86: =M86+N86-O86+P86 -> 0
G87: =G86+1 -> 78 | L87: Ajuste acumulado por revaluaciones o re-expresiones | M87: =IFERROR(VLOOKUP(E87,'Balance de prueba'!$A$2:$F$500,6,0),0)+IFERROR(VLOOKUP(D87,'Balance de prueba'!$A$2:$F$500,6,0),0)+IFERROR(VLOOKUP(C87,'Balance de prueba'!$A$2:$F$500,6,0),0)+IFERROR(VLOOKUP(B87,'Balance de prueba'!$A$2:$F$500,6,0),0)+IFERROR(VLOOKUP(A87,'Balance de prueba'!$A$2:$F$500,6,0),0)+IFERROR(VLOOKUP(F87,'Balance de prueba'!$A$2:$F$500,6,0),0) -> 0 | Q87: =M87+N87-O87+P87 -> 0
G88: =G87+1 -> 79 | J88: Activos tangibles para exploración y evaluación de recursos minerales | M88: =IFERROR(VLOOKUP(E88,'Balance de prueba'!$A$2:$F$500,6,0),0)+IFERROR(VLOOKUP(D88,'Balance de prueba'!$A$2:$F$500,6,0),0)+IFERROR(VLOOKUP(C88,'Balance de prueba'!$A$2:$F$500,6,0),0)+IFERROR(VLOOKUP(B88,'Balance de prueba'!$A$2:$F$500,6,0),0)+IFERROR(VLOOKUP(A88,'Balance de prueba'!$A$2:$F$500,6,0),0)+IFERROR(VLOOKUP(F88,'Balance de prueba'!$A$2:$F$500,6,0),0) -> 0 | Q88: =M88+N88-O88+P88 -> 0
G89: =G88+1 -> 80 | J89: Otras propiedades, planta y equipo | L89: Costo | M89: =IFERROR(VLOOKUP(E89,'Balance de prueba'!$A$2:$F$500,6,0),0)+IFERROR(VLOOKUP(D89,'Balance de prueba'!$A$2:$F$500,6,0),0)+IFERROR(VLOOKUP(C89,'Balance de prueba'!$A$2:$F$500,6,0),0)+IFERROR(VLOOKUP(B89,'Balance de prueba'!$A$2:$F$500,6,0),0)+IFERROR(VLOOKUP(A89,'Balance de prueba'!$A$2:$F$500,6,0),0)+IFERROR(VLOOKUP(F89,'Balance de prueba'!$A$2:$F$500,6,0),0) -> 0 | Q89: =M89+N89-O89+P89 -> 0
G90: =G89+1 -> 81 | L90: Ajuste acumulado por revaluaciones o re-expresiones | M90: =IFERROR(VLOOKUP(E90,'Balance de prueba'!$A$2:$F$500,6,0),0)+IFERROR(VLOOKUP(D90,'Balance de prueba'!$A$2:$F$500,6,0),0)+IFERROR(VLOOKUP(C90,'Balance de prueba'!$A$2:$F$500,6,0),0)+IFERROR(VLOOKUP(B90,'Balance de prueba'!$A$2:$F$500,6,0),0)+IFERROR(VLOOKUP(A90,'Balance de prueba'!$A$2:$F$500,6,0),0)+IFERROR(VLOOKUP(F90,'Balance de prueba'!$A$2:$F$500,6,0),0) -> 0 | Q90: =M90+N90-O90+P90 -> 0
G91: =G90+1 -> 82 | J91: Depreciación acumulada de propiedades, planta y equipo | M91: =IFERROR(VLOOKUP(E91,'Balance de prueba'!$A$2:$F$500,6,0),0)+IFERROR(VLOOKUP(D91,'Balance de prueba'!$A$2:$F$500,6,0),0)+IFERROR(VLOOKUP(C91,'Balance de prueba'!$A$2:$F$500,6,0),0)+IFERROR(VLOOKUP(B91,'Balance de prueba'!$A$2:$F$500,6,0),0)+IFERROR(VLOOKUP(A91,'Balance de prueba'!$A$2:$F$500,6,0),0)+IFERROR(VLOOKUP(F91,'Balance de prueba'!$A$2:$F$500,6,0),0) -> 0 | Q91: =M91+N91-O91+P91 -> 0
G92: =G91+1 -> 83 | J92: Deterioro acumulado de propiedades, planta y equipo | M92: =IFERROR(VLOOKUP(E92,'Balance de prueba'!$A$2:$F$500,6,0),0)+IFERROR(VLOOKUP(D92,'Balance de prueba'!$A$2:$F$500,6,0),0)+IFERROR(VLOOKUP(C92,'Balance de prueba'!$A$2:$F$500,6,0),0)+IFERROR(VLOOKUP(B92,'Balance de prueba'!$A$2:$F$500,6,0),0)+IFERROR(VLOOKUP(A92,'Balance de prueba'!$A$2:$F$500,6,0),0)+IFERROR(VLOOKUP(F92,'Balance de prueba'!$A$2:$F$500,6,0),0) -> 0 | Q92: =M92+N92-O92+P92 -> 0
G93: =G92+1 -> 84 | I93: Activos intangibles | M93: =M94+M105 -> 0 | N93: =N94+N105 -> 0 | O93: =O94+O105 -> 0 | P93: =P94+P105 -> 0 | Q93: =Q94+Q105 -> 0
G94: =G93+1 -> 85 | J94: Activos intangibles distintos a la plusvalía | M94: =SUM(M95:M102)-M103-M104 -> 0 | N94: =SUM(N95:N102)-N103-N104 -> 0 | O94: =SUM(O95:O102)-O103-O104 -> 0 | P94: =SUM(P95:P102)-P103-P104 -> 0 | Q94: =SUM(Q95:Q102)-Q103-Q104 -> 0
G95: =G94+1 -> 86 | K95: Acuerdos de concesión (modelo del activo intangible) | M95: =IFERROR(VLOOKUP(E95,'Balance de prueba'!$A$2:$F$500,6,0),0)+IFERROR(VLOOKUP(D95,'Balance de prueba'!$A$2:$F$500,6,0),0)+IFERROR(VLOOKUP(C95,'Balance de prueba'!$A$2:$F$500,6,0),0)+IFERROR(VLOOKUP(B95,'Balance de prueba'!$A$2:$F$500,6,0),0)+IFERROR(VLOOKUP(A95,'Balance de prueba'!$A$2:$F$500,6,0),0)+IFERROR(VLOOKUP(F95,'Balance de prueba'!$A$2:$F$500,6,0),0) -> 0 | Q95: =M95+N95-O95+P95 -> 0
G96: =G95+1 -> 87 | K96: Activos intangibles exploración y evaluación de recursos minerales | M96: =IFERROR(VLOOKUP(E96,'Balance de prueba'!$A$2:$F$500,6,0),0)+IFERROR(VLOOKUP(D96,'Balance de prueba'!$A$2:$F$500,6,0),0)+IFERROR(VLOOKUP(C96,'Balance de prueba'!$A$2:$F$500,6,0),0)+IFERROR(VLOOKUP(B96,'Balance de prueba'!$A$2:$F$500,6,0),0)+IFERROR(VLOOKUP(A96,'Balance de prueba'!$A$2:$F$500,6,0),0)+IFERROR(VLOOKUP(F96,'Balance de prueba'!$A$2:$F$500,6,0),0) -> 0 | Q96: =M96+N96-O96+P96 -> 0
G97: =G96+1 -> 88 | K97: Marcas, patentes, licencias y otros derechos | L97: Costo | M97: =IFERROR(VLOOKUP(E97,'Balance de prueba'!$A$2:$F$500,6,0),0)+IFERROR(VLOOKUP(D97,'Balance de prueba'!$A$2:$F$500,6,0),0)+IFERROR(VLOOKUP(C97,'Balance de prueba'!$A$2:$F$500,6,0),0)+IFERROR(VLOOKUP(B97,'Balance de prueba'!$A$2:$F$500,6,0),0)+IFERROR(VLOOKUP(A97,'Balance de prueba'!$A$2:$F$500,6,0),0)+IFERROR(VLOOKUP(F97,'Balance de prueba'!$A$2:$F$500,6,0),0) -> 0 | Q97: =M97+N97-O97+P97 -> 0
G98: =G97+1 -> 89 | L98: Ajuste acumulado por revaluaciones o re-expresiones | M98: =IFERROR(VLOOKUP(E98,'Balance de prueba'!$A$2:$F$500,6,0),0)+IFERROR(VLOOKUP(D98,'Balance de prueba'!$A$2:$F$500,6,0),0)+IFERROR(VLOOKUP(C98,'Balance de prueba'!$A$2:$F$500,6,0),0)+IFERROR(VLOOKUP(B98,'Balance de prueba'!$A$2:$F$500,6,0),0)+IFERROR(VLOOKUP(A98,'Balance de prueba'!$A$2:$F$500,6,0),0)+IFERROR(VLOOKUP(F98,'Balance de prueba'!$A$2:$F$500,6,0),0) -> 0 | Q98: =M98+N98-O98+P98 -> 0
G99: =G98+1 -> 90 | K99: Arrendamiento financiero | L99: Costo | M99: =IFERROR(VLOOKUP(E99,'Balance de prueba'!$A$2:$F$500,6,0),0)+IFERROR(VLOOKUP(D99,'Balance de prueba'!$A$2:$F$500,6,0),0)+IFERROR(VLOOKUP(C99,'Balance de prueba'!$A$2:$F$500,6,0),0)+IFERROR(VLOOKUP(B99,'Balance de prueba'!$A$2:$F$500,6,0),0)+IFERROR(VLOOKUP(A99,'Balance de prueba'!$A$2:$F$500,6,0),0)+IFERROR(VLOOKUP(F99,'Balance de prueba'!$A$2:$F$500,6,0),0) -> 0 | Q99: =M99+N99-O99+P99 -> 0
G100: =G99+1 -> 91 | L100: Ajuste acumulado por revaluaciones o re-expresiones | M100: =IFERROR(VLOOKUP(E100,'Balance de prueba'!$A$2:$F$500,6,0),0)+IFERROR(VLOOKUP(D100,'Balance de prueba'!$A$2:$F$500,6,0),0)+IFERROR(VLOOKUP(C100,'Balance de prueba'!$A$2:$F$500,6,0),0)+IFERROR(VLOOKUP(B100,'Balance de prueba'!$A$2:$F$500,6,0),0)+IFERROR(VLOOKUP(A100,'Balance de prueba'!$A$2:$F$500,6,0),0)+IFERROR(VLOOKUP(F100,'Balance de prueba'!$A$2:$F$500,6,0),0) -> 0 | Q100: =M100+N100-O100+P100 -> 0
G101: =G100+1 -> 92 | K101: Otros activos intangibles | L101: Costo | M101: =IFERROR(VLOOKUP(E101,'Balance de prueba'!$A$2:$F$500,6,0),0)+IFERROR(VLOOKUP(D101,'Balance de prueba'!$A$2:$F$500,6,0),0)+IFERROR(VLOOKUP(C101,'Balance de prueba'!$A$2:$F$500,6,0),0)+IFERROR(VLOOKUP(B101,'Balance de prueba'!$A$2:$F$500,6,0),0)+IFERROR(VLOOKUP(A101,'Balance de prueba'!$A$2:$F$500,6,0),0)+IFERROR(VLOOKUP(F101,'Balance de prueba'!$A$2:$F$500,6,0),0) -> 0 | Q101: =M101+N101-O101+P101 -> 0
G102: =G101+1 -> 93 | L102: Ajuste acumulado por revaluaciones o re-expresiones | M102: =IFERROR(VLOOKUP(E102,'Balance de prueba'!$A$2:$F$500,6,0),0)+IFERROR(VLOOKUP(D102,'Balance de prueba'!$A$2:$F$500,6,0),0)+IFERROR(VLOOKUP(C102,'Balance de prueba'!$A$2:$F$500,6,0),0)+IFERROR(VLOOKUP(B102,'Balance de prueba'!$A$2:$F$500,6,0),0)+IFERROR(VLOOKUP(A102,'Balance de prueba'!$A$2:$F$500,6,0),0)+IFERROR(VLOOKUP(F102,'Balance de prueba'!$A$2:$F$500,6,0),0) -> 0 | Q102: =M102+N102-O102+P102 -> 0
G103: =G102+1 -> 94 | K103: Amortización acumulada de activos intangibles distintos de la plusvalía | M103: =IFERROR(VLOOKUP(E103,'Balance de prueba'!$A$2:$F$500,6,0),0)+IFERROR(VLOOKUP(D103,'Balance de prueba'!$A$2:$F$500,6,0),0)+IFERROR(VLOOKUP(C103,'Balance de prueba'!$A$2:$F$500,6,0),0)+IFERROR(VLOOKUP(B103,'Balance de prueba'!$A$2:$F$500,6,0),0)+IFERROR(VLOOKUP(A103,'Balance de prueba'!$A$2:$F$500,6,0),0)+IFERROR(VLOOKUP(F103,'Balance de prueba'!$A$2:$F$500,6,0),0) -> 0 | Q103: =M103+N103-O103+P103 -> 0
G104: =G103+1 -> 95 | K104: Deterioro acumulado de activos intangibles distintos de la plusvalía | M104: =IFERROR(VLOOKUP(E104,'Balance de prueba'!$A$2:$F$500,6,0),0)+IFERROR(VLOOKUP(D104,'Balance de prueba'!$A$2:$F$500,6,0),0)+IFERROR(VLOOKUP(C104,'Balance de prueba'!$A$2:$F$500,6,0),0)+IFERROR(VLOOKUP(B104,'Balance de prueba'!$A$2:$F$500,6,0),0)+IFERROR(VLOOKUP(A104,'Balance de prueba'!$A$2:$F$500,6,0),0)+IFERROR(VLOOKUP(F104,'Balance de prueba'!$A$2:$F$500,6,0),0) -> 0 | Q104: =M104+N104-O104+P104 -> 0
G105: =G104+1 -> 96 | J105: Plusvalía o Good Will | M105: =SUM(M106:M107)-M108-M109 -> 0 | N105: =SUM(N106:N107)-N108-N109 -> 0 | O105: =SUM(O106:O107)-O108-O109 -> 0 | P105: =SUM(P106:P107)-P108-P109 -> 0 | Q105: =SUM(Q106:Q107)-Q108-Q109 -> 0
G106: =G105+1 -> 97 | K106: Plusvalía o Good Will | L106: Adquisición de establecimiento de comercio | M106: =IFERROR(VLOOKUP(E106,'Balance de prueba'!$A$2:$F$500,6,0),0)+IFERROR(VLOOKUP(D106,'Balance de prueba'!$A$2:$F$500,6,0),0)+IFERROR(VLOOKUP(C106,'Balance de prueba'!$A$2:$F$500,6,0),0)+IFERROR(VLOOKUP(B106,'Balance de prueba'!$A$2:$F$500,6,0),0)+IFERROR(VLOOKUP(A106,'Balance de prueba'!$A$2:$F$500,6,0),0)+IFERROR(VLOOKUP(F106,'Balance de prueba'!$A$2:$F$500,6,0),0) -> 0 | Q106: =M106+N106-O106+P106 -> 0
G107: =G106+1 -> 98 | L107: Compra de acciones | M107: =IFERROR(VLOOKUP(E107,'Balance de prueba'!$A$2:$F$500,6,0),0)+IFERROR(VLOOKUP(D107,'Balance de prueba'!$A$2:$F$500,6,0),0)+IFERROR(VLOOKUP(C107,'Balance de prueba'!$A$2:$F$500,6,0),0)+IFERROR(VLOOKUP(B107,'Balance de prueba'!$A$2:$F$500,6,0),0)+IFERROR(VLOOKUP(A107,'Balance de prueba'!$A$2:$F$500,6,0),0)+IFERROR(VLOOKUP(F107,'Balance de prueba'!$A$2:$F$500,6,0),0) -> 0 | Q107: =M107+N107-O107+P107 -> 0
...

Sheet H3 (ERI - Renta Liquida)
M1: Estado de resultados - Impuesto de Renta y complementarios
A8: Diligencie su cuenta | G8: NUM | H8: CONCEPTO | N8: VALOR CONTABLE | O8: EFECTO DE CONVERSION (Por Moneda Funcional Diferente al Peso Colombiano) | P8: MENOR VALOR FISCAL (por reconocimiento, exenciones, limitaciones, etc.) | Q8: MAYOR VALOR FISCAL (por reconocimiento, recuperaciones, deducciones, etc.) | R8: VALOR FISCAL
G9: 1 | H9: Ingresos
G10: =G9+1 -> 2 | I10: Rentas de trabajo | N10: =SUM(N11:N19) -> 0 | O10: =SUM(O11:O19) -> 0 | P10: =SUM(P11:P19) -> 0 | Q10: =SUM(Q11:Q19) -> 0 | R10: =SUM(R11:R19) -> 0
G11: =G10+1 -> 3 | J11: Salarios y demás ingresos laborales | N11: =IFERROR(VLOOKUP(E11,'Balance de prueba'!$A$2:$F$500,6,0),0)+IFERROR(VLOOKUP(D11,'Balance de prueba'!$A$2:$F$500,6,0),0)+IFERROR(VLOOKUP(C11,'Balance de prueba'!$A$2:$F$500,6,0),0)+IFERROR(VLOOKUP(B11,'Balance de prueba'!$A$2:$F$500,6,0),0)+IFERROR(VLOOKUP(A11,'Balance de prueba'!$A$2:$F$500,6,0),0)+IFERROR(VLOOKUP(F11,'Balance de prueba'!$A$2:$F$500,6,0),0) -> 0 | R11: =N11+O11-P11+Q11 -> 0
G12: =G11+1 -> 4 | J12: Honorarios, comisiones, servicios y compensaciones | N12: =IFERROR(VLOOKUP(E12,'Balance de prueba'!$A$2:$F$500,6,0),0)+IFERROR(VLOOKUP(D12,'Balance de prueba'!$A$2:$F$500,6,0),0)+IFERROR(VLOOKUP(C12,'Balance de prueba'!$A$2:$F$500,6,0),0)+IFERROR(VLOOKUP(B12,'Balance de prueba'!$A$2:$F$500,6,0),0)+IFERROR(VLOOKUP(A12,'Balance de prueba'!$A$2:$F$500,6,0),0)+IFERROR(VLOOKUP(F12,'Balance de prueba'!$A$2:$F$500,6,0),0) -> 0 | R12: =N12+O12-P12+Q12 -> 0
G13: =G12+1 -> 5 | J13: Ingresos Obtenidos en el exterior | N13: =IFERROR(VLOOKUP(E13,'Balance de prueba'!$A$2:$F$500,6,0),0)+IFERROR(VLOOKUP(D13,'Balance de prueba'!$A$2:$F$500,6,0),0)+IFERROR(VLOOKUP(C13,'Balance de prueba'!$A$2:$F$500,6,0),0)+IFERROR(VLOOKUP(B13,'Balance de prueba'!$A$2:$F$500,6,0),0)+IFERROR(VLOOKUP(A13,'Balance de prueba'!$A$2:$F$500,6,0),0)+IFERROR(VLOOKUP(F13,'Balance de prueba'!$A$2:$F$500,6,0),0) -> 0 | R13: =N13+O13-P13+Q13 -> 0
G14: =G13+1 -> 6 | J14: Prima especial y de costo de vida (servidores públicos diplomáticos…) | N14: =IFERROR(VLOOKUP(E14,'Balance de prueba'!$A$2:$F$500,6,0),0)+IFERROR(VLOOKUP(D14,'Balance de prueba'!$A$2:$F$500,6,0),0)+IFERROR(VLOOKUP(C14,'Balance de prueba'!$A$2:$F$500,6,0),0)+IFERROR(VLOOKUP(B14,'Balance de prueba'!$A$2:$F$500,6,0),0)+IFERROR(VLOOKUP(A14,'Balance de prueba'!$A$2:$F$500,6,0),0)+IFERROR(VLOOKUP(F14,'Balance de prueba'!$A$2:$F$500,6,0),0) -> 0 | R14: =N14+O14-P14+Q14 -> 0
G15: =G14+1 -> 7 | J15: Pagos a terceros por alimentación | N15: =IFERROR(VLOOKUP(E15,'Balance de prueba'!$A$2:$F$500,6,0),0)+IFERROR(VLOOKUP(D15,'Balance de prueba'!$A$2:$F$500,6,0),0)+IFERROR(VLOOKUP(C15,'Balance de prueba'!$A$2:$F$500,6,0),0)+IFERROR(VLOOKUP(B15,'Balance de prueba'!$A$2:$F$500,6,0),0)+IFERROR(VLOOKUP(A15,'Balance de prueba'!$A$2:$F$500,6,0),0)+IFERROR(VLOOKUP(F15,'Balance de prueba'!$A$2:$F$500,6,0),0) -> 0 | R15: =N15+O15-P15+Q15 -> 0
G16: =G15+1 -> 8 | J16: Apoyo económico para financiar programas educativos | N16: =IFERROR(VLOOKUP(E16,'Balance de prueba'!$A$2:$F$500,6,0),0)+IFERROR(VLOOKUP(D16,'Balance de prueba'!$A$2:$F$500,6,0),0)+IFERROR(VLOOKUP(C16,'Balance de prueba'!$A$2:$F$500,6,0),0)+IFERROR(VLOOKUP(B16,'Balance de prueba'!$A$2:$F$500,6,0),0)+IFERROR(VLOOKUP(A16,'Balance de prueba'!$A$2:$F$500,6,0),0)+IFERROR(VLOOKUP(F16,'Balance de prueba'!$A$2:$F$500,6,0),0) -> 0 | R16: =N16+O16-P16+Q16 -> 0
G17: =G16+1 -> 9 | J17: Otros ingresos laborales (Indemnizaciones, etc.) | N17: =IFERROR(VLOOKUP(E17,'Balance de prueba'!$A$2:$F$500,6,0),0)+IFERROR(VLOOKUP(D17,'Balance de prueba'!$A$2:$F$500,6,0),0)+IFERROR(VLOOKUP(C17,'Balance de prueba'!$A$2:$F$500,6,0),0)+IFERROR(VLOOKUP(B17,'Balance de prueba'!$A$2:$F$500,6,0),0)+IFERROR(VLOOKUP(A17,'Balance de prueba'!$A$2:$F$500,6,0),0)+IFERROR(VLOOKUP(F17,'Balance de prueba'!$A$2:$F$500,6,0),0) -> 0 | R17: =N17+O17-P17+Q17 -> 0
G18: =G17+1 -> 10 | J18: Mayor ingreso - Precios de Transferencia | R18: =N18+O18-P18+Q18 -> 0
G19: =G18+1 -> 11 | J19: Otros ingresos fiscales y no incluidos contablemente | R19: =N19+O19-P19+Q19 -> 0
G20: =G19+1 -> 12 | I20: Rentas de pensiones | N20: =SUM(N21:N24) -> 0 | O20: =SUM(O21:O24) -> 0 | P20: =SUM(P21:P24) -> 0 | Q20: =SUM(Q21:Q24) -> 0 | R20: =SUM(R21:R24) -> 0
G21: =G20+1 -> 13 | J21: Ingresos por pensiones | N21: =IFERROR(VLOOKUP(E21,'Balance de prueba'!$A$2:$F$500,6,0),0)+IFERROR(VLOOKUP(D21,'Balance de prueba'!$A$2:$F$500,6,0),0)+IFERROR(VLOOKUP(C21,'Balance de prueba'!$A$2:$F$500,6,0),0)+IFERROR(VLOOKUP(B21,'Balance de prueba'!$A$2:$F$500,6,0),0)+IFERROR(VLOOKUP(A21,'Balance de prueba'!$A$2:$F$500,6,0),0)+IFERROR(VLOOKUP(F21,'Balance de prueba'!$A$2:$F$500,6,0),0) -> 0 | R21: =N21+O21-P21+Q21 -> 0
G22: =G21+1 -> 14 | J22: Ingresos por pensiones del exterior | N22: =IFERROR(VLOOKUP(E22,'Balance de prueba'!$A$2:$F$500,6,0),0)+IFERROR(VLOOKUP(D22,'Balance de prueba'!$A$2:$F$500,6,0),0)+IFERROR(VLOOKUP(C22,'Balance de prueba'!$A$2:$F$500,6,0),0)+IFERROR(VLOOKUP(B22,'Balance de prueba'!$A$2:$F$500,6,0),0)+IFERROR(VLOOKUP(A22,'Balance de prueba'!$A$2:$F$500,6,0),0)+IFERROR(VLOOKUP(F22,'Balance de prueba'!$A$2:$F$500,6,0),0) -> 0 | R22: =N22+O22-P22+Q22 -> 0
G23: =G22+1 -> 15 | J23: Indemnizaciones Sustitutivas de las Pensiones o devoluciones de saldos de ahorro pensional | N23: =IFERROR(VLOOKUP(E23,'Balance de prueba'!$A$2:$F$500,6,0),0)+IFERROR(VLOOKUP(D23,'Balance de prueba'!$A$2:$F$500,6,0),0)+IFERROR(VLOOKUP(C23,'Balance de prueba'!$A$2:$F$500,6,0),0)+IFERROR(VLOOKUP(B23,'Balance de prueba'!$A$2:$F$500,6,0),0)+IFERROR(VLOOKUP(A23,'Balance de prueba'!$A$2:$F$500,6,0),0)+IFERROR(VLOOKUP(F23,'Balance de prueba'!$A$2:$F$500,6,0),0) -> 0 | R23: =N23+O23-P23+Q23 -> 0
G24: =G23+1 -> 16 | J24: Otros ingresos fiscales y no incluidos contablemente | R24: =N24+O24-P24+Q24 -> 0
G25: =G24+1 -> 17 | I25: Rentas de capital | N25: =SUM(N26:N36) -> 0 | O25: =SUM(O26:O36) -> 0 | P25: =SUM(P26:P36) -> 0 | Q25: =SUM(Q26:Q36) -> 0 | R25: =SUM(R26:R36) -> 0
G26: =G25+1 -> 18 | J26: Intereses devengados | N26: =IFERROR(VLOOKUP(E26,'Balance de prueba'!$A$2:$F$500,6,0),0)+IFERROR(VLOOKUP(D26,'Balance de prueba'!$A$2:$F$500,6,0),0)+IFERROR(VLOOKUP(C26,'Balance de prueba'!$A$2:$F$500,6,0),0)+IFERROR(VLOOKUP(B26,'Balance de prueba'!$A$2:$F$500,6,0),0)+IFERROR(VLOOKUP(A26,'Balance de prueba'!$A$2:$F$500,6,0),0)+IFERROR(VLOOKUP(F26,'Balance de prueba'!$A$2:$F$500,6,0),0) -> 0 | R26: =N26+O26-P26+Q26 -> 0
G27: =G26+1 -> 19 | J27: Intereses implícitos (transacciones de financiación) | N27: =IFERROR(VLOOKUP(E27,'Balance de prueba'!$A$2:$F$500,6,0),0)+IFERROR(VLOOKUP(D27,'Balance de prueba'!$A$2:$F$500,6,0),0)+IFERROR(VLOOKUP(C27,'Balance de prueba'!$A$2:$F$500,6,0),0)+IFERROR(VLOOKUP(B27,'Balance de prueba'!$A$2:$F$500,6,0),0)+IFERROR(VLOOKUP(A27,'Balance de prueba'!$A$2:$F$500,6,0),0)+IFERROR(VLOOKUP(F27,'Balance de prueba'!$A$2:$F$500,6,0),0) -> 0 | R27: =N27+O27-P27+Q27 -> 0
G28: =G27+1 -> 20 | J28: Rendimientos cotizaciones y aportes voluntarios, régimen de ahorro individual con solidaridad o fondos de pensiones obligatorias | N28: =IFERROR(VLOOKUP(E28,'Balance de prueba'!$A$2:$F$500,6,0),0)+IFERROR(VLOOKUP(D28,'Balance de prueba'!$A$2:$F$500,6,0),0)+IFERROR(VLOOKUP(C28,'Balance de prueba'!$A$2:$F$500,6,0),0)+IFERROR(VLOOKUP(B28,'Balance de prueba'!$A$2:$F$500,6,0),0)+IFERROR(VLOOKUP(A28,'Balance de prueba'!$A$2:$F$500,6,0),0)+IFERROR(VLOOKUP(F28,'Balance de prueba'!$A$2:$F$500,6,0),0) -> 0 | R28: =N28+O28-P28+Q28 -> 0
G29: =G28+1 -> 21 | J29: Rendimientos aportes voluntarios a los seguros privados de pensiones y a los fondos de pensiones voluntarias | N29: =IFERROR(VLOOKUP(E29,'Balance de prueba'!$A$2:$F$500,6,0),0)+IFERROR(VLOOKUP(D29,'Balance de prueba'!$A$2:$F$500,6,0),0)+IFERROR(VLOOKUP(C29,'Balance de prueba'!$A$2:$F$500,6,0),0)+IFERROR(VLOOKUP(B29,'Balance de prueba'!$A$2:$F$500,6,0),0)+IFERROR(VLOOKUP(A29,'Balance de prueba'!$A$2:$F$500,6,0),0)+IFERROR(VLOOKUP(F29,'Balance de prueba'!$A$2:$F$500,6,0),0) -> 0 | R29: =N29+O29-P29+Q29 -> 0
G30: =G29+1 -> 22 | J30: Rendimientos aportes a cuentas AFC | N30: =IFERROR(VLOOKUP(E30,'Balance de prueba'!$A$2:$F$500,6,0),0)+IFERROR(VLOOKUP(D30,'Balance de prueba'!$A$2:$F$500,6,0),0)+IFERROR(VLOOKUP(C30,'Balance de prueba'!$A$2:$F$500,6,0),0)+IFERROR(VLOOKUP(B30,'Balance de prueba'!$A$2:$F$500,6,0),0)+IFERROR(VLOOKUP(A30,'Balance de prueba'!$A$2:$F$500,6,0),0)+IFERROR(VLOOKUP(F30,'Balance de prueba'!$A$2:$F$500,6,0),0) -> 0 | R30: =N30+O30-P30+Q30 -> 0
G31: =G30+1 -> 23 | J31: Arrendamiento financiero o mercantil (leasing) | N31: =IFERROR(VLOOKUP(E31,'Balance de prueba'!$A$2:$F$500,6,0),0)+IFERROR(VLOOKUP(D31,'Balance de prueba'!$A$2:$F$500,6,0),0)+IFERROR(VLOOKUP(C31,'Balance de prueba'!$A$2:$F$500,6,0),0)+IFERROR(VLOOKUP(B31,'Balance de prueba'!$A$2:$F$500,6,0),0)+IFERROR(VLOOKUP(A31,'Balance de prueba'!$A$2:$F$500,6,0),0)+IFERROR(VLOOKUP(F31,'Balance de prueba'!$A$2:$F$500,6,0),0) -> 0 | R31: =N31+O31-P31+Q31 -> 0
G32: =G31+1 -> 24 | J32: Por arrendamientos operativos | N32: =IFERROR(VLOOKUP(E32,'Balance de prueba'!$A$2:$F$500,6,0),0)+IFERROR(VLOOKUP(D32,'Balance de prueba'!$A$2:$F$500,6,0),0)+IFERROR(VLOOKUP(C32,'Balance de prueba'!$A$2:$F$500,6,0),0)+IFERROR(VLOOKUP(B32,'Balance de prueba'!$A$2:$F$500,6,0),0)+IFERROR(VLOOKUP(A32,'Balance de prueba'!$A$2:$F$500,6,0),0)+IFERROR(VLOOKUP(F32,'Balance de prueba'!$A$2:$F$500,6,0),0) -> 0 | R32: =N32+O32-P32+Q32 -> 0
G33: =G32+1 -> 25 | J33: Regalías y propiedad intelectual | N33: =IFERROR(VLOOKUP(E33,'Balance de prueba'!$A$2:$F$500,6,0),0)+IFERROR(VLOOKUP(D33,'Balance de prueba'!$A$2:$F$500,6,0),0)+IFERROR(VLOOKUP(C33,'Balance de prueba'!$A$2:$F$500,6,0),0)+IFERROR(VLOOKUP(B33,'Balance de prueba'!$A$2:$F$500,6,0),0)+IFERROR(VLOOKUP(A33,'Balance de prueba'!$A$2:$F$500,6,0),0)+IFERROR(VLOOKUP(F33,'Balance de prueba'!$A$2:$F$500,6,0),0) -> 0 | R33: =N33+O33-P33+Q33 -> 0
G34: =G33+1 -> 26 | J34: Ingresos del exterior por rentas de capital | N34: =IFERROR(VLOOKUP(E34,'Balance de prueba'!$A$2:$F$500,6,0),0)+IFERROR(VLOOKUP(D34,'Balance de prueba'!$A$2:$F$500,6,0),0)+IFERROR(VLOOKUP(C34,'Balance de prueba'!$A$2:$F$500,6,0),0)+IFERROR(VLOOKUP(B34,'Balance de prueba'!$A$2:$F$500,6,0),0)+IFERROR(VLOOKUP(A34,'Balance de prueba'!$A$2:$F$500,6,0),0)+IFERROR(VLOOKUP(F34,'Balance de prueba'!$A$2:$F$500,6,0),0) -> 0 | R34: =N34+O34-P34+Q34 -> 0
G35: =G34+1 -> 27 | J35: Mayor ingreso - Precios de Transferencia | R35: =N35+O35-P35+Q35 -> 0
G36: =G35+1 -> 28 | J36: Intereses presuntos | R36: =N36+O36-P36+Q36 -> 0
G37: =G36+1 -> 29 | I37: Rentas no laborales | N37: =N38+N59+N62+N65+N71+N81+N91+N104+N111+N116+N127+N128 -> 0 | P37: =P38+P59+P62+P65+P71+P91+P104+P111+P116+P127+P128 -> 0 | Q37: =Q38+Q59+Q62+Q65+Q71+Q91+Q104+Q111+Q116+Q127+Q128 -> 0 | R37: =R38+R59+R62+R65+R71+R91+R104+R111+R116+R127+R128 -> 0
G38: =G37+1 -> 30 | J38: Ingresos netos Actividad Industrial, comercial y servicios | N38: =N39-N55 -> 0 | O38: =O39-O55 -> 0 | P38: =P39-P55 -> 0 | Q38: =Q39-Q55 -> 0 | R38: =R39-R55 -> 0
G39: =G38+1 -> 31 | K39: Ingresos brutos Actividad Industrial, comercial y servicios | N39: =SUM(N40:N54) -> 0 | O39: =SUM(O40:O54) -> 0 | P39: =SUM(P40:P54) -> 0 | Q39: =SUM(Q40:Q54) -> 0 | R39: =SUM(R40:R54) -> 0
G40: =G39+1 -> 32 | L40: Venta de bienes | M40: Al territorio nacional | N40: =IFERROR(VLOOKUP(E40,'Balance de prueba'!$A$2:$F$500,6,0),0)+IFERROR(VLOOKUP(D40,'Balance de prueba'!$A$2:$F$500,6,0),0)+IFERROR(VLOOKUP(C40,'Balance de prueba'!$A$2:$F$500,6,0),0)+IFERROR(VLOOKUP(B40,'Balance de prueba'!$A$2:$F$500,6,0),0)+IFERROR(VLOOKUP(A40,'Balance de prueba'!$A$2:$F$500,6,0),0)+IFERROR(VLOOKUP(F40,'Balance de prueba'!$A$2:$F$500,6,0),0) -> 0 | R40: =N40+O40-P40+Q40 -> 0
G41: =G40+1 -> 33 | M41: Exportación a otros países | N41: =IFERROR(VLOOKUP(E41,'Balance de prueba'!$A$2:$F$500,6,0),0)+IFERROR(VLOOKUP(D41,'Balance de prueba'!$A$2:$F$500,6,0),0)+IFERROR(VLOOKUP(C41,'Balance de prueba'!$A$2:$F$500,6,0),0)+IFERROR(VLOOKUP(B41,'Balance de prueba'!$A$2:$F$500,6,0),0)+IFERROR(VLOOKUP(A41,'Balance de prueba'!$A$2:$F$500,6,0),0)+IFERROR(VLOOKUP(F41,'Balance de prueba'!$A$2:$F$500,6,0),0) -> 0 | R41: =N41+O41-P41+Q41 -> 0
G42: =G41+1 -> 34 | M42: Zona franca | N42: =IFERROR(VLOOKUP(E42,'Balance de prueba'!$A$2:$F$500,6,0),0)+IFERROR(VLOOKUP(D42,'Balance de prueba'!$A$2:$F$500,6,0),0)+IFERROR(VLOOKUP(C42,'Balance de prueba'!$A$2:$F$500,6,0),0)+IFERROR(VLOOKUP(B42,'Balance de prueba'!$A$2:$F$500,6,0),0)+IFERROR(VLOOKUP(A42,'Balance de prueba'!$A$2:$F$500,6,0),0)+IFERROR(VLOOKUP(F42,'Balance de prueba'!$A$2:$F$500,6,0),0) -> 0 | R42: =N42+O42-P42+Q42 -> 0
G43: =G42+1 -> 35 | M43: Comercializadoras Internacionales | N43: =IFERROR(VLOOKUP(E43,'Balance de prueba'!$A$2:$F$500,6,0),0)+IFERROR(VLOOKUP(D43,'Balance de prueba'!$A$2:$F$500,6,0),0)+IFERROR(VLOOKUP(C43,'Balance de prueba'!$A$2:$F$500,6,0),0)+IFERROR(VLOOKUP(B43,'Balance de prueba'!$A$2:$F$500,6,0),0)+IFERROR(VLOOKUP(A43,'Balance de prueba'!$A$2:$F$500,6,0),0)+IFERROR(VLOOKUP(F43,'Balance de prueba'!$A$2:$F$500,6,0),0) -> 0 | R43: =N43+O43-P43+Q43 -> 0
G44: =G43+1 -> 36 | M44: Jurisdicciones no cooperantes, de baja o nula imposición y regímenes tributarios preferenciales | N44: =IFERROR(VLOOKUP(E44,'Balance de prueba'!$A$2:$F$500,6,0),0)+IFERROR(VLOOKUP(D44,'Balance de prueba'!$A$2:$F$500,6,0),0)+IFERROR(VLOOKUP(C44,'Balance de prueba'!$A$2:$F$500,6,0),0)+IFERROR(VLOOKUP(B44,'Balance de prueba'!$A$2:$F$500,6,0),0)+IFERROR(VLOOKUP(A44,'Balance de prueba'!$A$2:$F$500,6,0),0)+IFERROR(VLOOKUP(F44,'Balance de prueba'!$A$2:$F$500,6,0),0) -> 0 | R44: =N44+O44-P44+Q44 -> 0
G45: =G44+1 -> 37 | M45: Vinculado Económicos zona Franca y exterior | N45: =IFERROR(VLOOKUP(E45,'Balance de prueba'!$A$2:$F$500,6,0),0)+IFERROR(VLOOKUP(D45,'Balance de prueba'!$A$2:$F$500,6,0),0)+IFERROR(VLOOKUP(C45,'Balance de prueba'!$A$2:$F$500,6,0),0)+IFERROR(VLOOKUP(B45,'Balance de prueba'!$A$2:$F$500,6,0),0)+IFERROR(VLOOKUP(A45,'Balance de prueba'!$A$2:$F$500,6,0),0)+IFERROR(VLOOKUP(F45,'Balance de prueba'!$A$2:$F$500,6,0),0) -> 0 | R45: =N45+O45-P45+Q45 -> 0
G46: =G45+1 -> 38 | L46: Prestación de servicios (diferentes de honorarios profesionales) | M46: Al territorio nacional | N46: =IFERROR(VLOOKUP(E46,'Balance de prueba'!$A$2:$F$500,6,0),0)+IFERROR(VLOOKUP(D46,'Balance de prueba'!$A$2:$F$500,6,0),0)+IFERROR(VLOOKUP(C46,'Balance de prueba'!$A$2:$F$500,6,0),0)+IFERROR(VLOOKUP(B46,'Balance de prueba'!$A$2:$F$500,6,0),0)+IFERROR(VLOOKUP(A46,'Balance de prueba'!$A$2:$F$500,6,0),0)+IFERROR(VLOOKUP(F46,'Balance de prueba'!$A$2:$F$500,6,0),0) -> 0 | R46: =N46+O46-P46+Q46 -> 0
G47: =G46+1 -> 39 | M47: Exportación a otros países | N47: =IFERROR(VLOOKUP(E47,'Balance de prueba'!$A$2:$F$500,6,0),0)+IFERROR(VLOOKUP(D47,'Balance de prueba'!$A$2:$F$500,6,0),0)+IFERROR(VLOOKUP(C47,'Balance de prueba'!$A$2:$F$500,6,0),0)+IFERROR(VLOOKUP(B47,'Balance de prueba'!$A$2:$F$500,6,0),0)+IFERROR(VLOOKUP(A47,'Balance de prueba'!$A$2:$F$500,6,0),0)+IFERROR(VLOOKUP(F47,'Balance de prueba'!$A$2:$F$500,6,0),0) -> 0 | R47: =N47+O47-P47+Q47 -> 0
G48: =G47+1 -> 40 | M48: Zona franca | N48: =IFERROR(VLOOKUP(E48,'Balance de prueba'!$A$2:$F$500,6,0),0)+IFERROR(VLOOKUP(D48,'Balance de prueba'!$A$2:$F$500,6,0),0)+IFERROR(VLOOKUP(C48,'Balance de prueba'!$A$2:$F$500,6,0),0)+IFERROR(VLOOKUP(B48,'Balance de prueba'!$A$2:$F$500,6,0),0)+IFERROR(VLOOKUP(A48,'Balance de prueba'!$A$2:$F$500,6,0),0)+IFERROR(VLOOKUP(F48,'Balance de prueba'!$A$2:$F$500,6,0),0) -> 0 | R48: =N48+O48-P48+Q48 -> 0
G49: =G48+1 -> 41 | M49: Comercializadoras Internacionales | N49: =IFERROR(VLOOKUP(E49,'Balance de prueba'!$A$2:$F$500,6,0),0)+IFERROR(VLOOKUP(D49,'Balance de prueba'!$A$2:$F$500,6,0),0)+IFERROR(VLOOKUP(C49,'Balance de prueba'!$A$2:$F$500,6,0),0)+IFERROR(VLOOKUP(B49,'Balance de prueba'!$A$2:$F$500,6,0),0)+IFERROR(VLOOKUP(A49,'Balance de prueba'!$A$2:$F$500,6,0),0)+IFERROR(VLOOKUP(F49,'Balance de prueba'!$A$2:$F$500,6,0),0) -> 0 | R49: =N49+O49-P49+Q49 -> 0
G50: =G49+1 -> 42 | M50: Jurisdicciones no cooperantes, de baja o nula imposición y regímenes tributarios preferenciales | N50: =IFERROR(VLOOKUP(E50,'Balance de prueba'!$A$2:$F$500,6,0),0)+IFERROR(VLOOKUP(D50,'Balance de prueba'!$A$2:$F$500,6,0),0)+IFERROR(VLOOKUP(C50,'Balance de prueba'!$A$2:$F$500,6,0),0)+IFERROR(VLOOKUP(B50,'Balance de prueba'!$A$2:$F$500,6,0),0)+IFERROR(VLOOKUP(A50,'Balance de prueba'!$A$2:$F$500,6,0),0)+IFERROR(VLOOKUP(F50,'Balance de prueba'!$A$2:$F$500,6,0),0) -> 0 | R50: =N50+O50-P50+Q50 -> 0
G51: =G50+1 -> 43 | M51: Vinculado Económicos Zona Franca y exterior | N51: =IFERROR(VLOOKUP(E51,'Balance de prueba'!$A$2:$F$500,6,0),0)+IFERROR(VLOOKUP(D51,'Balance de prueba'!$A$2:$F$500,6,0),0)+IFERROR(VLOOKUP(C51,'Balance de prueba'!$A$2:$F$500,6,0),0)+IFERROR(VLOOKUP(B51,'Balance de prueba'!$A$2:$F$500,6,0),0)+IFERROR(VLOOKUP(A51,'Balance de prueba'!$A$2:$F$500,6,0),0)+IFERROR(VLOOKUP(F51,'Balance de prueba'!$A$2:$F$500,6,0),0) -> 0 | R51: =N51+O51-P51+Q51 -> 0
G52: =G51+1 -> 44 | L52: Servicios de construcción | N52: =IFERROR(VLOOKUP(E52,'Balance de prueba'!$A$2:$F$500,6,0),0)+IFERROR(VLOOKUP(D52,'Balance de prueba'!$A$2:$F$500,6,0),0)+IFERROR(VLOOKUP(C52,'Balance de prueba'!$A$2:$F$500,6,0),0)+IFERROR(VLOOKUP(B52,'Balance de prueba'!$A$2:$F$500,6,0),0)+IFERROR(VLOOKUP(A52,'Balance de prueba'!$A$2:$F$500,6,0),0)+IFERROR(VLOOKUP(F52,'Balance de prueba'!$A$2:$F$500,6,0),0) -> 0 | R52: =N52+O52-P52+Q52 -> 0
G53: =G52+1 -> 45 | L53: Acuerdos de concesión de servicios | N53: =IFERROR(VLOOKUP(E53,'Balance de prueba'!$A$2:$F$500,6,0),0)+IFERROR(VLOOKUP(D53,'Balance de prueba'!$A$2:$F$500,6,0),0)+IFERROR(VLOOKUP(C53,'Balance de prueba'!$A$2:$F$500,6,0),0)+IFERROR(VLOOKUP(B53,'Balance de prueba'!$A$2:$F$500,6,0),0)+IFERROR(VLOOKUP(A53,'Balance de prueba'!$A$2:$F$500,6,0),0)+IFERROR(VLOOKUP(F53,'Balance de prueba'!$A$2:$F$500,6,0),0) -> 0 | R53: =N53+O53-P53+Q53 -> 0
G54: =G53+1 -> 46 | L54: Otros ingresos | N54: =IFERROR(VLOOKUP(E54,'Balance de prueba'!$A$2:$F$500,6,0),0)+IFERROR(VLOOKUP(D54,'Balance de prueba'!$A$2:$F$500,6,0),0)+IFERROR(VLOOKUP(C54,'Balance de prueba'!$A$2:$F$500,6,0),0)+IFERROR(VLOOKUP(B54,'Balance de prueba'!$A$2:$F$500,6,0),0)+IFERROR(VLOOKUP(A54,'Balance de prueba'!$A$2:$F$500,6,0),0)+IFERROR(VLOOKUP(F54,'Balance de prueba'!$A$2:$F$500,6,0),0) -> 0 | R54: =N54+O54-P54+Q54 -> 0
G55: =G54+1 -> 47 | K55: Devoluciones, rebajas y descuentos | N55: =SUM(N56:N58) -> 0 | O55: =SUM(O56:O58) -> 0 | P55: =SUM(P56:P58) -> 0 | Q55: =SUM(Q56:Q58) -> 0 | R55: =SUM(R56:R58) -> 0
G56: =G55+1 -> 48 | L56: En venta de bienes | N56: =IFERROR(VLOOKUP(E56,'Balance de prueba'!$A$2:$F$500,6,0),0)+IFERROR(VLOOKUP(D56,'Balance de prueba'!$A$2:$F$500,6,0),0)+IFERROR(VLOOKUP(C56,'Balance de prueba'!$A$2:$F$500,6,0),0)+IFERROR(VLOOKUP(B56,'Balance de prueba'!$A$2:$F$500,6,0),0)+IFERROR(VLOOKUP(A56,'Balance de prueba'!$A$2:$F$500,6,0),0)+IFERROR(VLOOKUP(F56,'Balance de prueba'!$A$2:$F$500,6,0),0) -> 0 | R56: =N56+O56-P56+Q56 -> 0
G57: =G56+1 -> 49 | L57: En prestación de servicios | N57: =IFERROR(VLOOKUP(E57,'Balance de prueba'!$A$2:$F$500,6,0),0)+IFERROR(VLOOKUP(D57,'Balance de prueba'!$A$2:$F$500,6,0),0)+IFERROR(VLOOKUP(C57,'Balance de prueba'!$A$2:$F$500,6,0),0)+IFERROR(VLOOKUP(B57,'Balance de prueba'!$A$2:$F$500,6,0),0)+IFERROR(VLOOKUP(A57,'Balance de prueba'!$A$2:$F$500,6,0),0)+IFERROR(VLOOKUP(F57,'Balance de prueba'!$A$2:$F$500,6,0),0) -> 0 | R57: =N57+O57-P57+Q57 -> 0
G58: =G57+1 -> 50 | L58: Otras devoluciones, rebajas y descuentos | N58: =IFERROR(VLOOKUP(E58,'Balance de prueba'!$A$2:$F$500,6,0),0)+IFERROR(VLOOKUP(D58,'Balance de prueba'!$A$2:$F$500,6,0),0)+IFERROR(VLOOKUP(C58,'Balance de prueba'!$A$2:$F$500,6,0),0)+IFERROR(VLOOKUP(B58,'Balance de prueba'!$A$2:$F$500,6,0),0)+IFERROR(VLOOKUP(A58,'Balance de prueba'!$A$2:$F$500,6,0),0)+IFERROR(VLOOKUP(F58,'Balance de prueba'!$A$2:$F$500,6,0),0) -> 0 | R58: =N58+O58-P58+Q58 -> 0
G59: =G58+1 -> 51 | J59: Honorarios distintos a las rentas de trabajo | N59: =SUM(N60:N61) -> 0 | O59: =SUM(O60:O61) -> 0 | P59: =SUM(P60:P61) -> 0 | Q59: =SUM(Q60:Q61) -> 0 | R59: =SUM(R60:R61) -> 0
G60: =G59+1 -> 52 | K60: Honorarios distintos a las rentas de trabajo | N60: =IFERROR(VLOOKUP(E60,'Balance de prueba'!$A$2:$F$500,6,0),0)+IFERROR(VLOOKUP(D60,'Balance de prueba'!$A$2:$F$500,6,0),0)+IFERROR(VLOOKUP(C60,'Balance de prueba'!$A$2:$F$500,6,0),0)+IFERROR(VLOOKUP(B60,'Balance de prueba'!$A$2:$F$500,6,0),0)+IFERROR(VLOOKUP(A60,'Balance de prueba'!$A$2:$F$500,6,0),0)+IFERROR(VLOOKUP(F60,'Balance de prueba'!$A$2:$F$500,6,0),0) -> 0 | R60: =N60+O60-P60+Q60 -> 0
G61: =G60+1 -> 53 | K61: Comisiones (relaciones de agencia) | N61: =IFERROR(VLOOKUP(E61,'Balance de prueba'!$A$2:$F$500,6,0),0)+IFERROR(VLOOKUP(D61,'Balance de prueba'!$A$2:$F$500,6,0),0)+IFERROR(VLOOKUP(C61,'Balance de prueba'!$A$2:$F$500,6,0),0)+IFERROR(VLOOKUP(B61,'Balance de prueba'!$A$2:$F$500,6,0),0)+IFERROR(VLOOKUP(A61,'Balance de prueba'!$A$2:$F$500,6,0),0)+IFERROR(VLOOKUP(F61,'Balance de prueba'!$A$2:$F$500,6,0),0) -> 0 | R61: =N61+O61-P61+Q61 -> 0
G62: =G61+1 -> 54 | J62: Ingresos financieros | N62: =SUM(N63:N64) -> 0 | O62: =SUM(O63:O64) -> 0 | P62: =SUM(P63:P64) -> 0 | Q62: =SUM(Q63:Q64) -> 0 | R62: =SUM(R63:R64) -> 0
G63: =G62+1 -> 55 | K63: Diferencia en cambio | N63: =IFERROR(VLOOKUP(E63,'Balance de prueba'!$A$2:$F$500,6,0),0)+IFERROR(VLOOKUP(D63,'Balance de prueba'!$A$2:$F$500,6,0),0)+IFERROR(VLOOKUP(C63,'Balance de prueba'!$A$2:$F$500,6,0),0)+IFERROR(VLOOKUP(B63,'Balance de prueba'!$A$2:$F$500,6,0),0)+IFERROR(VLOOKUP(A63,'Balance de prueba'!$A$2:$F$500,6,0),0)+IFERROR(VLOOKUP(F63,'Balance de prueba'!$A$2:$F$500,6,0),0) -> 0 | R63: =N63+O63-P63+Q63 -> 0
G64: =G63+1 -> 56 | K64: Otros ingresos financieros | N64: =IFERROR(VLOOKUP(E64,'Balance de prueba'!$A$2:$F$500,6,0),0)+IFERROR(VLOOKUP(D64,'Balance de prueba'!$A$2:$F$500,6,0),0)+IFERROR(VLOOKUP(C64,'Balance de prueba'!$A$2:$F$500,6,0),0)+IFERROR(VLOOKUP(B64,'Balance de prueba'!$A$2:$F$500,6,0),0)+IFERROR(VLOOKUP(A64,'Balance de prueba'!$A$2:$F$500,6,0),0)+IFERROR(VLOOKUP(F64,'Balance de prueba'!$A$2:$F$500,6,0),0) -> 0 | R64: =N64+O64-P64+Q64 -> 0
G65: =G64+1 -> 57 | J65: Ingresos por mediciones a valor razonable | N65: =SUM(N66:N70) -> 0 | O65: =SUM(O66:O70) -> 0 | P65: =SUM(P66:P70) -> 0 | Q65: =SUM(Q66:Q70) -> 0 | R65: =SUM(R66:R70) -> 0
G66: =G65+1 -> 58 | K66: Activos biológicos | N66: =IFERROR(VLOOKUP(E66,'Balance de prueba'!$A$2:$F$500,6,0),0)+IFERROR(VLOOKUP(D66,'Balance de prueba'!$A$2:$F$500,6,0),0)+IFERROR(VLOOKUP(C66,'Balance de prueba'!$A$2:$F$500,6,0),0)+IFERROR(VLOOKUP(B66,'Balance de prueba'!$A$2:$F$500,6,0),0)+IFERROR(VLOOKUP(A66,'Balance de prueba'!$A$2:$F$500,6,0),0)+IFERROR(VLOOKUP(F66,'Balance de prueba'!$A$2:$F$500,6,0),0) -> 0 | R66: =N66+O66-P66+Q66 -> 0
G67: =G66+1 -> 59 | K67: Propiedades de inversión | N67: =IFERROR(VLOOKUP(E67,'Balance de prueba'!$A$2:$F$500,6,0),0)+IFERROR(VLOOKUP(D67,'Balance de prueba'!$A$2:$F$500,6,0),0)+IFERROR(VLOOKUP(C67,'Balance de prueba'!$A$2:$F$500,6,0),0)+IFERROR(VLOOKUP(B67,'Balance de prueba'!$A$2:$F$500,6,0),0)+IFERROR(VLOOKUP(A67,'Balance de prueba'!$A$2:$F$500,6,0),0)+IFERROR(VLOOKUP(F67,'Balance de prueba'!$A$2:$F$500,6,0),0) -> 0 | R67: =N67+O67-P67+Q67 -> 0
G68: =G67+1 -> 60 | K68: Instrumentos financieros, diferente a inversiones en subsidiarias, asociadas y/o negocios conjuntos | N68: =IFERROR(VLOOKUP(E68,'Balance de prueba'!$A$2:$F$500,6,0),0)+IFERROR(VLOOKUP(D68,'Balance de prueba'!$A$2:$F$500,6,0),0)+IFERROR(VLOOKUP(C68,'Balance de prueba'!$A$2:$F$500,6,0),0)+IFERROR(VLOOKUP(B68,'Balance de prueba'!$A$2:$F$500,6,0),0)+IFERROR(VLOOKUP(A68,'Balance de prueba'!$A$2:$F$500,6,0),0)+IFERROR(VLOOKUP(F68,'Balance de prueba'!$A$2:$F$500,6,0),0) -> 0 | R68: =N68+O68-P68+Q68 -> 0
G69: =G68+1 -> 61 | K69: Instrumentos derivados | N69: =IFERROR(VLOOKUP(E69,'Balance de prueba'!$A$2:$F$500,6,0),0)+IFERROR(VLOOKUP(D69,'Balance de prueba'!$A$2:$F$500,6,0),0)+IFERROR(VLOOKUP(C69,'Balance de prueba'!$A$2:$F$500,6,0),0)+IFERROR(VLOOKUP(B69,'Balance de prueba'!$A$2:$F$500,6,0),0)+IFERROR(VLOOKUP(A69,'Balance de prueba'!$A$2:$F$500,6,0),0)+IFERROR(VLOOKUP(F69,'Balance de prueba'!$A$2:$F$500,6,0),0) -> 0 | R69: =N69+O69-P69+Q69 -> 0
G70: =G69+1 -> 62 | K70: Otros | N70: =IFERROR(VLOOKUP(E70,'Balance de prueba'!$A$2:$F$500,6,0),0)+IFERROR(VLOOKUP(D70,'Balance de prueba'!$A$2:$F$500,6,0),0)+IFERROR(VLOOKUP(C70,'Balance de prueba'!$A$2:$F$500,6,0),0)+IFERROR(VLOOKUP(B70,'Balance de prueba'!$A$2:$F$500,6,0),0)+IFERROR(VLOOKUP(A70,'Balance de prueba'!$A$2:$F$500,6,0),0)+IFERROR(VLOOKUP(F70,'Balance de prueba'!$A$2:$F$500,6,0),0) -> 0 | R70: =N70+O70-P70+Q70 -> 0
G71: =G70+1 -> 63 | J71: Utilidad por venta o enajenación de activos, bienes poseídos por menos de dos años | N71: =SUM(N72:N80) -> 0 | O71: =SUM(O72:O80) -> 0 | P71: =SUM(P72:P80) -> 0 | Q71: =SUM(Q72:Q80) -> 0 | R71: =SUM(R72:R80) -> 0
G72: =G71+1 -> 64 | K72: Casa o apartamento de habitación | N72: =IFERROR(VLOOKUP(E72,'Balance de prueba'!$A$2:$F$500,6,0),0)+IFERROR(VLOOKUP(D72,'Balance de prueba'!$A$2:$F$500,6,0),0)+IFERROR(VLOOKUP(C72,'Balance de prueba'!$A$2:$F$500,6,0),0)+IFERROR(VLOOKUP(B72,'Balance de prueba'!$A$2:$F$500,6,0),0)+IFERROR(VLOOKUP(A72,'Balance de prueba'!$A$2:$F$500,6,0),0)+IFERROR(VLOOKUP(F72,'Balance de prueba'!$A$2:$F$500,6,0),0) -> 0 | R72: =N72+O72-P72+Q72 -> 0
G73: =G72+1 -> 65 | K73: Propiedades, planta y equipo | N73: =IFERROR(VLOOKUP(E73,'Balance de prueba'!$A$2:$F$500,6,0),0)+IFERROR(VLOOKUP(D73,'Balance de prueba'!$A$2:$F$500,6,0),0)+IFERROR(VLOOKUP(C73,'Balance de prueba'!$A$2:$F$500,6,0),0)+IFERROR(VLOOKUP(B73,'Balance de prueba'!$A$2:$F$500,6,0),0)+IFERROR(VLOOKUP(A73,'Balance de prueba'!$A$2:$F$500,6,0),0)+IFERROR(VLOOKUP(F73,'Balance de prueba'!$A$2:$F$500,6,0),0) -> 0 | R73: =N73+O73-P73+Q73 -> 0
G74: =G73+1 -> 66 | K74: Propiedades de Inversión | N74: =IFERROR(VLOOKUP(E74,'Balance de prueba'!$A$2:$F$500,6,0),0)+IFERROR(VLOOKUP(D74,'Balance de prueba'!$A$2:$F$500,6,0),0)+IFERROR(VLOOKUP(C74,'Balance de prueba'!$A$2:$F$500,6,0),0)+IFERROR(VLOOKUP(B74,'Balance de prueba'!$A$2:$F$500,6,0),0)+IFERROR(VLOOKUP(A74,'Balance de prueba'!$A$2:$F$500,6,0),0)+IFERROR(VLOOKUP(F74,'Balance de prueba'!$A$2:$F$500,6,0),0) -> 0 | R74: =N74+O74-P74+Q74 -> 0
G75: =G74+1 -> 67 | K75: Activos biológicos (sin plantas productoras) | N75: =IFERROR(VLOOKUP(E75,'Balance de prueba'!$A$2:$F$500,6,0),0)+IFERROR(VLOOKUP(D75,'Balance de prueba'!$A$2:$F$500,6,0),0)+IFERROR(VLOOKUP(C75,'Balance de prueba'!$A$2:$F$500,6,0),0)+IFERROR(VLOOKUP(B75,'Balance de prueba'!$A$2:$F$500,6,0),0)+IFERROR(VLOOKUP(A75,'Balance de prueba'!$A$2:$F$500,6,0),0)+IFERROR(VLOOKUP(F75,'Balance de prueba'!$A$2:$F$500,6,0),0) -> 0 | R75: =N75+O75-P75+Q75 -> 0
G76: =G75+1 -> 68 | K76: activos no corrientes mantenidos para la venta | N76: =IFERROR(VLOOKUP(E76,'Balance de prueba'!$A$2:$F$500,6,0),0)+IFERROR(VLOOKUP(D76,'Balance de prueba'!$A$2:$F$500,6,0),0)+IFERROR(VLOOKUP(C76,'Balance de prueba'!$A$2:$F$500,6,0),0)+IFERROR(VLOOKUP(B76,'Balance de prueba'!$A$2:$F$500,6,0),0)+IFERROR(VLOOKUP(A76,'Balance de prueba'!$A$2:$F$500,6,0),0)+IFERROR(VLOOKUP(F76,'Balance de prueba'!$A$2:$F$500,6,0),0) -> 0 | R76: =N76+O76-P76+Q76 -> 0
G77: =G76+1 -> 69 | K77: Activos Intangibles | N77: =IFERROR(VLOOKUP(E77,'Balance de prueba'!$A$2:$F$500,6,0),0)+IFERROR(VLOOKUP(D77,'Balance de prueba'!$A$2:$F$500,6,0),0)+IFERROR(VLOOKUP(C77,'Balance de prueba'!$A$2:$F$500,6,0),0)+IFERROR(VLOOKUP(B77,'Balance de prueba'!$A$2:$F$500,6,0),0)+IFERROR(VLOOKUP(A77,'Balance de prueba'!$A$2:$F$500,6,0),0)+IFERROR(VLOOKUP(F77,'Balance de prueba'!$A$2:$F$500,6,0),0) -> 0 | R77: =N77+O77-P77+Q77 -> 0
G78: =G77+1 -> 70 | K78: Inversiones en acciones y otras participaciones | N78: =IFERROR(VLOOKUP(E78,'Balance de prueba'!$A$2:$F$500,6,0),0)+IFERROR(VLOOKUP(D78,'Balance de prueba'!$A$2:$F$500,6,0),0)+IFERROR(VLOOKUP(C78,'Balance de prueba'!$A$2:$F$500,6,0),0)+IFERROR(VLOOKUP(B78,'Balance de prueba'!$A$2:$F$500,6,0),0)+IFERROR(VLOOKUP(A78,'Balance de prueba'!$A$2:$F$500,6,0),0)+IFERROR(VLOOKUP(F78,'Balance de prueba'!$A$2:$F$500,6,0),0) -> 0 | R78: =N78+O78-P78+Q78 -> 0
G79: =G78+1 -> 71 | K79: Por disposición de otros instrumentos financieros | N79: =IFERROR(VLOOKUP(E79,'Balance de prueba'!$A$2:$F$500,6,0),0)+IFERROR(VLOOKUP(D79,'Balance de prueba'!$A$2:$F$500,6,0),0)+IFERROR(VLOOKUP(C79,'Balance de prueba'!$A$2:$F$500,6,0),0)+IFERROR(VLOOKUP(B79,'Balance de prueba'!$A$2:$F$500,6,0),0)+IFERROR(VLOOKUP(A79,'Balance de prueba'!$A$2:$F$500,6,0),0)+IFERROR(VLOOKUP(F79,'Balance de prueba'!$A$2:$F$500,6,0),0) -> 0 | R79: =N79+O79-P79+Q79 -> 0
G80: =G79+1 -> 72 | K80: Otros | N80: =IFERROR(VLOOKUP(E80,'Balance de prueba'!$A$2:$F$500,6,0),0)+IFERROR(VLOOKUP(D80,'Balance de prueba'!$A$2:$F$500,6,0),0)+IFERROR(VLOOKUP(C80,'Balance de prueba'!$A$2:$F$500,6,0),0)+IFERROR(VLOOKUP(B80,'Balance de prueba'!$A$2:$F$500,6,0),0)+IFERROR(VLOOKUP(A80,'Balance de prueba'!$A$2:$F$500,6,0),0)+IFERROR(VLOOKUP(F80,'Balance de prueba'!$A$2:$F$500,6,0),0) -> 0 | R80: =N80+O80-P80+Q80 -> 0
G81: =G80+1 -> 73 | J81: Utilidad por venta o enajenación de activos, bienes poseídos por dos años o más (ganancia ocasional) | N81: =SUM(N82:N90) -> 0 | O81: =SUM(O82:O90) -> 0 | P81: =SUM(P82:P90) -> 0 | Q81: =SUM(Q82:Q90) -> 0 | R81: =SUM(R82:R90) -> 0
G82: =G81+1 -> 74 | K82: Casa o apartamento de habitación | N82: =IFERROR(VLOOKUP(E82,'Balance de prueba'!$A$2:$F$500,6,0),0)+IFERROR(VLOOKUP(D82,'Balance de prueba'!$A$2:$F$500,6,0),0)+IFERROR(VLOOKUP(C82,'Balance de prueba'!$A$2:$F$500,6,0),0)+IFERROR(VLOOKUP(B82,'Balance de prueba'!$A$2:$F$500,6,0),0)+IFERROR(VLOOKUP(A82,'Balance de prueba'!$A$2:$F$500,6,0),0)+IFERROR(VLOOKUP(F82,'Balance de prueba'!$A$2:$F$500,6,0),0) -> 0 | R82: =N82+O82-P82+Q82 -> 0
G83: =G82+1 -> 75 | K83: Propiedades, planta y equipo | N83: =IFERROR(VLOOKUP(E83,'Balance de prueba'!$A$2:$F$500,6,0),0)+IFERROR(VLOOKUP(D83,'Balance de prueba'!$A$2:$F$500,6,0),0)+IFERROR(VLOOKUP(C83,'Balance de prueba'!$A$2:$F$500,6,0),0)+IFERROR(VLOOKUP(B83,'Balance de prueba'!$A$2:$F$500,6,0),0)+IFERROR(VLOOKUP(A83,'Balance de prueba'!$A$2:$F$500,6,0),0)+IFERROR(VLOOKUP(F83,'Balance de prueba'!$A$2:$F$500,6,0),0) -> 0 | R83: =N83+O83-P83+Q83 -> 0
G84: =G83+1 -> 76 | K84: Propiedades de Inversión | N84: =IFERROR(VLOOKUP(E84,'Balance de prueba'!$A$2:$F$500,6,0),0)+IFERROR(VLOOKUP(D84,'Balance de prueba'!$A$2:$F$500,6,0),0)+IFERROR(VLOOKUP(C84,'Balance de prueba'!$A$2:$F$500,6,0),0)+IFERROR(VLOOKUP(B84,'Balance de prueba'!$A$2:$F$500,6,0),0)+IFERROR(VLOOKUP(A84,'Balance de prueba'!$A$2:$F$500,6,0),0)+IFERROR(VLOOKUP(F84,'Balance de prueba'!$A$2:$F$500,6,0),0) -> 0 | R84: =N84+O84-P84+Q84 -> 0
G85: =G84+1 -> 77 | K85: Activos biológicos (sin plantas productoras) | N85: =IFERROR(VLOOKUP(E85,'Balance de prueba'!$A$2:$F$500,6,0),0)+IFERROR(VLOOKUP(D85,'Balance de prueba'!$A$2:$F$500,6,0),0)+IFERROR(VLOOKUP(C85,'Balance de prueba'!$A$2:$F$500,6,0),0)+IFERROR(VLOOKUP(B85,'Balance de prueba'!$A$2:$F$500,6,0),0)+IFERROR(VLOOKUP(A85,'Balance de prueba'!$A$2:$F$500,6,0),0)+IFERROR(VLOOKUP(F85,'Balance de prueba'!$A$2:$F$500,6,0),0) -> 0 | R85: =N85+O85-P85+Q85 -> 0
G86: =G85+1 -> 78 | K86: Activos no corrientes mantenidos para la venta | N86: =IFERROR(VLOOKUP(E86,'Balance de prueba'!$A$2:$F$500,6,0),0)+IFERROR(VLOOKUP(D86,'Balance de prueba'!$A$2:$F$500,6,0),0)+IFERROR(VLOOKUP(C86,'Balance de prueba'!$A$2:$F$500,6,0),0)+IFERROR(VLOOKUP(B86,'Balance de prueba'!$A$2:$F$500,6,0),0)+IFERROR(VLOOKUP(A86,'Balance de prueba'!$A$2:$F$500,6,0),0)+IFERROR(VLOOKUP(F86,'Balance de prueba'!$A$2:$F$500,6,0),0) -> 0 | R86: =N86+O86-P86+Q86 -> 0
G87: =G86+1 -> 79 | K87: Activos Intangibles | N87: =IFERROR(VLOOKUP(E87,'Balance de prueba'!$A$2:$F$500,6,0),0)+IFERROR(VLOOKUP(D87,'Balance de prueba'!$A$2:$F$500,6,0),0)+IFERROR(VLOOKUP(C87,'Balance de prueba'!$A$2:$F$500,6,0),0)+IFERROR(VLOOKUP(B87,'Balance de prueba'!$A$2:$F$500,6,0),0)+IFERROR(VLOOKUP(A87,'Balance de prueba'!$A$2:$F$500,6,0),0)+IFERROR(VLOOKUP(F87,'Balance de prueba'!$A$2:$F$500,6,0),0) -> 0 | R87: =N87+O87-P87+Q87 -> 0
G88: =G87+1 -> 80 | K88: Inversiones en acciones y otras participaciones | N88: =IFERROR(VLOOKUP(E88,'Balance de prueba'!$A$2:$F$500,6,0),0)+IFERROR(VLOOKUP(D88,'Balance de prueba'!$A$2:$F$500,6,0),0)+IFERROR(VLOOKUP(C88,'Balance de prueba'!$A$2:$F$500,6,0),0)+IFERROR(VLOOKUP(B88,'Balance de prueba'!$A$2:$F$500,6,0),0)+IFERROR(VLOOKUP(A88,'Balance de prueba'!$A$2:$F$500,6,0),0)+IFERROR(VLOOKUP(F88,'Balance de prueba'!$A$2:$F$500,6,0),0) -> 0 | R88: =N88+O88-P88+Q88 -> 0
G89: =G88+1 -> 81 | K89: Por disposición de otros instrumentos financieros | N89: =IFERROR(VLOOKUP(E89,'Balance de prueba'!$A$2:$F$500,6,0),0)+IFERROR(VLOOKUP(D89,'Balance de prueba'!$A$2:$F$500,6,0),0)+IFERROR(VLOOKUP(C89,'Balance de prueba'!$A$2:$F$500,6,0),0)+IFERROR(VLOOKUP(B89,'Balance de prueba'!$A$2:$F$500,6,0),0)+IFERROR(VLOOKUP(A89,'Balance de prueba'!$A$2:$F$500,6,0),0)+IFERROR(VLOOKUP(F89,'Balance de prueba'!$A$2:$F$500,6,0),0) -> 0 | R89: =N89+O89-P89+Q89 -> 0
G90: =G89+1 -> 82 | K90: Otros | N90: =IFERROR(VLOOKUP(E90,'Balance de prueba'!$A$2:$F$500,6,0),0)+IFERROR(VLOOKUP(D90,'Balance de prueba'!$A$2:$F$500,6,0),0)+IFERROR(VLOOKUP(C90,'Balance de prueba'!$A$2:$F$500,6,0),0)+IFERROR(VLOOKUP(B90,'Balance de prueba'!$A$2:$F$500,6,0),0)+IFERROR(VLOOKUP(A90,'Balance de prueba'!$A$2:$F$500,6,0),0)+IFERROR(VLOOKUP(F90,'Balance de prueba'!$A$2:$F$500,6,0),0) -> 0 | R90: =N90+O90-P90+Q90 -> 0
G91: =G90+1 -> 83 | J91: Ingresos por reversión de deterioros del valor | N91: =SUM(N92:N103) -> 0 | O91: =SUM(O92:O103) -> 0 | P91: =SUM(P92:P103) -> 0 | Q91: =SUM(Q92:Q103) -> 0 | R91: =SUM(R92:R103) -> 0
G92: =G91+1 -> 84 | K92: Inventarios | N92: =IFERROR(VLOOKUP(E92,'Balance de prueba'!$A$2:$F$500,6,0),0)+IFERROR(VLOOKUP(D92,'Balance de prueba'!$A$2:$F$500,6,0),0)+IFERROR(VLOOKUP(C92,'Balance de prueba'!$A$2:$F$500,6,0),0)+IFERROR(VLOOKUP(B92,'Balance de prueba'!$A$2:$F$500,6,0),0)+IFERROR(VLOOKUP(A92,'Balance de prueba'!$A$2:$F$500,6,0),0)+IFERROR(VLOOKUP(F92,'Balance de prueba'!$A$2:$F$500,6,0),0) -> 0 | R92: =N92+O92-P92+Q92 -> 0
G93: =G92+1 -> 85 | K93: Propiedades, planta y equipo | N93: =IFERROR(VLOOKUP(E93,'Balance de prueba'!$A$2:$F$500,6,0),0)+IFERROR(VLOOKUP(D93,'Balance de prueba'!$A$2:$F$500,6,0),0)+IFERROR(VLOOKUP(C93,'Balance de prueba'!$A$2:$F$500,6,0),0)+IFERROR(VLOOKUP(B93,'Balance de prueba'!$A$2:$F$500,6,0),0)+IFERROR(VLOOKUP(A93,'Balance de prueba'!$A$2:$F$500,6,0),0)+IFERROR(VLOOKUP(F93,'Balance de prueba'!$A$2:$F$500,6,0),0) -> 0 | R93: =N93+O93-P93+Q93 -> 0
G94: =G93+1 -> 86 | K94: Activos intangibles | N94: =IFERROR(VLOOKUP(E94,'Balance de prueba'!$A$2:$F$500,6,0),0)+IFERROR(VLOOKUP(D94,'Balance de prueba'!$A$2:$F$500,6,0),0)+IFERROR(VLOOKUP(C94,'Balance de prueba'!$A$2:$F$500,6,0),0)+IFERROR(VLOOKUP(B94,'Balance de prueba'!$A$2:$F$500,6,0),0)+IFERROR(VLOOKUP(A94,'Balance de prueba'!$A$2:$F$500,6,0),0)+IFERROR(VLOOKUP(F94,'Balance de prueba'!$A$2:$F$500,6,0),0) -> 0 | R94: =N94+O94-P94+Q94 -> 0
G95: =G94+1 -> 87 | K95: Activos de exploración y evaluación de recursos minerales | N95: =IFERROR(VLOOKUP(E95,'Balance de prueba'!$A$2:$F$500,6,0),0)+IFERROR(VLOOKUP(D95,'Balance de prueba'!$A$2:$F$500,6,0),0)+IFERROR(VLOOKUP(C95,'Balance de prueba'!$A$2:$F$500,6,0),0)+IFERROR(VLOOKUP(B95,'Balance de prueba'!$A$2:$F$500,6,0),0)+IFERROR(VLOOKUP(A95,'Balance de prueba'!$A$2:$F$500,6,0),0)+IFERROR(VLOOKUP(F95,'Balance de prueba'!$A$2:$F$500,6,0),0) -> 0 | R95: =N95+O95-P95+Q95 -> 0
G96: =G95+1 -> 88 | K96: Propiedades de inversión medidas al modelo de costo | N96: =IFERROR(VLOOKUP(E96,'Balance de prueba'!$A$2:$F$500,6,0),0)+IFERROR(VLOOKUP(D96,'Balance de prueba'!$A$2:$F$500,6,0),0)+IFERROR(VLOOKUP(C96,'Balance de prueba'!$A$2:$F$500,6,0),0)+IFERROR(VLOOKUP(B96,'Balance de prueba'!$A$2:$F$500,6,0),0)+IFERROR(VLOOKUP(A96,'Balance de prueba'!$A$2:$F$500,6,0),0)+IFERROR(VLOOKUP(F96,'Balance de prueba'!$A$2:$F$500,6,0),0) -> 0 | R96: =N96+O96-P96+Q96 -> 0
G97: =G96+1 -> 89 | K97: Activos no corrientes mantenidos para la venta | N97: =IFERROR(VLOOKUP(E97,'Balance de prueba'!$A$2:$F$500,6,0),0)+IFERROR(VLOOKUP(D97,'Balance de prueba'!$A$2:$F$500,6,0),0)+IFERROR(VLOOKUP(C97,'Balance de prueba'!$A$2:$F$500,6,0),0)+IFERROR(VLOOKUP(B97,'Balance de prueba'!$A$2:$F$500,6,0),0)+IFERROR(VLOOKUP(A97,'Balance de prueba'!$A$2:$F$500,6,0),0)+IFERROR(VLOOKUP(F97,'Balance de prueba'!$A$2:$F$500,6,0),0) -> 0 | R97: =N97+O97-P97+Q97 -> 0
G98: =G97+1 -> 90 | K98: Activos biológicos medidos al modelo de costo | N98: =IFERROR(VLOOKUP(E98,'Balance de prueba'!$A$2:$F$500,6,0),0)+IFERROR(VLOOKUP(D98,'Balance de prueba'!$A$2:$F$500,6,0),0)+IFERROR(VLOOKUP(C98,'Balance de prueba'!$A$2:$F$500,6,0),0)+IFERROR(VLOOKUP(B98,'Balance de prueba'!$A$2:$F$500,6,0),0)+IFERROR(VLOOKUP(A98,'Balance de prueba'!$A$2:$F$500,6,0),0)+IFERROR(VLOOKUP(F98,'Balance de prueba'!$A$2:$F$500,6,0),0) -> 0 | R98: =N98+O98-P98+Q98 -> 0
G99: =G98+1 -> 91 | K99: Bienes de arte y cultura | N99: =IFERROR(VLOOKUP(E99,'Balance de prueba'!$A$2:$F$500,6,0),0)+IFERROR(VLOOKUP(D99,'Balance de prueba'!$A$2:$F$500,6,0),0)+IFERROR(VLOOKUP(C99,'Balance de prueba'!$A$2:$F$500,6,0),0)+IFERROR(VLOOKUP(B99,'Balance de prueba'!$A$2:$F$500,6,0),0)+IFERROR(VLOOKUP(A99,'Balance de prueba'!$A$2:$F$500,6,0),0)+IFERROR(VLOOKUP(F99,'Balance de prueba'!$A$2:$F$500,6,0),0) -> 0 | R99: =N99+O99-P99+Q99 -> 0
G100: =G99+1 -> 92 | K100: Activos financieros (diferentes a cartera de crédito y operaciones de leasing) | N100: =IFERROR(VLOOKUP(E100,'Balance de prueba'!$A$2:$F$500,6,0),0)+IFERROR(VLOOKUP(D100,'Balance de prueba'!$A$2:$F$500,6,0),0)+IFERROR(VLOOKUP(C100,'Balance de prueba'!$A$2:$F$500,6,0),0)+IFERROR(VLOOKUP(B100,'Balance de prueba'!$A$2:$F$500,6,0),0)+IFERROR(VLOOKUP(A100,'Balance de prueba'!$A$2:$F$500,6,0),0)+IFERROR(VLOOKUP(F100,'Balance de prueba'!$A$2:$F$500,6,0),0) -> 0 | R100: =N100+O100-P100+Q100 -> 0
G101: =G100+1 -> 93 | K101: Cartera de crédito y operaciones de leasing | N101: =IFERROR(VLOOKUP(E101,'Balance de prueba'!$A$2:$F$500,6,0),0)+IFERROR(VLOOKUP(D101,'Balance de prueba'!$A$2:$F$500,6,0),0)+IFERROR(VLOOKUP(C101,'Balance de prueba'!$A$2:$F$500,6,0),0)+IFERROR(VLOOKUP(B101,'Balance de prueba'!$A$2:$F$500,6,0),0)+IFERROR(VLOOKUP(A101,'Balance de prueba'!$A$2:$F$500,6,0),0)+IFERROR(VLOOKUP(F101,'Balance de prueba'!$A$2:$F$500,6,0),0) -> 0 | R101: =N101+O101-P101+Q101 -> 0
G102: =G101+1 -> 94 | K102: Otras inversiones medidas al costo o el método de la participación | N102: =IFERROR(VLOOKUP(E102,'Balance de prueba'!$A$2:$F$500,6,0),0)+IFERROR(VLOOKUP(D102,'Balance de prueba'!$A$2:$F$500,6,0),0)+IFERROR(VLOOKUP(C102,'Balance de prueba'!$A$2:$F$500,6,0),0)+IFERROR(VLOOKUP(B102,'Balance de prueba'!$A$2:$F$500,6,0),0)+IFERROR(VLOOKUP(A102,'Balance de prueba'!$A$2:$F$500,6,0),0)+IFERROR(VLOOKUP(F102,'Balance de prueba'!$A$2:$F$500,6,0),0) -> 0 | R102: =N102+O102-P102+Q102 -> 0
G103: =G102+1 -> 95 | K103: Otros deterioros | N103: =IFERROR(VLOOKUP(E103,'Balance de prueba'!$A$2:$F$500,6,0),0)+IFERROR(VLOOKUP(D103,'Balance de prueba'!$A$2:$F$500,6,0),0)+IFERROR(VLOOKUP(C103,'Balance de prueba'!$A$2:$F$500,6,0),0)+IFERROR(VLOOKUP(B103,'Balance de prueba'!$A$2:$F$500,6,0),0)+IFERROR(VLOOKUP(A103,'Balance de prueba'!$A$2:$F$500,6,0),0)+IFERROR(VLOOKUP(F103,'Balance de prueba'!$A$2:$F$500,6,0),0) -> 0 | R103: =N103+O103-P103+Q103 -> 0
G104: =G103+1 -> 96 | J104: Ingresos por reversión de provisiones (pasivos de monto o fecha inciertos) | N104: =SUM(N105:N110) -> 0 | O104: =SUM(O105:O110) -> 0 | P104: =SUM(P105:P110) -> 0 | Q104: =SUM(Q105:Q110) -> 0 | R104: =SUM(R105:R110) -> 0
G105: =G104+1 -> 97 | K105: Garantías | N105: =IFERROR(VLOOKUP(E105,'Balance de prueba'!$A$2:$F$500,6,0),0)+IFERROR(VLOOKUP(D105,'Balance de prueba'!$A$2:$F$500,6,0),0)+IFERROR(VLOOKUP(C105,'Balance de prueba'!$A$2:$F$500,6,0),0)+IFERROR(VLOOKUP(B105,'Balance de prueba'!$A$2:$F$500,6,0),0)+IFERROR(VLOOKUP(A105,'Balance de prueba'!$A$2:$F$500,6,0),0)+IFERROR(VLOOKUP(F105,'Balance de prueba'!$A$2:$F$500,6,0),0) -> 0 | R105: =N105+O105-P105+Q105 -> 0
G106: =G105+1 -> 98 | K106: Contratos onerosos | N106: =IFERROR(VLOOKUP(E106,'Balance de prueba'!$A$2:$F$500,6,0),0)+IFERROR(VLOOKUP(D106,'Balance de prueba'!$A$2:$F$500,6,0),0)+IFERROR(VLOOKUP(C106,'Balance de prueba'!$A$2:$F$500,6,0),0)+IFERROR(VLOOKUP(B106,'Balance de prueba'!$A$2:$F$500,6,0),0)+IFERROR(VLOOKUP(A106,'Balance de prueba'!$A$2:$F$500,6,0),0)+IFERROR(VLOOKUP(F106,'Balance de prueba'!$A$2:$F$500,6,0),0) -> 0 | R106: =N106+O106-P106+Q106 -> 0
...

Sheet H4 (Impuesto Diferido)
F1: Activos y pasivos por impuestos diferidos
A8: 1. Impuestos diferidos provenientes de diferencias temporarias
A10: Num | B10: Concepto | D10: Base contable | E10: Base Fiscal | F10: Diferencia Temporaria | G10: Diferencia Permanente | H10: Saldo impuesto diferido a 31 -DIC vigencia actual | I10: Saldo impuesto diferido a 31 -DIC vigencia anterior | J10: Variación | K10: Tasa fiscal aplicada
A12: 1 | B12: Activo (Diferencias temporarias deducibles)
A13: =A12+1 -> 2 | C13: Efectivo y equivalentes al efectivo | J13: =I13-H13 -> 0 | K13: =IF(F13=" ",0,IF(F13=0,0,H13/F13)) -> 0
A14: =A13+1 -> 3 | C14: Inversiones e instrumentos derivados | J14: =I14-H14 -> 0 | K14: =IF(F14=" ",0,IF(F14=0,0,H14/F14)) -> 0
A15: =A14+1 -> 4 | C15: Cuentas por cobrar | J15: =I15-H15 -> 0 | K15: =IF(F15=" ",0,IF(F15=0,0,H15/F15)) -> 0
A16: =A15+1 -> 5 | C16: Inventarios | J16: =I16-H16 -> 0 | K16: =IF(F16=" ",0,IF(F16=0,0,H16/F16)) -> 0
A17: =A16+1 -> 6 | C17: Propiedades, planta y equipo | J17: =I17-H17 -> 0 | K17: =IF(F17=" ",0,IF(F17=0,0,H17/F17)) -> 0
A18: =A17+1 -> 7 | C18: Activos intangibles | J18: =I18-H18 -> 0 | K18: =IF(F18=" ",0,IF(F18=0,0,H18/F18)) -> 0
A19: =A18+1 -> 8 | C19: Propiedades de inversión | J19: =I19-H19 -> 0 | K19: =IF(F19=" ",0,IF(F19=0,0,H19/F19)) -> 0
A20: =A19+1 -> 9 | C20: Activos biológicos | J20: =I20-H20 -> 0 | K20: =IF(F20=" ",0,IF(F20=0,0,H20/F20)) -> 0
A21: =A20+1 -> 10 | C21: Activos no corrientes mantenidos para la venta | J21: =I21-H21 -> 0 | K21: =IF(F21=" ",0,IF(F21=0,0,H21/F21)) -> 0
A22: =A21+1 -> 11 | C22: Pasivos financieros y cuentas por pagar | J22: =I22-H22 -> 0 | K22: =IF(F22=" ",0,IF(F22=0,0,H22/F22)) -> 0
A23: =A22+1 -> 12 | C23: Impuestos, gravámenes y tasas | J23: =I23-H23 -> 0 | K23: =IF(F23=" ",0,IF(F23=0,0,H23/F23)) -> 0
A24: =A23+1 -> 13 | C24: Beneficios a empleados | J24: =I24-H24 -> 0 | K24: =IF(F24=" ",0,IF(F24=0,0,H24/F24)) -> 0
... A30: =A29+1 -> 19 | C30: Otros activos | J30: =I30-H30 -> 0 | K30: =IF(F30=" ",0,IF(F30=0,0,H30/F30)) -> 0
A31: =A30+1 -> 20 | C31: Valor total | H31: =SUM(H13:H30) -> 0 | I31: =SUM(I13:I30) -> 0 | J31: =SUM(J13:J30) -> 0
A32: =A31+1 -> 21 | B32: Pasivo (Diferencias temporarias imponibles)
A33: =A32+1 -> 22 | C33: Efectivo y equivalentes al efectivo | J33: =I33-H33 -> 0 | K33: =IF(F33=" ",0,IF(F33=0,0,H33/F33)) -> 0
A34: =A33+1 -> 23 | C34: Inversiones e instrumentos derivados | J34: =I34-H34 -> 0 | K34: =IF(F34=" ",0,IF(F34=0,0,H34/F34)) -> 0
A35: =A34+1 -> 24 | C35: Cuentas por cobrar | J35: =I35-H35 -> 0 | K35: =IF(F35=" ",0,IF(F35=0,0,H35/F35)) -> 0
A36: =A35+1 -> 25 | C36: Inventarios | J36: =I36-H36 -> 0 | K36: =IF(F36=" ",0,IF(F36=0,0,H36/F36)) -> 0
A37: =A36+1 -> 26 | C37: Propiedades, planta y equipo | J37: =I37-H37 -> 0 | K37: =IF(F37=" ",0,IF(F37=0,0,H37/F37)) -> 0
A38: =A37+1 -> 27 | C38: Activos intangibles | J38: =I38-H38 -> 0 | K38: =IF(F38=" ",0,IF(F38=0,0,H38/F38)) -> 0
A39: =A38+1 -> 28 | C39: Propiedades de inversión | J39: =I39-H39 -> 0 | K39: =IF(F39=" ",0,IF(F39=0,0,H39/F39)) -> 0
A40: =A39+1 -> 29 | C40: Activos biológicos | J40: =I40-H40 -> 0 | K40: =IF(F40=" ",0,IF(F40=0,0,H40/F40)) -> 0
A41: =A40+1 -> 30 | C41: Activos no corrientes mantenidos para la venta | J41: =I41-H41 -> 0 | K41: =IF(F41=" ",0,IF(F41=0,0,H41/F41)) -> 0
A42: =A41+1 -> 31 | C42: Pasivos financieros y cuentas por pagar | J42: =I42-H42 -> 0 | K42: =IF(F42=" ",0,IF(F42=0,0,H42/F42)) -> 0
A43: =A42+1 -> 32 | C43: Impuestos, gravámenes y tasas | J43: =I43-H43 -> 0 | K43: =IF(F43=" ",0,IF(F43=0,0,H43/F43)) -> 0
A44: =A43+1 -> 33 | C44: Beneficios a empleados | J44: =I44-H44 -> 0 | K44: =IF(F44=" ",0,IF(F44=0,0,H44/F44)) -> 0
... A50: =A49+1 -> 39 | C50: Otros activos | J50: =I50-H50 -> 0 | K50: =IF(F50=" ",0,IF(F50=0,0,H50/F50)) -> 0
A51: =A50+1 -> 40 | C51: Valor total | H51: =SUM(H33:H50) -> 0 | I51: =SUM(I33:I50) -> 0 | J51: =SUM(J33:J50) -> 0
A55: 2. Activos por créditos tributarios (saldos a favor e Impuestos pagados en el exterior)
A57: Num | B57: Tipo de crédito tributario | D57: Saldo al 31 -DIC vigencia actual | E57: Saldo al 31-DIC vigencia anterior | F57: Variación | G57: Explicación de la variación
G58: Reducción (compensación / aplicación) | H58: Incremento (generado en el periodo) | I58: Correcciones en declaraciones anteriores | K58: Ajustes contables por correcciones valorativas
I59: Mayor valor | J59: Menor valor | K59: Mayor valor | L59: Menor valor
A60: =A51+1 -> 41 | B60: Saldos a favor | F60: =D60-E60 -> 0
A61: =A60+1 -> 42 | B61: Impuestos pagados en el exterior | F61: =D61-E61 -> 0
A66: 3. Detalle de compensación de pérdidas fiscales
A69: Num | B69: AÑO/CONCEPTO | D69: Pérdida fiscal acumulada por compensar al inicio del periodo | E69: Pérdida fiscal generada en el periodo (+) | F69: Pérdida fiscal compensada en el período (-) | G69: Valores no compensados por caducidad (-) | H69: Ajustes por corrección de la declaración | J69: Pérdida fiscal acumulada por compensar al final del periodo | K69: Saldo activo por impuesto diferido al final del período
H70: Mayor valor | I70: Menor valor
A71: =A61+1 -> 43 | B71: 2017 | C71: Rentas de capital | J71: =D71+E71-F71-G71+H71-I71 -> 0
A72: =A71+1 -> 44 | C72: Rentas no laborales | J72: =D72+E72-F72-G72+H72-I72 -> 0
A73: =A72+1 -> 45 | B73: 2018 | C73: Rentas de capital | J73: =D73+E73-F73-G73+H73-I73 -> 0
A74: =A73+1 -> 46 | C74: Rentas no laborales | J74: =D74+E74-F74-G74+H74-I74 -> 0
A75: =A74+1 -> 47 | B75: 2019 | C75: Rentas de capital | J75: =D75+E75-F75-G75+H75-I75 -> 0
A76: =A75+1 -> 48 | C76: Rentas no laborales | J76: =D76+E76-F76-G76+H76-I76 -> 0
A77: =A76+1 -> 49 | B77: 2020 | C77: Rentas de capital | J77: =D77+E77-F77-G77+H77-I77 -> 0
A78: =A77+1 -> 50 | C78: Rentas no laborales | J78: =D78+E78-F78-G78+H78-I78 -> 0
A79: =A78+1 -> 51 | B79: 2021 | C79: Rentas de capital | J79: =D79+E79-F79-G79+H79-I79 -> 0
A80: =A79+1 -> 52 | C80: Rentas no laborales | J80: =D80+E80-F80-G80+H80-I80 -> 0
A81: =A80+1 -> 53 | B81: 2022 | C81: Rentas de capital | J81: =D81+E81-F81-G81+H81-I81 -> 0
A82: =A81+1 -> 54 | C82: Rentas no laborales | J82: =D82+E82-F82-G82+H82-I82 -> 0
A83: =A82+1 -> 55 | B83: 2023 | C83: Rentas de capital | J83: =D83+E83-F83-G83+H83-I83 -> 0
A84: =A83+1 -> 56 | C84: Rentas no laborales | J84: =D84+E84-F84-G84+H84-I84 -> 0
A85: =A84+1 -> 57 | B85: 2024 | C85: Rentas de capital | J85: =D85+E85-F85-G85+H85-I85 -> 0
A86: =A85+1 -> 58 | C86: Rentas no laborales | J86: =D86+E86-F86-G86+H86-I86 -> 0
A87: =A86+1 -> 59 | B87: 2025 | C87: Rentas de capital | J87: =D87+E87-F87-G87+H87-I87 -> 0
A88: =A87+1 -> 60 | C88: Rentas no laborales | J88: =D88+E88-F88-G88+H88-I88 -> 0
A89: =A88+1 -> 61 | B89: 2026 | C89: Rentas de capital | J89: =D89+E89-F89-G89+H89-I89 -> 0
A90: =A89+1 -> 62 | C90: Rentas no laborales | J90: =D90+E90-F90-G90+H90-I90 -> 0
A91: =A90+1 -> 63 | B91: 2027 | C91: Rentas de capital | J91: =D91+E91-F91-G91+H91-I91 -> 0
A92: =A91+1 -> 64 | C92: Rentas no laborales | J92: =D92+E92-F92-G92+H92-I92 -> 0
A93: =A92+1 -> 65 | B93: 2028 | C93: Rentas de capital | J93: =D93+E93-F93-G93+H93-I93 -> 0
A94: =A93+1 -> 66 | C94: Rentas no laborales | J94: =D94+E94-F94-G94+H94-I94 -> 0
A95: =A94+1 -> 67 | B95: 2029 | C95: Rentas de capital | J95: =D95+E95-F95-G95+H95-I95 -> 0
A96: =A95+1 -> 68 | C96: Rentas no laborales | J96: =D96+E96-F96-G96+H96-I96 -> 0
A99: 4. Detalle de compensación por exceso de renta presuntiva (cédula rentas no laborales)
A102: Num | B102: AÑO | D102: Valor acumulado por compensar al inicio del periodo | E102: Valor generado en el periodo (+) | F102: Valor compensado en el período (-) | G102: Valores no compensados por caducidad (-) | H102: Ajustes por corrección de la declaración | J102: Valor acumulado por compensar al final del periodo | K102: Saldo activo por impuesto diferido al final del período
H103: Mayor valor | I103: Menor valor
A104: =A96+1 -> 69 | B104: 2017 | J104: =D104+E104-F104-G104+H104-I104 -> 0
A105: =A104+1 -> 70 | B105: 2018 | J105: =D105+E105-F105-G105+H105-I105 -> 0
A106: =A105+1 -> 71 | B106: 2019 | J106: =D106+E106-F106-G106+H106-I106 -> 0
A107: =A106+1 -> 72 | B107: 2020 | J107: =D107+E107-F107-G107+H107-I107 -> 0
A108: =A107+1 -> 73 | B108: 2021 | J108: =D108+E108-F108-G108+H108-I108 -> 0
A109: =A108+1 -> 74 | B109: 2022 | J109: =D109+E109-F109-G109+H109-I109 -> 0
A110: =A109+1 -> 75 | B110: 2023 | J110: =D110+E110-F110-G110+H110-I110 -> 0

Sheet H5 (Ingresos y Facturación)
D1: Conciliación ingreso contable (devengado) y facturación emitida
A9: Num | B9: Concepto | C9: Pasivo por ingreso diferido | G9: Facturación emitida en el período | L9: Ingreso contable devengado en el período
C10: Saldo al inicio del período | D10: Registrado como ingreso contable en el período | E10: Generado en el período | F10: Saldo al final del período | G10: Devengada como ingreso en períodos anteriores | H10: Devengada como ingresos del periodo | I10: Registrada como pasivo por ingreso diferido | J10: Solo facturado (No ha generado ingreso ni pasivo diferido) | K10: Valor total | L10: Sin facturar | M10: Facturado períodos anteriores | N10: valor total
C11: 1 | D11: 2 | E11: 3 | F11: 4=1-2+3 | G11: 5 | H11: 6 | I11: 7 | J11: 8 | K11: 9=5+6+7+8 | L11: 10 | M11: 11 | N11: 12=6+10+11
A12: 1 | B12: Venta de bienes | F12: =C12-D12+E12 -> 0 | K12: =G12+H12+I12+J12 -> 0 | N12: =H12+L12+M12 -> 0
A13: =A12+1 -> 2 | B13: Prestación de servicios | F13: =C13-D13+E13 -> 0 | K13: =G13+H13+I13+J13 -> 0 | N13: =H13+L13+M13 -> 0
A14: =A13+1 -> 3 | B14: Otros ingresos | F14: =C14-D14+E14 -> 0 | K14: =G14+H14+I14+J14 -> 0 | N14: =H14+L14+M14 -> 0
A15: =A14+1 -> 4 | B15: Ingresos para terceros | F15: =C15-D15+E15 -> 0 | K15: =G15+H15+I15+J15 -> 0 | N15: =H15+L15+M15 -> 0
A16: =A15+1 -> 5 | B16: Ajustes al valor facturado (descuentos, notas) | F16: =C16-D16+E16 -> 0 | K16: =G16+H16+I16+J16 -> 0 | N16: =H16+L16+M16 -> 0
A17: =A16+1 -> 6 | B17: TOTAL | C17: =SUM(C12:C15)-C16 -> 0 | D17: =SUM(D12:D15)-D16 -> 0 | E17: =SUM(E12:E15)-E16 -> 0 | F17: =SUM(F12:F15)-F16 -> 0 | G17: =SUM(G12:G15)-G16 -> 0 | H17: =SUM(H12:H15)-H16 -> 0 | I17: =SUM(I12:I15)-I16 -> 0 | J17: =SUM(J12:J15)-J16 -> 0 | ... N17: =SUM(N12:N15)-N16 -> 0

Sheet H6 (Activos fijos)
F1: Conciliación Propiedades, planta y equipo (PPE), propiedades de inversión (PI), activos no corrientes mantenidos para la venta o para distribuir a los propietarios (ANCMV) y activos Intangibles
A8: NUM | B8: CONCEPTO | D8: DATOS CONTABLES | X8: DATOS FISCALES
D9: Valor total, incluyendo leasing | U9: Datos informativos | X9: Valor total, incluyendo arrendamiento financiero o leasing financiero | AE9: Datos Informativos: Valor activos adquiridos mediante arrendamiento financiero
D10: Importe al comienzo del periodo (No incluye Depreciación, amortización o deterioro) | G10: Incrementos | I10: Disminuciones | K10: Depreciación o amortización acumulada al final del período | N10: Deterioro acumulado al final del período | O10: Importe Neto al final del período | Q10: Gasto del período por depreciación o amortización | S10: Gasto del período por deterioro | T10: Ingresos del período por recuperación del deterioro | U10: Valor de activos adquiridos mediante Leasing | V10: Desmantelamiento, restauración y rehabilitación total acumulado al final del período | W10: Mayor valor por revaluación acumulado al final del período | X10: Saldo al comienzo del período | Y10: Incrementos por transferencias, adquisiciones y otros cambios | Z10: Disminuciones por transferencias y otros cambios | AA10: Subtotal al final del período | AB10: Depreciación y/o amortización acumulada al final del período | AC10: Total Neto al final del período | AD10: Gasto fiscal por Depreciación y/o amortización del período | AE10: Valor total al final del periodo | AF10: Depreciación y/o Amortización acumulada al final del período | AG10: Valor Neto al final del período | AH10: Gasto fiscal Depreciación y/o Amortización del período
D11: Costo | E11: Efecto de conversión (Por moneda funcional diferente al peso colombiano) | F11: Ajuste por revaluaciones o re-expresiones | G11: Transferencias y/o adquisiciones | H11: Cambios en Valor Razonable | I11: Transferencias y/o eliminaciones | J11: Cambios en Valor Razonable | K11: Por Costo | L11: Efecto de conversión (Por moneda funcional diferente al peso colombiano) | M11: Por Ajuste por revaluaciones o re-expresiones | O11: Costo | P11: Ajuste por revaluaciones o re-expresiones | Q11: Por Costo | R11: Por Ajuste por revaluaciones o re-expresiones
A12: 1 | B12: Propiedades, planta y equipo
A13: =A12+1 -> 2 | C13: Terrenos | O13: =D13+E13+G13-I13-K13-L13-N13 -> 0 | P13: =F13+H13-J13-M13 -> 0 | AA13: =X13+Y13-Z13 -> 0 | AC13: =AA13-AB13 -> 0 | AG13: =AE13-AF13 -> 0
A14: =A13+1 -> 3 | C14: Edificios | O14: =D14+E14+G14-I14-K14-L14-N14 -> 0 | P14: =F14+H14-J14-M14 -> 0 | AA14: =X14+Y14-Z14 -> 0 | AC14: =AA14-AB14 -> 0 | AG14: =AE14-AF14 -> 0
A15: =A14+1 -> 4 | C15: Casa de habitación | O15: =D15+E15+G15-I15-K15-L15-N15 -> 0 | P15: =F15+H15-J15-M15 -> 0 | AA15: =X15+Y15-Z15 -> 0 | AC15: =AA15-AB15 -> 0 | AG15: =AE15-AF15 -> 0
A16: =A15+1 -> 5 | C16: Maquinaria | O16: =D16+E16+G16-I16-K16-L16-N16 -> 0 | P16: =F16+H16-J16-M16 -> 0 | AA16: =X16+Y16-Z16 -> 0 | AC16: =AA16-AB16 -> 0 | AG16: =AE16-AF16 -> 0
A17: =A16+1 -> 6 | C17: Buques | O17: =D17+E17+G17-I17-K17-L17-N17 -> 0 | P17: =F17+H17-J17-M17 -> 0 | AA17: =X17+Y17-Z17 -> 0 | AC17: =AA17-AB17 -> 0 | AG17: =AE17-AF17 -> 0
A18: =A17+1 -> 7 | C18: Aeronave | O18: =D18+E18+G18-I18-K18-L18-N18 -> 0 | P18: =F18+H18-J18-M18 -> 0 | AA18: =X18+Y18-Z18 -> 0 | AC18: =AA18-AB18 -> 0 | AG18: =AE18-AF18 -> 0
A19: =A18+1 -> 8 | C19: Equipos de Transporte | O19: =D19+E19+G19-I19-K19-L19-N19 -> 0 | P19: =F19+H19-J19-M19 -> 0 | AA19: =X19+Y19-Z19 -> 0 | AC19: =AA19-AB19 -> 0 | AG19: =AE19-AF19 -> 0
A20: =A19+1 -> 9 | C20: Enseres y accesorios | O20: =D20+E20+G20-I20-K20-L20-N20 -> 0 | P20: =F20+H20-J20-M20 -> 0 | AA20: =X20+Y20-Z20 -> 0 | AC20: =AA20-AB20 -> 0 | AG20: =AE20-AF20 -> 0
A21: =A20+1 -> 10 | C21: Equipos informáticos | O21: =D21+E21+G21-I21-K21-L21-N21 -> 0 | P21: =F21+H21-J21-M21 -> 0 | AA21: =X21+Y21-Z21 -> 0 | AC21: =AA21-AB21 -> 0 | AG21: =AE21-AF21 -> 0
A22: =A21+1 -> 11 | C22: Equipos de redes y comunicación | O22: =D22+E22+G22-I22-K22-L22-N22 -> 0 | P22: =F22+H22-J22-M22 -> 0 | AA22: =X22+Y22-Z22 -> 0 | AC22: =AA22-AB22 -> 0 | AG22: =AE22-AF22 -> 0
A23: =A22+1 -> 12 | C23: Infraestructura de red | O23: =D23+E23+G23-I23-K23-L23-N23 -> 0 | P23: =F23+H23-J23-M23 -> 0 | AA23: =X23+Y23-Z23 -> 0 | AC23: =AA23-AB23 -> 0 | AG23: =AE23-AF23 -> 0
A24: =A23+1 -> 13 | C24: Activos tangibles de exploración y evaluación | O24: =D24+E24+G24-I24-K24-L24-N24 -> 0 | P24: =F24+H24-J24-M24 -> 0 | AA24: =X24+Y24-Z24 -> 0 | AC24: =AA24-AB24 -> 0 | AG24: =AE24-AF24 -> 0
... A31: =A30+1 -> 20 | C31: Otras propiedades, plantas y equipo | O31: =D31+E31+G31-I31-K31-L31-N31 -> 0 | P31: =F31+H31-J31-M31 -> 0 | AA31: =X31+Y31-Z31 -> 0 | AC31: =AA31-AB31 -> 0 | AG31: =AE31-AF31 -> 0
A32: =A31+1 -> 21 | C32: Total propiedades, planta y equipo | D32: =SUM(D13:D31) -> 0 | E32: =SUM(E13:E31) -> 0 | F32: =SUM(F13:F31) -> 0 | G32: =SUM(G13:G31) -> 0 | H32: =SUM(H13:H31) -> 0 | I32: =SUM(I13:I31) -> 0 | J32: =SUM(J13:J31) -> 0 | K32: =SUM(K13:K31) -> 0 | ... AH32: =SUM(AH13:AH31) -> 0
A33: =A32+1 -> 22 | B33: Propiedades de inversión | O33: =D33+G33-I33-K33-N33 -> 0 | P33: =F33+H33-J33-M33 -> 0 | AA33: =X33+Y33-Z33 -> 0 | AC33: =AA33-AB33 -> 0 | AG33: =AE33-AF33 -> 0
A34: =A33+1 -> 23 | C34: Terrenos | O34: =D34+E34+G34-I34-K34-L34-N34 -> 0 | P34: =F34+H34-J34-M34 -> 0 | AA34: =X34+Y34-Z34 -> 0 | AC34: =AA34-AB34 -> 0 | AG34: =AE34-AF34 -> 0
A35: =A34+1 -> 24 | C35: Edificios | O35: =D35+E35+G35-I35-K35-L35-N35 -> 0 | P35: =F35+H35-J35-M35 -> 0 | AA35: =X35+Y35-Z35 -> 0 | AC35: =AA35-AB35 -> 0 | AG35: =AE35-AF35 -> 0
A36: =A35+1 -> 25 | C36: Total propiedades de inversión | D36: =SUM(D34:D35) -> 0 | E36: =SUM(E34:E35) -> 0 | F36: =SUM(F34:F35) -> 0 | G36: =SUM(G34:G35) -> 0 | H36: =SUM(H34:H35) -> 0 | I36: =SUM(I34:I35) -> 0 | J36: =SUM(J34:J35) -> 0 | K36: =SUM(K34:K35) -> 0 | ... AH36: =SUM(AH34:AH35) -> 0
A37: =A36+1 -> 26 | B37: ANCMV | O37: =D37+E37+G37-I37-K37-L37-N37 -> 0 | P37: =F37+H37-J37-M37 -> 0 | AA37: =X37+Y37-Z37 -> 0 | AC37: =AA37-AB37 -> 0 | AG37: =AE37-AF37 -> 0
A38: =A37+1 -> 27 | B38: Total PPE, PI y ANCMV | D38: =D32+D36+D37 -> 0 | E38: =E32+E36+E37 -> 0 | F38: =F32+F36+F37 -> 0 | G38: =G32+G36+G37 -> 0 | H38: =H32+H36+H37 -> 0 | I38: =I32+I36+I37 -> 0 | J38: =J32+J36+J37 -> 0 | K38: =K32+K36+K37 -> 0 | ... AH38: =AH32+AH36+AH37 -> 0
A39: =A38+1 -> 28 | B39: Activos Intangibles | O39: =D39+G39-I39-K39-N39 -> 0 | P39: =F39+H39-J39-M39 -> 0 | AA39: =X39+Y39-Z39 -> 0 | AC39: =AA39-AB39 -> 0 | AG39: =AE39-AF39 -> 0
A40: =A39+1 -> 29 | C40: Marcas Comerciales | O40: =D40+E40+G40-I40-K40-L40-N40 -> 0 | P40: =F40+H40-J40-M40 -> 0 | AA40: =X40+Y40-Z40 -> 0 | AC40: =AA40-AB40 -> 0 | AG40: =AE40-AF40 -> 0
A41: =A40+1 -> 30 | C41: Activos intangibles de exploración y evaluación | O41: =D41+E41+G41-I41-K41-L41-N41 -> 0 | P41: =F41+H41-J41-M41 -> 0 | AA41: =X41+Y41-Z41 -> 0 | AC41: =AA41-AB41 -> 0 | AG41: =AE41-AF41 -> 0
A42: =A41+1 -> 31 | C42: Cabeceras de periódicos, revistas, títulos de publicaciones | O42: =D42+E42+G42-I42-K42-L42-N42 -> 0 | P42: =F42+H42-J42-M42 -> 0 | AA42: =X42+Y42-Z42 -> 0 | AC42: =AA42-AB42 -> 0 | AG42: =AE42-AF42 -> 0
A43: =A42+1 -> 32 | C43: Programas y aplicaciones informáticos | O43: =D43+E43+G43-I43-K43-L43-N43 -> 0 | P43: =F43+H43-J43-M43 -> 0 | AA43: =X43+Y43-Z43 -> 0 | AC43: =AA43-AB43 -> 0 | AG43: =AE43-AF43 -> 0
A44: =A43+1 -> 33 | C44: Licencias y Franquicias | O44: =D44+E44+G44-I44-K44-L44-N44 -> 0 | P44: =F44+H44-J44-M44 -> 0 | AA44: =X44+Y44-Z44 -> 0 | AC44: =AA44-AB44 -> 0 | AG44: =AE44-AF44 -> 0
A45: =A44+1 -> 34 | C45: Propiedad intelectual, patentes y otra propiedad industrial, servicios y derechos de operación | O45: =D45+E45+G45-I45-K45-L45-N45 -> 0 | P45: =F45+H45-J45-M45 -> 0 | AA45: =X45+Y45-Z45 -> 0 | AC45: =AA45-AB45 -> 0 | AG45: =AE45-AF45 -> 0
A46: =A45+1 -> 35 | C46: Recetas, fórmulas, modelos, diseños y prototipos | O46: =D46+E46+G46-I46-K46-L46-N46 -> 0 | P46: =F46+H46-J46-M46 -> 0 | AA46: =X46+Y46-Z46 -> 0 | AC46: =AA46-AB46 -> 0 | AG46: =AE46-AF46 -> 0
A47: =A46+1 -> 36 | C47: Concesiones | O47: =D47+E47+G47-I47-K47-L47-N47 -> 0 | P47: =F47+H47-J47-M47 -> 0 | AA47: =X47+Y47-Z47 -> 0 | AC47: =AA47-AB47 -> 0 | AG47: =AE47-AF47 -> 0
A48: =A47+1 -> 37 | C48: Desembolsos de desarrollo capitalizados | O48: =D48+E48+G48-I48-K48-L48-N48 -> 0 | P48: =F48+H48-J48-M48 -> 0 | AA48: =X48+Y48-Z48 -> 0 | AC48: =AA48-AB48 -> 0 | AG48: =AE48-AF48 -> 0
A49: =A48+1 -> 38 | C49: Activos intangibles en desarrollo | O49: =D49+E49+G49-I49-K49-L49-N49 -> 0 | P49: =F49+H49-J49-M49 -> 0 | AA49: =X49+Y49-Z49 -> 0 | AC49: =AA49-AB49 -> 0 | AG49: =AE49-AF49 -> 0
A50: =A49+1 -> 39 | C50: Plusvalía | O50: =D50+E50+G50-I50-K50-L50-N50 -> 0 | P50: =F50+H50-J50-M50 -> 0 | AA50: =X50+Y50-Z50 -> 0 | AC50: =AA50-AB50 -> 0 | AG50: =AE50-AF50 -> 0
A51: =A50+1 -> 40 | C51: Mejoras de derechos de arrendamiento | O51: =D51+E51+G51-I51-K51-L51-N51 -> 0 | P51: =F51+H51-J51-M51 -> 0 | AA51: =X51+Y51-Z51 -> 0 | AC51: =AA51-AB51 -> 0 | AG51: =AE51-AF51 -> 0
... A53: =A52+1 -> 42 | C53: Otros activos intangibles | O53: =D53+E53+G53-I53-K53-L53-N53 -> 0 | P53: =F53+H53-J53-M53 -> 0 | AA53: =X53+Y53-Z53 -> 0 | AC53: =AA53-AB53 -> 0 | AG53: =AE53-AF53 -> 0
A54: =A53+1 -> 43 | C54: Total activos intangibles | D54: =SUM(D40:D53) -> 0 | E54: =SUM(E40:E53) -> 0 | F54: =SUM(F40:F53) -> 0 | G54: =SUM(G40:G53) -> 0 | H54: =SUM(H40:H53) -> 0 | I54: =SUM(I40:I53) -> 0 | J54: =SUM(J40:J53) -> 0 | K54: =SUM(K40:K53) -> 0 | ... AH54: =SUM(AH40:AH53) -> 0
A55: =A54+1 -> 44 | B55: TOTAL PPE, PI, ANCMV y INTANGIBLES | D55: =D38+D54 -> 0 | E55: =E38+E54 -> 0 | F55: =F38+F54 -> 0 | G55: =G38+G54 -> 0 | H55: =H38+H54 -> 0 | I55: =I38+I54 -> 0 | J55: =J38+J54 -> 0 | K55: =K38+K54 -> 0 | ... AH55: =AH38+AH54 -> 0

Sheet H7 (Resumen ESF-ERI)
F1: RESUMEN ESF - PATRIMONIO y ERI - RENTA LIQUIDA
A8: NUM | B8: CONCEPTO | G8: VALOR CONTABLE | H8: VALOR FISCAL | I8: VARIACIÓN
A9: 1 | B9: ESTADO DE SITUACION FINANCIERA - PATRIMONIO
A10: =A9+1 -> 2 | C10: Activos
A11: =A10+1 -> 3 | D11: Efectivo y equivalentes al efectivo | G11: =+'H2 (ESF - Patrimonio)'!M11 -> 0 | H11: =+'H2 (ESF - Patrimonio)'!Q11 -> 0 | I11: =+G11-H11 -> 0
A12: =A11+1 -> 4 | D12: Inversiones e instrumentos financieros derivados | G12: =+'H2 (ESF - Patrimonio)'!M17 -> 0 | H12: =+'H2 (ESF - Patrimonio)'!Q17 -> 0 | I12: =+G12-H12 -> 0
A13: =A12+1 -> 5 | D13: Cuentas por cobrar | G13: =+'H2 (ESF - Patrimonio)'!M40 -> 0 | H13: =+'H2 (ESF - Patrimonio)'!Q40 -> 0 | I13: =+G13-H13 -> 0
A14: =A13+1 -> 6 | D14: Inventarios | G14: =+'H2 (ESF - Patrimonio)'!M60 -> 0 | H14: =+'H2 (ESF - Patrimonio)'!Q60 -> 0 | I14: =+G14-H14 -> 0
A15: =A14+1 -> 7 | D15: Gastos pagados por anticipado | G15: =+'H2 (ESF - Patrimonio)'!M72 -> 0 | H15: =+'H2 (ESF - Patrimonio)'!Q72 -> 0 | I15: =+G15-H15 -> 0
A16: =A15+1 -> 8 | D16: Activos por impuestos corrientes | G16: =+'H2 (ESF - Patrimonio)'!M77 -> 0 | H16: =+'H2 (ESF - Patrimonio)'!Q77 -> 0 | I16: =+G16-H16 -> 0
A17: =A16+1 -> 9 | D17: Activos por impuestos diferidos | G17: =+'H2 (ESF - Patrimonio)'!M82 -> 0 | H17: =+'H2 (ESF - Patrimonio)'!Q82 -> 0 | I17: =+G17-H17 -> 0
A18: =A17+1 -> 10 | D18: Propiedades, planta y equipo | G18: =+'H2 (ESF - Patrimonio)'!M83 -> 0 | H18: =+'H2 (ESF - Patrimonio)'!Q83 -> 0 | I18: =+G18-H18 -> 0
A19: =A18+1 -> 11 | D19: Activos intangibles | G19: =+'H2 (ESF - Patrimonio)'!M93 -> 0 | H19: =+'H2 (ESF - Patrimonio)'!Q93 -> 0 | I19: =+G19-H19 -> 0
A20: =A19+1 -> 12 | D20: Propiedades de inversión | G20: =+'H2 (ESF - Patrimonio)'!M110 -> 0 | H20: =+'H2 (ESF - Patrimonio)'!Q110 -> 0 | I20: =+G20-H20 -> 0
A21: =A20+1 -> 13 | D21: Activos no corrientes mantenidos para la venta | G21: =+'H2 (ESF - Patrimonio)'!M115 -> 0 | H21: =+'H2 (ESF - Patrimonio)'!Q115 -> 0 | I21: =+G21-H21 -> 0
A22: =A21+1 -> 14 | D22: Activos biológicos | G22: =+'H2 (ESF - Patrimonio)'!M118 -> 0 | H22: =+'H2 (ESF - Patrimonio)'!Q118 -> 0 | I22: =+G22-H22 -> 0
A23: =A22+1 -> 15 | D23: Otros activos | G23: =+'H2 (ESF - Patrimonio)'!M135 -> 0 | H23: =+'H2 (ESF - Patrimonio)'!Q135 -> 0 | I23: =+G23-H23 -> 0
A24: =A23+1 -> 16 | D24: Total activos | G24: =SUM(G11:G23) -> 0 | H24: =SUM(H11:H23) -> 0 | I24: =+G24-H24 -> 0
A25: =A24+1 -> 17 | C25: Pasivos
A26: =A25+1 -> 18 | D26: Obligaciones financieras y cuentas por pagar | G26: =+'H2 (ESF - Patrimonio)'!M141 -> 0 | H26: =+'H2 (ESF - Patrimonio)'!Q141 -> 0 | I26: =+G26-H26 -> 0
A27: =A26+1 -> 19 | D27: Arrendamientos por pagar | G27: =+'H2 (ESF - Patrimonio)'!M152 -> 0 | H27: =+'H2 (ESF - Patrimonio)'!Q152 -> 0 | I27: =+G27-H27 -> 0
A28: =A27+1 -> 20 | D28: Otros pasivos financieros | G28: =+'H2 (ESF - Patrimonio)'!M156 -> 0 | H28: =+'H2 (ESF - Patrimonio)'!Q156 -> 0 | I28: =+G28-H28 -> 0
A29: =A28+1 -> 21 | D29: Impuestos, gravámenes y tasas por pagar | G29: =+'H2 (ESF - Patrimonio)'!M160 -> 0 | H29: =+'H2 (ESF - Patrimonio)'!Q160 -> 0 | I29: =+G29-H29 -> 0
A30: =A29+1 -> 22 | D30: Pasivos por impuestos diferidos | G30: =+'H2 (ESF - Patrimonio)'!M164 -> 0 | H30: =+'H2 (ESF - Patrimonio)'!Q164 -> 0 | I30: =+G30-H30 -> 0
A31: =A30+1 -> 23 | D31: Pasivos por beneficios a los empleados | G31: =+'H2 (ESF - Patrimonio)'!M165 -> 0 | H31: =+'H2 (ESF - Patrimonio)'!Q165 -> 0 | I31: =+G31-H31 -> 0
A32: =A31+1 -> 24 | D32: Provisiones | G32: =+'H2 (ESF - Patrimonio)'!M170 -> 0 | H32: =+'H2 (ESF - Patrimonio)'!Q170 -> 0 | I32: =+G32-H32 -> 0
A33: =A32+1 -> 25 | D33: Pasivos por ingresos diferidos | G33: =+'H2 (ESF - Patrimonio)'!M180 -> 0 | H33: =+'H2 (ESF - Patrimonio)'!Q180 -> 0 | I33: =+G33-H33 -> 0
A34: =A33+1 -> 26 | D34: Otros pasivos | G34: =+'H2 (ESF - Patrimonio)'!M185 -> 0 | H34: =+'H2 (ESF - Patrimonio)'!Q185 -> 0 | I34: =+G34-H34 -> 0
A35: =A34+1 -> 27 | D35: Total pasivos | G35: =SUM(G26:G34) -> 0 | H35: =SUM(H26:H34) -> 0 | I35: =+G35-H35 -> 0
A36: =A35+1 -> 28 | C36: Patrimonio
A37: =A36+1 -> 29 | D37: Capital Personas Naturales | G37: =+'H2 (ESF - Patrimonio)'!M196 -> 0
A38: =A37+1 -> 30 | D38: Resultados del ejercicio | G38: =+'H2 (ESF - Patrimonio)'!M200 -> 0
A39: =A38+1 -> 31 | D39: Resultados acumulados | G39: =+'H2 (ESF - Patrimonio)'!M205 -> 0
A40: =A39+1 -> 32 | D40: Ganancias (pérdidas) acumuladas o retenidas por la adopción por primera | G40: =+'H2 (ESF - Patrimonio)'!M212 -> 0
A41: =A40+1 -> 33 | D41: Otro resultado integral acumulado | G41: =+'H2 (ESF - Patrimonio)'!M215 -> 0
A42: =A41+1 -> 34 | D42: Total patrimonio | G42: =SUM(G37:G41) -> 0
A43: =A42+1 -> 35 | B43: ESTADO DE RESULTADO INTEGRAL - IMPUESTO DE RENTA
A44: =A43+1 -> 36 | C44: Ingresos
A45: =A44+1 -> 37 | D45: Rentas de trabajo | G45: =+'H3 (ERI - Renta Liquida)'!N10 -> 0 | H45: =+'H3 (ERI - Renta Liquida)'!R10 -> 0 | I45: =+G45-H45 -> 0
A46: =A45+1 -> 38 | D46: Rentas de pensiones | G46: =+'H3 (ERI - Renta Liquida)'!N20 -> 0 | H46: =+'H3 (ERI - Renta Liquida)'!R20 -> 0 | I46: =+G46-H46 -> 0
A47: =A46+1 -> 39 | D47: Rentas de capital | G47: =+'H3 (ERI - Renta Liquida)'!N25 -> 0 | H47: =+'H3 (ERI - Renta Liquida)'!R25 -> 0 | I47: =+G47-H47 -> 0
A48: =A47+1 -> 40 | D48: Rentas no laborales | G48: =G49-G50+G51+G52+G53+G54+G55+G56+G57+G58+G59+G60+G61 -> 0 | H48: =H49-H50+H51+H52+H53+H54+H56+H57+H58+H59+H60+H61 -> 0 | I48: =+G48-H48 -> 0
A49: =A48+1 -> 41 | E49: Ingresos brutos Actividad Industrial, comercial y servicios | G49: =+'H3 (ERI - Renta Liquida)'!N39 -> 0 | H49: =+'H3 (ERI - Renta Liquida)'!R39 -> 0 | I49: =+G49-H49 -> 0
A50: =A49+1 -> 42 | E50: Devoluciones, rebajas y descuentos | G50: ='H3 (ERI - Renta Liquida)'!N55 -> 0 | H50: ='H3 (ERI - Renta Liquida)'!R55 -> 0 | I50: =+G50-H50 -> 0
A51: =A50+1 -> 43 | E51: Honorarios distintos a las rentas de trabajo | G51: =+'H3 (ERI - Renta Liquida)'!N59 -> 0 | H51: =+'H3 (ERI - Renta Liquida)'!R59 -> 0 | I51: =+G51-H51 -> 0
A52: =A51+1 -> 44 | E52: Ingresos financieros | G52: =+'H3 (ERI - Renta Liquida)'!N62 -> 0 | H52: =+'H3 (ERI - Renta Liquida)'!R62 -> 0 | I52: =+G52-H52 -> 0
A53: =A52+1 -> 45 | E53: Ingresos por mediciones a valor razonable | G53: =+'H3 (ERI - Renta Liquida)'!N65 -> 0 | H53: =+'H3 (ERI - Renta Liquida)'!R65 -> 0 | I53: =+G53-H53 -> 0
A54: =A53+1 -> 46 | E54: Utilidad en la venta o enajenación de activos, bienes poseídos por menos de dos años | G54: =+'H3 (ERI - Renta Liquida)'!N71 -> 0 | H54: =+'H3 (ERI - Renta Liquida)'!R71 -> 0 | I54: =+G54-H54 -> 0
A55: =A54+1 -> 47 | E55: Utilidad por venta o enajenación de activos, bienes poseídos por dos años o más (ganancia ocasional) | G55: =+'H3 (ERI - Renta Liquida)'!N81 -> 0 | H55: =+'H3 (ERI - Renta Liquida)'!R81 -> 0 | I55: =+G55-H55 -> 0
A56: =A55+1 -> 48 | E56: Ingresos por reversión de deterioro del valor | G56: =+'H3 (ERI - Renta Liquida)'!N91 -> 0 | H56: =+'H3 (ERI - Renta Liquida)'!R91 -> 0 | I56: =+G56-H56 -> 0
A57: =A56+1 -> 49 | E57: Ingresos por reversión de provisiones (pasivos de monto o fecha inciertos) | G57: =+'H3 (ERI - Renta Liquida)'!N104 -> 0 | H57: =+'H3 (ERI - Renta Liquida)'!R104 -> 0 | I57: =+G57-H57 -> 0
A58: =A57+1 -> 50 | E58: Ingresos por reversión de pasivos por beneficios a los empleados | G58: =+'H3 (ERI - Renta Liquida)'!N111 -> 0 | H58: =+'H3 (ERI - Renta Liquida)'!R111 -> 0 | I58: =+G58-H58 -> 0
A59: =A58+1 -> 51 | E59: Otros ingresos | G59: =+'H3 (ERI - Renta Liquida)'!N116 -> 0 | H59: =+'H3 (ERI - Renta Liquida)'!R116 -> 0 | I59: =+G59-H59 -> 0
A60: =A59+1 -> 52 | E60: Ganancias netas en operaciones discontinuadas | G60: =+'H3 (ERI - Renta Liquida)'!N127 -> 0 | H60: =+'H3 (ERI - Renta Liquida)'!R127 -> 0 | I60: =+G60-H60 -> 0
A61: =A60+1 -> 53 | E61: Ajustes fiscales | G61: =+'H3 (ERI - Renta Liquida)'!N128 -> 0 | H61: =+'H3 (ERI - Renta Liquida)'!R128 -> 0 | I61: =+G61-H61 -> 0
A62: =A61+1 -> 54 | D62: Ganancias por inversiones en sociedades, asociadas y/o negocios conjuntos (renta cedular Dividendos y participaciones) | G62: =+'H3 (ERI - Renta Liquida)'!N131 -> 0 | H62: =+'H3 (ERI - Renta Liquida)'!R131 -> 0 | I62: =+G62-H62 -> 0
A63: =A62+1 -> 55 | D63: Ingresos no constitutivos de renta ni ganancia ocasional | G63: ='H3 (ERI - Renta Liquida)'!N140 -> 0 | H63: ='H3 (ERI - Renta Liquida)'!R140 -> 0 | I63: =+G63-H63 -> 0
A64: =A63+1 -> 56 | D64: Total ingresos | G64: =G45+G46+G47+G48+G62-G63 -> 0 | H64: =H45+H46+H47+H48+H62-H63 -> 0 | I64: =+G64-H64 -> 0
A65: =A64+1 -> 57 | C65: Costos
A66: =A65+1 -> 58 | D66: Materias primas, reventa de bienes terminados, y servicios | G66: =+'H3 (ERI - Renta Liquida)'!N143 -> 0 | H66: =+'H3 (ERI - Renta Liquida)'!R143 -> 0 | I66: =+G66-H66 -> 0
A67: =A66+1 -> 59 | D67: Mano de obra | G67: =+'H3 (ERI - Renta Liquida)'!N160 -> 0 | H67: =+'H3 (ERI - Renta Liquida)'!R160 -> 0 | I67: =+G67-H67 -> 0
A68: =A67+1 -> 60 | D68: Depreciaciones, amortizaciones y deterioros | G68: =+'H3 (ERI - Renta Liquida)'!N165 -> 0 | H68: =+'H3 (ERI - Renta Liquida)'!R165 -> 0 | I68: =+G68-H68 -> 0
A69: =A68+1 -> 61 | D69: Otros costos | G69: =+'H3 (ERI - Renta Liquida)'!N190 -> 0 | H69: =+'H3 (ERI - Renta Liquida)'!R190 -> 0 | I69: =+G69-H69 -> 0
A70: =A69+1 -> 62 | D70: Menor costo - ajuste Precios de Transferencia | G70: ='H3 (ERI - Renta Liquida)'!N203 -> 0 | H70: ='H3 (ERI - Renta Liquida)'!R203 -> 0 | I70: =+G70-H70 -> 0
A71: =A70+1 -> 63 | D71: Total costos | G71: =SUM(G66:G69)-G70 -> 0 | H71: =SUM(H66:H69)-H70 -> 0 | I71: =+G71-H71 -> 0
A72: =A71+1 -> 64 | C72: Gastos
A73: =A72+1 -> 65 | D73: Gastos comunes a varias cédulas | G73: =+'H3 (ERI - Renta Liquida)'!N206 -> 0 | H73: =+'H3 (ERI - Renta Liquida)'!R206 -> 0 | I73: =+G73-H73 -> 0
A74: =A73+1 -> 66 | D74: De Administración
A75: =A74+1 -> 67 | E75: Mano de obra | G75: =+'H3 (ERI - Renta Liquida)'!N213 -> 0 | H75: =+'H3 (ERI - Renta Liquida)'!R213 -> 0 | I75: =+G75-H75 -> 0
A76: =A75+1 -> 68 | E76: Otros gastos de administración | G76: =+'H3 (ERI - Renta Liquida)'!N218 -> 0 | H76: =+'H3 (ERI - Renta Liquida)'!R218 -> 0 | I76: =+G76-H76 -> 0
A77: =A76+1 -> 69 | E77: Depreciaciones, amortizaciones y deterioros | G77: =+'H3 (ERI - Renta Liquida)'!N239 -> 0 | H77: =+'H3 (ERI - Renta Liquida)'!R239 -> 0 | I77: =+G77-H77 -> 0
A78: =A77+1 -> 70 | E78: Total gastos de administración | G78: =SUM(G75:G77) -> 0 | H78: =SUM(H75:H77) -> 0 | I78: =SUM(I75:I77) -> 0
A79: =A78+1 -> 71 | D79: De Distribución y ventas
A80: =A79+1 -> 72 | E80: Mano de obra | G80: =+'H3 (ERI - Renta Liquida)'!N265 -> 0 | H80: =+'H3 (ERI - Renta Liquida)'!R265 -> 0 | I80: =+G80-H80 -> 0
A81: =A80+1 -> 73 | E81: Otros gastos de distribución y ventas | G81: =+'H3 (ERI - Renta Liquida)'!N270 -> 0 | H81: =+'H3 (ERI - Renta Liquida)'!R270 -> 0 | I81: =+G81-H81 -> 0
A82: =A81+1 -> 74 | E82: Depreciaciones, amortizaciones y deterioros | G82: =+'H3 (ERI - Renta Liquida)'!N291 -> 0 | H82: =+'H3 (ERI - Renta Liquida)'!R291 -> 0 | I82: =+G82-H82 -> 0
A83: =A82+1 -> 75 | E83: Total gastos de distribución y ventas | G83: =SUM(G80:G82) -> 0 | H83: =SUM(H80:H82) -> 0 | I83: =+G83-H83 -> 0
A84: =A83+1 -> 76 | D84: Gastos Financieros | G84: =+'H3 (ERI - Renta Liquida)'!N316 -> 0 | H84: =+'H3 (ERI - Renta Liquida)'!R316 -> 0 | I84: =+G84-H84 -> 0
A85: =A84+1 -> 77 | D85: Pérdidas por inversiones en subsidiarias, asociadas y/o negocios conjuntos | G85: =+'H3 (ERI - Renta Liquida)'!N326 -> 0 | H85: =+'H3 (ERI - Renta Liquida)'!R326 -> 0 | I85: =+G85-H85 -> 0
A86: =A85+1 -> 78 | D86: Pérdidas por mediciones a valor razonable | G86: =+'H3 (ERI - Renta Liquida)'!N329 -> 0 | H86: =+'H3 (ERI - Renta Liquida)'!R329 -> 0 | I86: =+G86-H86 -> 0
A87: =A86+1 -> 79 | D87: Pérdida en la venta o enajenación de activos fijos | G87: =+'H3 (ERI - Renta Liquida)'!N335 -> 0 | H87: =+'H3 (ERI - Renta Liquida)'!R335 -> 0 | I87: =+G87-H87 -> 0
A88: =A87+1 -> 80 | D88: Gastos por provisiones (pasivos de monto o fecha inciertos) | G88: =+'H3 (ERI - Renta Liquida)'!N345 -> 0 | H88: =+'H3 (ERI - Renta Liquida)'!R345 -> 0 | I88: =+G88-H88 -> 0
A89: =A88+1 -> 81 | D89: Otros gastos | G89: =+'H3 (ERI - Renta Liquida)'!N353 -> 0 | H89: =+'H3 (ERI - Renta Liquida)'!R353 -> 0 | I89: =+G89-H89 -> 0
A90: =A89+1 -> 82 | D90: Pérdidas netas en operaciones discontinuadas | G90: =+'H3 (ERI - Renta Liquida)'!N358 -> 0 | H90: =+'H3 (ERI - Renta Liquida)'!R358 -> 0 | I90: =+G90-H90 -> 0
A91: =A90+1 -> 83 | D91: Menor gasto o deducción - Ajuste Precios de Transferencia | G91: =+'H3 (ERI - Renta Liquida)'!N359 -> 0 | H91: =+'H3 (ERI - Renta Liquida)'!R359 -> 0 | I91: =+G91-H91 -> 0
A92: =A91+1 -> 84 | D92: Total gastos | G92: =G73+G78+G83+G84+G85+G86+G87+G88+G89+G90-G91 -> 0 | H92: =H73+H78+H83+H84+H85+H86+H87+H88+H89+H90-H91 -> 0 | I92: =I73+I78+I83+I84+I85+I86+I87+I88+I89+I91 -> 0
A93: =A92+1 -> 85 | C93: RESULTADO DEL EJERCICIO | G93: =G64-G71-G92 -> 0 | H93: =H64-H71-H92 -> 0 | I93: =I64-I71-I92 -> 0

Sheet ejemplos
A1: el ejemplo se trata de un activo biologico el cual va cambiando de valor contable por la medicion a valor razonable así como de costo fiscal, por efectos de la capitalización de los costos y gastos
A3: 1. pasivo por impuesto diferido
A5: Código de la cuenta contable | B5: Nombre de la cuenta contable | C5: Valor en Libros | D5: Base Fiscal | E5: Diferencia Temporaria | F5: Tasa fiscal aplicada | G5: Pasivo por impuesto diferido a 31/12/20XX | H5: Pasivo por impuesto diferido a 31/12/20XX-1 | I5: Variación | J5: Año de origen de la diferencia temporaria | K5: Año que se prevé reversar toda la diferencia temporaria
A7: año 2016
A8: 115B | B8: activos biologicas - plantas vivas | C8: 100 | D8: 20 | E8: 80 | F8: 0.25 | G8: 20 | H8: 0 | I8: 20 | J8: 2016 | K8: 2019
A10: 9C | B10: Otras diferencias temporarias | D10: (+/-) Generaciones | E10: (+/-) Reversiones
B11: Mediciones de activos biologicos al valor razonable menos costos de venta | C11: Cambios en el valor razonable menos costos de venta del activo biológico | D11: 20
A13: año 2017
A14: 115B | B14: activos biologicas - plantas vivas | C14: 250 | D14: 100 | E14: 150 | F14: 0.25 | G14: 37.5 | H14: 20 | I14: 17.5 | J14: 2017 | K14: 2019
A16: 9C | B16: Otras diferencias temporarias | D16: (+/-) Generaciones | E16: (+/-) Reversiones
B17: Mediciones de activos biologicos al valor razonable menos costos de venta | C17: Cambios en el valor razonable menos costos de venta del activo biológico | D17: 17.5
A19: año 2018
A20: 115B | B20: activos biologicas - plantas vivas | C20: 220 | D20: 150 | E20: 70 | F20: 0.25 | G20: =E20*F20 -> 17.5 | H20: 37.5 | I20: -20
A22: 9C | B22: Otras diferencias temporarias | D22: (+/-) Generaciones | E22: (+/-) Reversiones
B23: Mediciones de activos biologicos al valor razonable menos costos de venta | C23: Cambios en el valor razonable menos costos de venta del activo biológico | E23: 20
A25: año 2019 venta
A26: 115B | B26: activos biologicas - plantas vivas | C26: 0 | D26: 0 | E26: 0 | F26: 0.25 | G26: 0 | H26: 17.5 | I26: -17.5 | J26: 2016 | K26: 2019
A29: 9C | B29: Otras diferencias temporarias | D29: (+/-) Generaciones | E29: (+/-) Reversiones
B30: Mediciones de activos biologicos al valor razonable menos costos de venta | C30: Cambios en el valor razonable menos costos de venta del activo biológico | E30: 17.5
